Workbook

Sheet титул
A1: РЕЕСТР организаций отдыха детей и их оздоровления, расположенных на территории Свердловской области по состоянию на 14.09.26 Министерство образования Свердловской области

Sheet ЗОЛ
A1: Организации отдыха детей и их оздоровления сезонного или круглогодичного действия (загородные лагеря отдыха и оздоровления детей, детские оздоровительные центры, базы и комплексы, детские оздоровительно-образовательные центры)
A2: Номер строки | B2: Полное и сокращенное наименование организации отдыха детей и их оздоровления | C2: Организационно-правовая форма организации отдыха детей и их оздоровления | D2: ФИО руководителя организации отдыха детей и их оздоровления | E2: ИНН | F2: Адрес (место нахождения) организации отдыха детей и их оздоровления, контактный телефон, адрес электронной почты | G2: Официальный сайт организации отдыха детей и их оздоровления в информационно-телекоммуникационной сети "Интернет", ссылка | H2: Тип организации отдыха детей и их оздоровления | I2: Предоставляемые организацией отдыха детей и их оздоровления услуги в сфере отдыха и оздоровления детей | O2: Дата ввода в эксплуатацию объектов (зданий, строений, сооружений), используемых организацией отдыха детей и их оздоровления и дата проведения капитального ремонта (для организаций стационарного типа) | P2: Информация о наличии санитарно-эпидемиологического заключения, включая дату и номер заключения | Q2: Информация о результатах проведения органами, осуществляющими государственный контроль (надзор), плановых и внеплановых проверок, профилактических визитов в текущем году (при наличии) и в предыдущем году | R2: Информация о наличии лицензии на осуществление медицинской деятельности | S2: Информация о наличии лицензии на осуществление образовательной деятельности | T2: Обеспечение в организации отдыха детей и их оздоровления доступности услуг для детей инвалидов и детей с ограниченными возможностями здоровья | U2: Сведения о наличии программы воспитательной работы и календарного плана воспитательной работы, ссылка
I3: Режим работы организации отдыха детей и их оздоровления | J3: Даты проведения смен | K3: Средняя стоимость 1 дня пребывания в организации отдыха детей и их оздоровления | L3: Возрастная категория детей, принимаемых в организацию отдыха детей и их оздоровления | M3: Информация о проживании и питании детей в организации отдыха детей и их оздоровления | N3: Наличие оборудованного места для купания
A4: 1 | B4: 2 | C4: 3 | D4: 4 | E4: 5 | F4: 6 | G4: 7 | H4: 8 | I4: 9 | J4: 10 | K4: 11 | L4: 12 | M4: 13 | N4: 14 | O4: 15 | P4: 16 | Q4: 17 | R4: 18 | S4: 19 | T4: 20 | U4: 21
A5: 1 | B5: Оздоровительный лагерь «Прометей» Управления по эксплуатации зданий и сооружений филиала Общества с ограниченной ответственностью «Газпром трансгаз Екатеринбург», Оздоровительный лагерь «Прометей» | C5: Структурное подразделение | D5: Диденко Дмитрий Генрихович | E5: 6608007434 | F5: 624021, Свердловская обл., Сысертский р-н, п. Верхняя Сысерть, территория базы отдыха "Прометей"; тел.: 8(343)287-22-69, 287-20-18; email: M.Gajdt@ekaterinburg-tr.gazprom.ru | G5: https://ekaterinburg-tr.gazprom.ru | H5: Загородная организация отдыха детей и их оздоровления | I5: Сезонный | J5: 01.06.2026-21.06.2026, 24.06.2026-07.07.2026, 10.07.2026-23.07.2026, 26.07.2026-08.08.2026, 11.08.2026-24.08.2026 | K5: 3240 | L5: 7 - 17 лет | M5: Количество смен в год: 5. Мощность: 270. Проживание: в трехместных, четырехместных, шестиместных номерах, с душем и туалетом в каждом номере. Питание: шестиразовое | N5: Имеется. | O5: Дата ввода: 1985 год (столовая), 2011 год (столовая), 1985 год (Административно - приемный корпус), 1991 год (Корпус кружковых помещений), с 1985 по 2011 год (Спальные корпуса). Дата капитального ремонта: с 2004 по 2006 год (Столовые), 2015 год (Административно - приемный корпус), 2024 год (Корпус кружковых помещений), с 2019 по 2024 год (Спальные корпуса). | P5: №66.01.37.000.М.001497.05.26 от 28.05.2026 | Q5: В 2025 г.: Предписание ОНДи ПР Сысертского ГО, Арамильского ГО УНД и ПР ГУ МЧС России по Свердловской области от 27.05.2025 №2505/027-66/43-В/ПВП, срок выполнения - 12.04.2027 | R5: №ЛО-66-01-005609 от 28.09.2018 | S5: Отсутствует | T5: Объект недоступен для детей с ОВЗ и детей-инвалидов. Паспорт доступности № 1-11 от 07.04.2026 | U5: Ссылка на программу воспитательной работы: https://clck.ru/3UYNWG
A6: 2 | B6: Муниципальное автономное учреждение детский оздоровительный лагерь «Волна», МАУ ДОЛ «Волна» (Детский оздоровительный лагерь «Волна») | C6: Муниципальное автономное учреждение | D6: Пащенко Александр Вадимович | E6: 6621010387 | F6: 624175, Свердловская обл., Невьянский р-н, п. Таватуй, территория ДОЛ "Волна"; тел.: 8(952)144-38-97; email: a89521443897@yandex.ru | G6: https://долволна.екатеринбург.рф/ | H6: Загородная организация отдыха детей и их оздоровления | I6: Сезонный | J6: 30.05.2026-12.06.2026, 14.06.2026-27.06.2026, 29.06.2026-12.07.2026, 14.07.2026-03.08.2026, 05.08.2026-18.08.2026, 20.08.2026-29.08.2026 | K6: 2000,00 (10дн.); 2142,85(17 дн.); 1952,38(21 дн.) | L6: 6,5 - 18 лет | M6: Количество смен в год: 6. Мощность: 200. Проживание: размещение детей осуществляется в трех полностью благоустроенных двухэтажных спальных корпусах по 3 и по 10 человек в комнате. Питание: шестиразовое | N6: Отсутствует. | O6: Дата ввода: 1973 год (административный корпус, спальные корпуса 1, 2, 3, столовая, здание охраны пожарного имущества, овощной склад, хоз. склад, прачечная с душевыми, изолятор), 1975 год (клуб с котельной, будка охранника, игровой павильон, павильон для кружковой работы, насосная у хлораторной, дизельная), 1995 год (гараж, насосная фекальных вод, проходная на хоз. дворе, основной склад с мастерской-гаражом), 1998 год (баня), 2002 год (игровой павильон) 2012 год (общежитие, здание сторожа, здания для временного проживания 1, 2, 3). | P6: №66.01.37.000.М.001379.05.26 от 27.05.2026 | Q6: В 2022 г.: ГУ МЧС России по Свердловской области. Решение № 66-13-2022/0111рс от 05.09.2022. Предписание об устранении нарушений обязательных требований пожарной безопасности № 111/1 от 20.09.2022. Замечания устраняются. Федеральная служба по надзору в сфере защиты прав потребителей и благополучия человека по Свердловской области. Предложение от 10.08.2022 №66-08-12/11-74389-2022. Замечания устранены. | R6: Отсутствует. Договор на оказание медицинского обслуживания в процессе заключения | S6: Отсутствует | T6: Объект частично доступен для детей с ОВЗ и детей-инвалидов по следующим нозологиям: с логопедическими нарушениями (общее недоразвитие речи,фонетико-фонематическое недоразвитие речи, заикание); с нарушениями слуха (слабослышащие дети); с нарушениями зрения (слабовидящие дети); соматически ослабленные (часто болеющие дети). Паспорт доступности №12/04 от 05.04.2022 | U6: Программа утверждена Приказом №7 от 21.04.2025 г. Ссылка на программу: https://vk.com/topic-41204198_53671842
A7: 3 | B7: Муниципальное автономное учреждение Детский оздоровительный лагерь «Мечта», МАУ ДОЛ «Мечта» (Детский оздоровительный лагерь «Мечта») | C7: Муниципальное автономное учреждение | D7: Крутиков Дмитрий Борисович | E7: 6627012704 | F7: 620000, Свердловская обл., г. Ревда, территория ДОЛ "Мечта"; тел.: 8(343)213-81-17; email: krtik@yandex.ru | G7: https://долмечта.екатеринбург.рф | H7: Загородная организация отдыха детей и их оздоровления | I7: Сезонный | J7: 28.05.2026-10.06.2026, 12.06.2026-02.07.2026, 04.07.2026-17.07.2026, 19.07.2026-01.08.2026, 03.08.2026-16.08.2026, 18.08.2026-31.08.2026 | K7: 1857.14 | L7: 6,5 - 18 лет | M7: Количество смен в год: 1. Мощность: 200. Проживание: 5 одноэтажных капитальных спальных корпусов, медицинский корпус, клуб, душевые-прачечная, столовая со складскими помещениями, административный корпус, туалеты и умывальные павильоны находятся в непосредственной близости от спальных корпусов. Размещение детей от 2-х до 10 человек. Питание: шестиразовое в собственной столовой | N7: Отсутствует. | O7: Дата ввода: 1968 год (Спальный корпус № 1–№ 5, столовая, складские помещения, душевая/прачечная, медицинский корпус, клуб, административный корпус, общежитие для сотрудников, котельная, артезианские скважины, стадион, игровые площадки). | P7: №66.01.37.000.М.001229.05.26 от 22.05.2026 | Q7: В 2023 г.: ГУ МЧС РФ по СО: 2023 год - предписание № 2304/040-6628-В/ПВ/3 от 11.04.2023 - исполнено. ТО Управления Роспотребнадзора по СО: предписание № 228/2023- 121 от 10.07.2023 - исполнено | R7: №ЛО-66-01-004737 от 19.06.2017 | S7: Отсутствует | T7: Объект частично доступен для детей с ОВЗ и детей-инвалидов по следующим нозологиям: для слабовидящих (все зоны и помещения доступны с сопровождением сотрудника (тьютора), кроме детей с полной слепотой); для слабослышащих (все зоны и помещения доступны с сопровождением сотрудника (тьютора)); для людей с интеллектуальными нарушениями (полная доступность всех зон при условии, что ПМПК подтвердила отсутствие необходимости в специальных условиях пребывания). Паспорт доступности № 1-5 от 01.08.2024 г. | U7: Ссылка на программу: https://долмечта.екатеринбург.рф
A8: 4 | B8: Муниципальное автономное учреждение детский оздоровительный лагерь «Буревестник», МАУ ДОЛ «Буревестник» (Детский оздоровительный лагерь «Буревестник») | C8: Муниципальное автономное учреждение | D8: Васильева Елена Анатольевна | E8: 6670434188 | F8: 624022, Свердловская обл., Сысертский р-н, 1,5 км. автомобильной дороги "Сысерть- Полевской"; тел. 8(343)74-6-27-17; email: dol.burevestnik@mail.ru | G8: http://долбуревестник.екатеринбург.рф | H8: Загородная организация отдыха детей и их оздоровления | I8: Сезонный | J8: 28.05.2026-10.06.2026, 12.06.2026-25.06.2026, 27.06.2026-10.07.2026, 12.07.2026-01.08.2026, 03.08.2026-16.08.2026, 18.08.2026-31.08.2026, 24.10.2026-30.10.2026 | K8: 2071.43 | L8: 6,5 - 17 лет | M8: Количество смен в год: 7. Мощность: 270. Проживание: в 4 спальных 2хэтажных корпусах в комнатах по 4 - 5 человек, удобства на этаже. Библиотека, медпункт. Питание: шестиразовое, столовая 350 мест. | N8: Отсутствует. | O8: Дата ввода: 1951 г., 1986 г. 1979 г. (Столовая), 1965 г. (Санитарно-хозяйственный блок (прачечная, душевые)), 1994 г. (Общежитие для сотрудников, двухэтажное здание), 1997 г. (Спальный корпус № 1, 2, 3, 4), 1999 г. (Центр досуга, Медпункт). Дата капитального ремонта: 2009 г. , 2010 г. (Спальный корпус № 2 (2 этаж), Спальный корпус № 4 (1-2 этажа), Медпункт), 2013 г. (Общежитие для сотрудников, двухэтажное здание), 2014 г. (Санитарно-хозяйственный блок (прачечная, душевые)), 2016 г. (Спальный корпус № 2, 1 этаж), 2025 г. (Спальный корпус № 1 (1-2 этажи), Спальный корпус № 3 (1-2 этажа)), 2026 г. (Столовая) | P8: №66.01.37.000.М.001228.05.26 от 22.05.2026 | Q8: В 2026 г.: Акт обследования (технического осмотра) состояния антитеррористической защищённости, и инженерно - технической укреплённости объекта. Сысертский ОВО -филиал ФГКУ "УВО ВНГ России по Свердловской области" 09.04.2026 г. Нарушения: не выявлены. Выездная проверка Управления Роспотребнадзора по СО: от 01.04.2026 г. №66260041000119060354 с 06.05.2026 г. по 20.05.2026 г. проведена. Нарушения устранены во время проведения проверки. Отдел надзорной деятельсности и профилактической работы Сысертского ГО, Арамильского ГО УНД и ПР Главного управления МЧС России по Свердловской области профилактический визит 18.05.2026 г. № 66260061000221659693 Нарушения не выявлены. | R8: №ЛО-66-01-004736 от 19.06.2017 | S8: Отсутствует | T8: Объект частично доступен для детей с ОВЗ и детей-инвалидов по следующим нозологиям: слабослышащие, слабовидящие. Паспорт доступности от 19.08.2024. Срок действия до 01.12.2030 г. | U8: Утверждена Приказом директора МАУ ДОЛ "Буревестник" Васильевой Е.А. № 22/26 от 24.04.2026 г. Ссылка: https://clck.ru/3TSHyg
A9: 5 | B9: Муниципальное автономное нетиповое образовательное учреждение «Городской дворец творчества» филиал- детский оздоровительный лагерь «Чайка», МАНОУ «ГДТ» филиал - ДОЛ «Чайка» (Детский оздоровительный лагерь «Чайка») | C9: Муниципальное автономное учреждение | D9: Коваленко Юлия Яковлевна | E9: 6670364607 | F9: 624020, Свердловская обл., Сысертский р-н, территория оздоровительного лагеря "Чайка"; тел.: 8(905)808-04-26; email: mbudol.chayka@mail.ru | G9: https://dol-chayka.nasmene.ru/ | H9: Загородная организация отдыха детей и их оздоровления | I9: Сезонный | J9: 29.05.2026-04.06.2026, 07.06.2026-27.06.2026, 30.06.2026-13.07.2026, 16.07.2026-29.07.2026, 01.08.2026-14.08.2026, 17.08.2026-30.08.2026 | K9: 1904.76 | L9: 6,5 - 18 лет | M9: Количество смен в год: 6. Мощность: 140. Проживание: в кирпичных одноэтажных корпусах, имеющих автономное отопление, комнаты для просушивания одежды и обуви детей, кулеры с питьевой водой и одноразовой посудой (из расчёта 1 на отряд); корпуса имеют стеклопакеты с москитными сетками, входные группы. Имеются оборудованные площадки для волейбола, баскетбола,бадминтона, настольного тенниса, беговая дорожка, футбольное поле с искусственным покрытием, кинозал на 150 посадочных мест, библиотека, игровые комнаты, помещения для работы кружков. Питание: шестиразовое питание в соответствии с утверждённым меню и выполнением физиологических норм; столовая имеет 150 посадочных мест; питание организовано в одну смену. | N9: Отсутствует. | O9: Дата ввода: 1964 год (здание насосной (литер Ц), здание павильона "Чебурашка" (литер Ж)), 1969 год (здание уборной (литер Х), здание изолятора (литер А)), 1971 год (здание библиотеки (литер П), здание клуба (литер Р), здание сушилки (литер Я), здание радиоузла (литер Н), здание склада продуктового (литер К), здание дом сторожа (литер Д), здание административного корпуса (литер В), здание спального корпуса № 2 (литер Т), здание спального корпуса № 3 (литер С)), 1972 год (здание столовой (литер Л), здание склада вещевого (литер Ю), здание спального корпуса № 1 (литер Ф)), 1975 год (здание трансформаторной подстанции (литер И), здание душевой, прачечной (литер Е)), 1985 год (здание умывалки (литер У), здание павильона "Природа и фантазия" (литер Б)), 2006 год (здание уборной (литер Э)), 2008 год (здание медицинского блока (литер Ш)). | P9: №66.01.37.000.М.001495.05.26 от 28.05.2026 | Q9: В 2025 г.: Предписание Министерство РФ по делвм гражданской обороны,чрезвычайным ситуациям и ликвидациипоследствий стихийных бедствий от 28 мая 2025 продлено до апреля 2027 года | R9: Отсутствует | S9: Отсутствует | T9: Объект доступен для детей с ОВЗ и детей-инвалидов по следующим нозологиям: с нарушениями зрения - доступность всех зон и помещений с дополнительной помощью сотрудника (тьютора), за исключением детей с полной потерей зрения; с нарушениями слуха - доступность всех зон и помещений с дополнительной помощью сотрудника (тьютора); с нарушениями опорно-двигательного аппарата (доступно, организация помощи сотрудниками организации). Паспорт доступности от 24.03.2024 | U9: https://dol-chayka.nasmene.ru/lager/org-recreation/documents
A10: 6 | B10: Муниципальное бюджетное учреждение детский оздоровительный лагерь «Заря», МБУ ДОЛ «Заря» (Детский оздоровительный лагерь «Заря») | C10: Муниципальное бюджетное учреждение | D10: Соловьев Дмитрий Сергеевич | E10: 6652019950 | F10: 624021, Свердловская обл., Сысертский р-н, с. Кадниково; тел.: 8(922)026-47-55; email: dolzarya20@yandex.ru | G10: https://долзаря.екатеринбург.рф/ | H10: Загородная организация отдыха детей и их оздоровления | I10: Сезонный | J10: 25.05.2026-07.06.2026, 09.06.2026-22.06.2026, 24.06.2026-30.06.2026, 02.07.2026-08.07.2026, 10.07.2026-23.07.2026, 25.07.2026-07.08.2026, 09.08.2026-29.08.2026 | K10: 2214.28 | L10: 6,5 - 17 лет | M10: Количество смен в год: 7. Мощность: 224. Проживание: 6 корпусов, по 4-9 человек в комнате, удобства в отдельных зданиях, 1 корпус по 4-5 человек в комнате, удобства на этаже. Медпункт. Клуб. Питание: пятиразовое. | N10: Отсутствует. | O10: Дата ввода: 1959 год (амбулатория, детский спальный корпус № 1, детский спальный корпус № 2, детский спальный корпус № 3, детский спальный корпус № 4, детский спальный корпус № 7, детский спальный корпус № 8, клуб, здание летней кухни, овощехранилища, склад сухих продуктов, спальный корпус сотрудников № 1, трансформаторная подстанция), 1961 год (здание умывальника), 1962 год (котельная), 1970 год (туалет, туалет), 1979 год (здание ногомойки, здание ногомойки), 1980 год (павильон "Уралочка" № 1, павильон "Уралочка" № 4), 2006 год (клуб-столовая), 2014 год (медицинский блок), 2022 год (спальный корпус), год не установлен (здание над пожарным водоемом, насосная, санитарно-бытовой корпус с прачечной). | P10: №66.01.37.000.М.001560.05.26 от 29.05.2026 | Q10: В 2025 г.: проверка Роспотребнадзора, контрольно надзорное мероприятие № 66250041000118245722 от 06.06.2025. Замечания устранены в ходе проверки. В 2025 г. проверка ГУ МЧС России, контрольно надзорное мероприятие № 66250061000217995601 от 15.05.2025: 15 замечаний, срок исполнения 15.04.2026. Замечания находятся на исполнении. | R10: №ЛО-66-01-005911 от 19.04.2019 | S10: Отсутствует | T10: Объект доступен для детей с ОВЗ и детей-инвалидов по следующим нозологиям: глухие и слабослышашие, дети с соматическими заболеваниями, дети с тяжелыми нарушениями речи, дети с ментальными нарушениями. Паспорт доступности от 18.03.2026 | U10: Программа утверждена Приказом №30 от 25.05.2025. Ссылка на программу: https://clck.ru/3SmD3z
A11: 7 | B11: Муниципальное автономное учреждение детский оздоровительный лагерь «Космос», МАУ ДОЛ «Космос» (Детский оздоровительный лагерь «Космос») | C11: Муниципальное автономное учреждение | D11: Кульнева Юлия Николаевна | E11: 6685047664 | F11: 624013, Свердловская обл., Сысертский г.о., территория детского оздоровительного лагеря "Космос", зд. 1; тел.: 8(932)699-62-00; email: kosmos-dol@ekadm.ru | G11: https://kosmos-dol.ru/ | H11: Загородная организация отдыха детей и их оздоровления | I11: Сезонный | J11: 27.05.2026-09.06.2026, 12.06.2026-25.06.2026, 28.06.2026-07.07.2026, 10.07.2026-23.07.2026, 26.07.2026-15.08.2026, 18.08.2026-31.08.2026, 24.10.2026-30.10.2026 | K11: 2146.15 | L11: 6,5 - 17 лет | M11: Количество смен в год: 7. Мощность: 224. Проживание: одноэтажные благоустроенные кирпичные корпуса. Питание: пятиразовое | N11: Отсутствует. | O11: Дата ввода: 25.06.2017 (после капитального ремонта). | P11: №66.01.37.000.М.001325.05.26 от 26.05.2026 | Q11: В 2025 г.: Акт проверки от 27.05.2025 г. Отдела надзорной деятельности и профилактической работы Сысертского городского округа, Арамильского городского округа УНДиПР Главного управления МЧС России по Свердловской области. Нарушения не выявлены. Акт проверки от 04.06.2025 г. Территориального органа Управления Роспотребнадзора по Свердловской области в Орджоникидзевском, Железнодорожном районах города Екатеринбурга, в городе Берёзовский и в городе Верхняя Пышма. Нарушения устранены до окончания проверки. Акт проверки от 23.06.2025 г. Территориального органа Управления Роспотребнадзора по Свердловской области в Орджоникидзевском, Железнодорожном районах города Екатеринбурга, в городе Берёзовский и в городе Верхняя Пышма. Срок устранения 25.05.2026 г. | R11: №ЛО-66-01-005188 от 18.01.2018 | S11: Отсутствует | T11: Объект доступен для детей с ОВЗ и детей-инвалидов по следующим нозологиям: глухие и слабослышащие, слепые и слабовидящие, дети с нарушениями опорно-двигательной системы, дети с тяжелыми нарушениями речи, дети с ментальными нарушениями, дети с соматическими заболеваниями. Паспорт доступности от 23.06.2025 | U11: Программа воспитательной работы утверждена приказом № 02-ОД от 11.02.2026 г. Ссылка на программу: https://kosmos-dol.ru/o-lagere/deyatelnost/
A12: 8 | B12: Муниципальное автономное учреждение детский оздоровительный лагерь «Юность», МАУ ДОЛ «Юность»(Детский оздоровительный лагерь «Юность») | C12: Муниципальное автономное учреждение | D12: Федосеев Алексей Александрович | E12: 6684038441 | F12: 623285, Свердловская обл., м.о. Ревда, г. Ревда, пер. Осенний, зд. 4; тел.: 8(912)047-43-11; email: dolynost@yandex.ru | G12: https://lagerunost.ru/ | H12: Загородная организация отдыха детей и их оздоровления | I12: Круглогодичный | J12: 09.02.2026-13.02.2026, 29.03.2026-04.04.2026, 30.05.2026-12.06.2026, 14.06.2026-27.06.2026, 29.06.2026-19.07.2026, 21.07.2026-03.08.2026, 05.08.2026-18.08.2026, 20.08.2026-29.08.2026, 13.09.2026-22.09.2026, 24.09.2026-03.10.2026, 05.10.2026-14.10.2026, 24.10.2026-30.10.2026, 31.10.2026-06.11.2026, 09.11.2026-18.11.2026 | K12: 2260.76 | L12: 6,5 - 18 лет | M12: Количество смен в год: 14. Мощность: 222. Проживание: 3 корпуса, по 4 человека в комнате, удобства на этаже в 2-х этажном здании, удобства в комнатах в зданиях БВК. Медицинский пункт. Питание: шестиразовое, столовая 130 мест. | N12: Отсутствует. | O12: Дата ввода: 1989 год (спальный корпус), 2005 год (столовая), 2008 год (культурно-досуговый центр, медицинский пункт), 2015 год (стадион), 2023 год (БВК). | P12: №66.01.37.000.М.001231.05.26 от 22.05.2026 | Q12: В 2025 г.: предписание ОНД и ПР ГО Ревда, ГО Дегтярск, Полевского ГО УНД и ПР Главного управления МЧС России по Свердловской области от 27.05.2025 № 2505/024-66/31-В/ПВП: 6 замечаний. Устранено 6 замечаний. Предписание Управления Федеральной службы по надзору в сфере защиты прав потребителей и благополучия населения по Свердловской области в Ленинском, Верх-Исетском, Октябрьском и Кировском районах г. Екатеринбурга от 08.08.2025 № 40/2025-225: 1 замечание. Устранено 1 замечание. | R12: №Л041-01021-66/01042576 от 01.02.2024 | S12: №Л035-01277-66/00763601 от 10.11.2023 | T12: Объект доступен для детей с ОВЗ и детей-инвалидов по следующим нозологиям: умственные нарушения, нарушения слуха. Паспорт доступности от 26.07.2024 | U12: Программа утверждена приказом № 40 от 01.04.2026. Ссылка на программу: https://disk.yandex.ru/i/5-OADaJZJeqsjw
A13: 9 | B13: Муниципальное автономное учреждение детский оздоровительный лагерь «Каменный Цветок», МАУ ДОЛ «Каменный Цветок» (Детский оздоровительный лагерь «Каменный Цветок») | C13: Муниципальное автономное учреждение | D13: Шеховцов Алексей Валентинович | E13: 6621008116 | F13: 624175, Свердловская обл., Невьянский г.о., территория ДОЛ Каменный Цветок; тел.: 8(912)245-30-07; email: kam_cv@mail.ru | G13: https://lagerkam.ru/ | H13: Загородная организация отдыха детей и их оздоровления | I13: Сезонный | J13: 27.05.2026-16.06.2026, 18.06.2026-01.07.2026, 03.07.2026-16.07.2026, 18.07.2026-31.07.2026, 02.08.2026-15.08.2026, 17.08.2026-30.08.2026 | K13: 1980,95( 21 дн); 2 178,57 (14 дн.) | L13: 6,5 - 18 лет | M13: Количество смен в год: 6. Мощность: 270. Проживание: дети проживают в одноэтажных и двухэтажных кирпичных корпусах, по 4 - 8 человек в комнате. Питание: шестиразовое | N13: Отсутствует. | O13: Дата ввода: 1966 год (корпус № 2, корпус № 3, корпус № 4, насосная станция, столовая), 1987 год (корпус № 7, корпус № 8, корпус № 9), 2019 год (медицинский блок). | P13: №66.01.37.000.М.001330.05.26 от 26.05.2026 | Q13: В 2024 г.: Предписание МЧС от 02.08.2024. №2407/016-66/133-П/ПВП. 1. Допущена эксплуатация средств обеспечения пожарной безопасности сверх срока службы, установленная изготовителем (поставщиком), без обеспечения ежегодного проведения испытаний средств обеспечения пожарной безопасности до их замены в установленном порядке (система автоматической пожарной сигнализации и система оповещения управления эвакуации) . (Указанное нарушение будет устранено после включения данного вида работ в титул капитальных ремонтов объектов инфраструктуры муниципальных детских загородных оздоровительных лагерей, после выделения финансирования). | R13: №ЛО-66-01-005615 от 05.10.2018 | S13: Отсутствует | T13: Объект частично доступен для детей с ОВЗ и детей-инвалидов по следующим нозологиям: дети с нарушением слуха; дети с нарушением речи; дети с соматическими заболеваниями. Паспорта доступности от 24.06.2024 | U13: Программа воспитания утверждена директором МАУ ДОЛ "Каменный цветок" 28.01.2026г . Ссылка на программу: https://disk.yandex.ru/i/H9B-hWH7sh3mbw
A14: 10 | B14: Муниципальное автономное учреждение детский оздоровительный лагерь «Приозерный», МАУ ДОЛ «Приозерный» (Детский оздоровительный лагерь «Приозерный») | C14: Муниципальное автономное учреждение | D14: Воронцова Оксана Михайловна | E14: 6621006831 | F14: 624186, Свердловская обл., Невьянский район, Дол Приозерный тер. | G14: https://приозерный.екатеринбург.рф/ | H14: Загородная организация отдыха детей и их оздоровления | I14: Сезонный | J14: 01.06.2026-14.06.2026, 16.06.2026-29.06.2026, 01.07.2026-14.07.2026, 16.07.2026-29.07.2026, 31.07.2026-20.08.2026, 22.08.2026-28.08.2026 | K14: 2154.76 | L14: 6,5 - 18 лет | M14: Количество смен в год: 6. Мощность: 175. Проживание: благоустроенный двухэтажный корпус по 8 человек в корпусе, удобства на этаже. Четыре одноэтажных спальных корпуса, удобства вне корпусов в отдельно расположенных благоустроенных помещениях (зданиях). Спортивный зал. Медблок. Питание: шестиразовое. Столовая на 240 мест. | N14: Отсутствует. | O14: Дата ввода: 1966 г. (здание душевой, одноэтажные спальные корпуса, общежитие для сотрудников), 1983 г. (двухэтажный жилой корпус, столовая), 2014 г. (медблок, кружковые павильоны). Дата капитального ремонта: 2014 - 2016 г. (столовая — замена окон), 2018 - 2019 г. (столовая — замена крыш), 2022 г. (здание душевой — замена крыш), 2024 -2025 г. (общежитие для сотрудников — замена крыш). | P14: №66.01.37.000.М.001448.05.26 от 28.05.2026 | Q14: В 2025 г.: Предписание отдела ОНД и ПР Невьянского городского округа от 30.08.2024: 6 замечаний, срок исполнения 01.05.2026г; Предписаний Роспотребнадзора нет | R14: №ЛО-66-01-005394 от 05.06.2018 | S14: Отсутствует | T14: Объект доступен для детей с ОВЗ и детей-инвалидов по следующим нозологиям: дети с нарушениями опорно-двигательной системы, дети с соматическими заболеваниями. Паспорт доступности от 05.06.2024 | U14: Программа утверждена приказом №9-од от 28.03.2025 Ссылка на программу https://clck.ru/3SuCpS
A15: 11 | B15: Муниципальное автономное учреждение детский оздоровительный лагерь «Изумруд», МАУ ДОЛ «Изумруд» (Детский оздоровительный лагерь «Изумруд») | C15: Муниципальное автономное учреждение | D15: Оберюхтин Игорь Владимирович | E15: 6626015540 | F15: 623376, Свердловская обл., Полевской р-н, с. Курганово; тел.: 8(343) 379-98-07, 317-93-84, 8(912)636-67-66; email: tmc009@mail.ru | G15: https://долизумруд.екатеринбург.рф/ | H15: Загородная организация отдыха детей и их оздоровления | I15: Круглогодичный | J15: 29.05.2026-07.06.2026, 09.06.2026-22.06.2026, 24.06.2026-07.07.2026, 09.07.2026-29.07.2026, 31.07.2026-13.08.2026, 15.08.2026-28.08.2026 | K15: 2000,00 (10 дн.); 2142,85 (14 дн.); 1952,38 (21 дн.). | L15: 6,5 - 18 лет | M15: Количество смен в год: 6. Мощность: 192. Проживание: спальные одноэтажные корпуса 1, 2, 3, 6, 7; количество мест в корпусе - 32; размещение по 4 человека в комнате. Питание: шестиразовое | N15: Отсутствует. | O15: Дата ввода: 1972 год (спальные одноэтажные корпуса 1, 2, 3, 6, 7, здание клуба, здание мед.блока, здание столовой, здание банно-прачечной с котельной). | P15: №6.01.37.000.М.001626.06.26 от 02.05.2026 | Q15: В 2024 г.: ГУ МЧС России по Свердловской области. Акт выездной проверки от 08.08.2024 №2407/024-66/104-П/АСП. Предписание об устранении нарушений обязательных требований пожарной безопасности от 08.08.2024г. №2407/024-66/104-П/ПВПв работе замечания устраняются. ФБУЗ "Центр гигиены и эпидемиологии в Свердловской области" контрольное (надзорное) мероприятие Акт плановой выездной проверки от 21.08.2024 г. № 1442/2024-121, Предписание №66240041000110807425 от 21.08.2024 г. в работе замечания устраняются. | R15: Отсутствует. Договор на оказание медицинского обслуживания в процессе заключения | S15: Отсутствует | T15: Объект недоступен для детей с ОВЗ и детей-инвалидов. Паспорт доступности № 01/04-13 от 10.06.2024 | U15: Программа 2025 года размещена - https://vk.com/zumrud.deti ; Программа и план воспитательной работы на 2026 год будут размещена https://vk.com/zumrud.deti после защиты и утверждения
A16: 12 | B16: Муниципальное автономное учреждение детский оздоровительный лагерь "Маяк", МАУ ДОЛ "Маяк" (Детский оздоровительный лагерь "Маяк") | C16: Муниципальное автономное учреждение | D16: Ворона Андрей Михайлович | E16: 6685084761 | F16: 624021, Свердловская обл., Сысертский р-н, территория детского оздоровительного лагеря "Маяк"; тел.: 8(922)128-21-96; email: dolmayk@yandex.ru | G16: https://lagermayak.ru/ | H16: Загородная организация отдыха детей и их оздоровления | I16: Сезонный | J16: 27.05.2026-16.06.2026, 18.06.2026-01.07.2026, 03.07.2026-16.07.2026, 18.07.2026-31.07.2026, 02.08.2026-15.08.2026, 17.08.2026-30.08.2026 | K16: 2079.76 | L16: 6,5 - 18 лет | M16: Количество смен в год: 6. Мощность: 180. Проживание: 2 корпуса, по 8-10 человек в комнате, удобства на этаже. Медпункт. Питание: шестиразовое, столовая 180 мест. | N16: Отсутствует. | O16: Дата ввода: 1972 год (здание душевой-прачечной, склад продовольственный, ледник-овощехранилище), 1990 год (спальный корпус № 3, клуб-столовая корпус № 1), 1991 год (спальный корпус № 2), 1995 год (здание медицинского изолятора), 2004 год (дом сторожа), 2007 год (общежитие), 2010 год (здание административно-хозяйственное, беседка закрытая). Дата капитального ремонта: 2024 год (спальный корпус № 2). | P16: №66.01.37.000.М.001160.05.26 от 21.05.2026 | Q16: В 2025 г.: Предписание ОНДиПР Сысертского ГО, Арамильского ГО управления надзорной деятельности и профилактической работы ГУ МЧС России по Свердловской области № 2505/027-66/35-В/ПВП от 27.05.2025 г.: 9 замечаний, срок исполнения 15.04.2026. Устранено 2 замечания. В 2024 г. Предписание Роспотребнадзора: №414/2024-121 от 13.08.2024 г.: 2 замечания, срок исполнения 19.05.2025 . Устранено 1 замечание. | R16: №ЛО-66-01-005701 от 30.11.2018 | S16: Отсутствует | T16: Объект доступен для детей с ОВЗ и детей-инвалидов по следующим нозологиям: с умственными нарушениями. Паспорт доступности от 26.06.2024 | U16: Программа утверждена Приказом № 14 от 30.01.2026г. Ссылка на программу: https://disk.yandex.ru/i/ytURHf25CiLk2Q
A17: 13 | B17: Муниципальное бюджетное учреждение Детский оздоровительный лагерь «Красная гвоздика», МБУ ДОЛ «Красная гвоздика» (Детский оздоровительный лагерь «Красная гвоздика») | C17: Муниципальное бюджетное учреждение | D17: Ермохина Елена Алексеевна | E17: 6658273431 | F17: 624001, Свердловская обл., г. Сысерть, Черновская дорога, 4 км, МБУ ДОЛ "Красная гвоздика"; тел.: 8(912)687-65-27; email: kgvozdika81@mail.ru | G17: https://краснаягвоздика.екатеринбург.рф/ | H17: Загородная организация отдыха детей и их оздоровления | I17: Сезонный | J17: 05.06.2026-18.06.2026, 20.06.2026-03.07.2026, 05.07.2026-25.07.2026, 27.07.2026-09.08.2026, 11.08.2026-24.08.2026, 25.08.2026-31.08.2026 | K17: 2142,85 (7 дн.); 1964,28 (14 дн.); 1785,71 (21 дн.) | L17: 6,5 - 18 лет | M17: Количество смен в год: 6. Мощность: 240. Проживание: 8 спальных корпусов, по 7 - 8 человек в комнате. Питание: шестиразовое | N17: Отсутствует. | O17: Дата ввода: 1970 (Спальные корпуса № 1 - № 8, столовая, медблок, клуб, библиотека и кружковые, слад, душевая, котельная). | P17: №66.01.37.000.М.001595.06.26 от 01.06.2026 | Q17: В 2022 г.: Плановые проверки Роспотребнадзора:1. 20.05 - 17.06.2022г. - замечания устранены, 2. 29.07 - 11.08.2022г.- замечания устранены. | R17: №ЛО-66-01-005095 от 04.12.2017 | S17: Отсутствует | T17: Объект недоступен для детей с ОВЗ и детей-инвалидов. Паспорт доступности б.н. от б.д. | U17: Утверждена приказом директора МБУ ДОЛ "Красная гвоздика" от 25.03.2025 Ссылка на программу: Сайт находится в разработке
A18: 14 | B18: Муниципальное автономное учреждение Детский оздоровительный лагерь «имени А.Гайдара», МАУ ДОЛ «имени А. Гайдара» | C18: Муниципальное автономное учреждение | D18: Худякова Ольга Викторовна | E18: 6659152976 | F18: 623141, Свердловская обл., г. Первоуральск, п. Хрустальный; email: gaidar_ekb@mail.ru | G18: Нет | H18: Загородная организация отдыха детей и их оздоровления | I18: Сезонный | J18: В 2026 году не осуществляет деятельность | K18: 0 | L18: 6,5 - 18 лет | M18: Количество смен в год: 0. Мощность: 246. Проживание: Закрыт на капитальный ремонт. Питание: нет данных. | N18: Отсутствует. | O18: Дата ввода: 1970 год (детский жилой корпус № 19), 1974 год (детский жилой корпус № 10), 2020 год (столовая) | P18: №66.01.37.000.М.001783.06.23 от 22.06.2023 | Q18: В 2022 г.: ГУ МЧС России по Свердловской области, отдел НД и ПР ГО Первоуральск, Шалинского ГО, ГО Староуткинск УНД и ПР: предписание №66-19-2022/0044рс/1 об устранении нарушений требований пожарной безопасности, о проведении мероприятий по обеспечению пожарной безопасности на объектах защиты и по предотвращению угрозы возникновения пожара - срок до 20.05.2023г. Управление Федеральной службы по надзору в сфере защиты прав потребителей и благополучия человека по Свердловской области Территориальный отдел в Орджоникидзевском, Железнодорожном районах города Екатеринбурга, в городе Березовский, в городе Верхняя Пышма: предостережение№66-10-12/14-35451-2022 от 30.06.2022 г.; рекомендации №66-10-12/14-36931-2022 от 26.07.2022. Все предписания устраняются при проведении капитального ремонта. | R18: Отсутствует. Договор на медицинское обслуживание | S18: Отсутствует | T18: Объект будет доступен для детей с нарушением опорно-двигательного аппарата. | U18: Отсутствует
A19: 15 | B19: Муниципальное автономное учреждение детский оздоровительный лагерь «Бригантина», МАУ ДОЛ «Бригантина» (Детский оздоровительный лагерь «Бригантина») | C19: Муниципальное автономное учреждение | D19: Панина Юлия Валерьевна | E19: 6652033610 | F19: 624021, Свердловская обл., р-н Сысертский, территория детского оздоровительного лагеря "Бригантина", зд. 1, корпус 3; тел.: 8(922)164-29-52; email: briga23@mail.ru | G19: https://бригантина.екатеринбург.рф | H19: Загородная организация отдыха детей и их оздоровления | I19: Сезонный | J19: 31.05.2026-13.06.2026, 15.06.2026-24.06.2026, 26.06.2026-09.07.2026, 11.07.2026-31.07.2026, 02.08.2026-15.08.2026, 17.08.2026-30.08.2026 | K19: 2214.29 | L19: 6,5 - 18 лет | M19: Количество смен в год: 6. Мощность:160. Проживание: 2 корпуса, по 6-8 человек в комнате, удобства на этаже. Медпункт.Клуб. Питание: шестиразовое, столовая 200 мест. | N19: Отсутствует. | O19: Дата ввода: 1977 год (спальный корпус № 1), 2014 год (клуб-столовая, медблок). Дата капитального ремонта: 2014 год (спальный корпус № 1, спальный корпус № 2). | P19: №66.01.37.000.М.001599.06.26 от 02.06.2026 | Q19: В 2025 г.: предписание ГУ МЧС России Свердловской области от 27.05.2025: 6 замечаний, срок исполнения 12.04.2027. Предписание Роспотребнадзора от 18.07.2025: 1 замечание, срок исполнения 25.05.2026, выполнено | R19: №ЛО 66-01-005588 от 12.09.2018 | S19: Отсутствует | T19: Объект доступен для детей с ОВЗ и детей-инвалидов по следующим нозологиям: дети с нарушениями опорно-двигательной системы, дети с соматическими заболеваниями. Паспорт доступности от 31.03.2026 | U19: Программа утверждена приказом № 16-ОД от 06.04.2026. Ссылка на программу: https://бригантина.екатеринбург.рф/file/33a891bea615d85ad4a630c6a007d53b
A20: 16 | B20: Филиал Федерального государственного бюджетного учреждения «Комфортная среда»-«Екатеринбург», ФГБУ «Комфортная среда»-«Екатеринбург» (Детский оздоровительный лагерь «Звёздная Академия») | C20: Федеральное государственное бюджетное учреждение | D20: Соловьева Ольга Алексеевна | E20: 7736331124 | F20: 623274, Свердловская обл., г. Ревда, с. Кунгурка, ул. Алмазная, д. 45; тел.: 8(922)169-17-76; email: soloveva_oa.uralakadem@mail.ru | G20: https://comfort-sr.ru/camp/ | H20: Загородная организация отдыха детей и их оздоровления | I20: Круглогодичный | J20: 30.05.2026-12.06.2026, 13.06.2026-26.06.2026, 27.06.2026-10.07.2026, 11.07.2026-24.07.2026, 25.07.2026-07.08.2026, 08.08.2026-21.08.2026, 22.08.2026-31.08.2026 | K20: 2500 | L20: 6,5 - 18 лет | M20: Количество смен в год: 7. Мощность: 220. Проживание: кирпичные двухэтажные здания. Питание: пятиразовое. | N20: Отсутствует. | O20: Дата ввода: 1974 год (административное здание клуба-столовой, изолятор, медпункт, котельная, склад сыпучих продуктов, прачечная с душевыми, надворные туалеты № 1 и № 2, спальные корпуса № 1, 3, 4). Дата капитального ремонта/реконструкции: 2005 год (изолятор, медпункт), 2005–2009 годы (спальные корпуса № 1, 3, 4), 2014 год (административное здание клуба-столовой), 2015 год (котельная - реконструкция), 2017 год (склад сыпучих продуктов), 2018 год (надворные туалеты № 1 и № 2), 2019 год (прачечная с душевыми). | P20: №66.01.37.000.М.001402.05.26 от 27.05.2026 | Q20: В 2025 г.: Предписание от 13.08.2025 №656/2025-121 выдано по результатам плановой проверки территориальным отделом Управления Федеральной службы по надзору в сфере защиты прав потребителей и благополучия человека по Свердловской области. | R20: Отсутствует. Договор № 216 от 22.05.2025 | S20: Отсутствует | T20: Объект доступен для детей с ОВЗ и детей-инвалидов по следующим нозологиям: глухие и слабослышащие, дети с соматическими заболеваниями. Паспорт доступности от 25.03.2025 | U20: Ссылка на программу: https://comfort-sr.ru/camp/
A21: 17 | B21: Муниципальное автономное учреждение детский оздоровительный лагерь «Уральские самоцветы», МАУ ДОЛ «Уральские самоцветы» (Детский оздоровительный лагерь «Уральские самоцветы») | C21: Муниципальное автономное учреждение | D21: Козырев Кирилл Анатольевич | E21: 6652005080 | F21: 624021, Свердловская обл., Сысертский р-н, п. Верхняя Сысерть; тел.: 8(908)909-12-39; email: drozd54@list.ru | G21: https://uralsamosvet.ru | H21: Загородная организация отдыха детей и их оздоровления | I21: Сезонный | J21: 13.03.2026-22.03.2026, 28.03.2026-03.04.2026, 27.05.2026-09.06.2026, 11.06.2026-24.06.2026, 26.06.2026-16.07.2026, 18.07.2026-31.07.2026, 03.08.2026-16.08.2026, 18.08.2026-31.08.2026, 11.09.2026-20.09.2026, 22.09.2026-01.10.2026, 24.10.2026-30.10.2026, 24.12.2026-30.12.2026 | K21: 2100 | L21: 6,5 - 18 лет | M21: Количество смен в год: 12. Мощность: 378. Проживание: три двухэтажных капитальных корпуса; размещение по 9 человек в палате. Питание: шестиразовое, столовая на 300 посадочных мест. | N21: Отсутствует. | O21: Дата ввода: 1968 год (дизельная электростанция (Литер Я), насосная станция, пожарный водоем (Литер Т), спальный корпус № 3 (Литер Л, л, л1), спальный корпус № 4 (Литер П, п, п1, п2), площадка для волейбола, площадка для баскетбола, площадка для бадминтона, площадка для прыжков в высоту, площадка для прыжков в длину, беговая дорожка, футбольное поле, столовая), 1977 год (лечебный корпус № 2 (Литер Д, д, д1, д2)), 1983 год (склад-тарник (литер М, м)), 1988 год (продвещевой склад (литер У)), 1995 год (дом сторожа (Литер Ц)), 1996 год (здание охраны (литер Ш)), 1998 год (спальный корпус № 1 (Литер Ф, ф, ф1, ф2, ф3, ф)), 1999 год (спорткомплекс), 2007 год (насосная с артскважиной (Литер Ж, Ж1)), 2014 год (открытая эстрадная площадка, котельная). | P21: №66.01.37.000.М.001377.05.26 от 27.05.2026 | R21: №Л041-01021-66/00314094 от 19.06.2017 | S21: №Л035-01277-66/01019044 от 12.01.2024 | T21: Объект доступен частично для детей с ОВЗ и детей-инвалидов по следующим нозологиям: дети с нарушениями зрения, с умственными нарушениями, с нарушениями опорно-двигательной системы и передвигающихся на креслах-колясках. Паспорт доступности № 1 от 10.06.2024 | U21: Утверждена приказом директора МАУ ДОЛ "Уральские самоцветы" от 26.05.2025 № 01 Ссылка на программу: https://clck.ru/3NYB32
A22: 18 | B22: Муниципальное автономное учреждение детский оздоровительный лагерь «им.Титова», МАУ ДОЛ «им.Титова» (Детский оздоровительный лагерь «им.Титова») | C22: Муниципальное автономное учреждение | D22: Екенин Алексей Сергеевич | E22: 6652019686 | F22: 624021, Свердловская обл., Сысертский р-н, 1,1 км западней п. Верхняя Сысерть; тел.: 8(34374) 2-55-38; email: 89521433333@yandex.ru | G22: https://lager-titova.ru/ | H22: Загородная организация отдыха детей и их оздоровления | I22: Круглогодичный | J22: 25.05.2026-31.05.2026, 02.06.2026-15.06.2026, 17.06.2026-30.06.2026, 02.07.2026-22.07.2026, 30.07.2026-12.08.2026, 12.08.2026-25.08.2026 | K22: 2142,85 (7 дн.); 2142,85 (14 дн.); 1952,80 (21 дн.). | L22: 6,5 - 18 лет | M22: Количество смен в год: 6. Мощность: 92. Проживание: одноэтажные корпуса 1,3, количество мест: 32, спальных помещений 4., двухэтажный корпус на 60 мест, спальные помещения 4х4 чел., 4х5 чел., 4х6 чел. Питание: шестиразовое | N22: Отсутствует. | O22: Дата ввода: 1962 год (здание банно-прачечной с котельной), 2013 год (спальный двухэтажный корпус), 2014 год (здание медицинского блока), 2019 год (здание столовой), 2023 год (спальный двухэтажный корпус). | P22: №66.01.37.000.М.001324.05.26 от 26.05.2026 | Q22: В 2024 г.: Проверка Отдела надзорной деятельности и профилактической работы (пожнадзор)от 26.04.2024г (замечания устраняются),.. ФБУЗ "Центр гигиены и эпидемиологии в Свердловской 09.09.2024г. (замечания устраняются) | R22: №Л041-01021-66/01243354 от 11.06.2024 | S22: Отсутствует | T22: Объект условно доступен для детей с ОВЗ и детей-инвалидов по следующим нозологиям: дети с умственными нарушениями; с нарушениями зрения, с нарушениями слуха, с нарушениями опорно-двигательного аппарата и передвигающихся на креслах-колясках Паспорт доступности № 5-02/07 от 02.07.2024 | U22: Ссылка на программу: https://lager-titova.ru/wp-content/uploads/2026/06/mau-dol-im.titova_programma-vr_2026.pdf
A23: 19 | B23: Муниципальное бюджетное учреждение Детский оздоровительный лагерь «Спутник», МБУ ДОЛ «Спутник» (Детский оздоровительный лагерь «Спутник») | C23: Муниципальное бюджетное учреждение | D23: Патрушев Андрей Сергеевич | E23: 6652016808 | F23: 624000, Свердловская обл., Сысертский р-н, г. Арамиль, ул. Красногорская, д. 2; тел.: 8(922)125-10-90; email: 89221251090@yandex.ru | G23: https://долспутник.екатеринбург.рф | H23: Загородная организация отдыха детей и их оздоровления | I23: Сезонный | J23: 27.05.2026-09.06.2026, 11.06.2026-24.06.2026, 26.06.2026-09.07.2026, 11.07.2026-24.07.2026, 26.07.2026-01.08.2026, 02.08.2026-08.08.2026, 11.08.2026-31.08.2026 | K23: 2126.99 | L23: 6,5 - 18 лет | M23: Количество смен в год: 7. Мощность: 175. Проживание: в неблагоустроенных спальных одноэтажных корпусах от 5 до 8 человек в комнате, а также один коттедж (благоустроенный кирпичный двухэтажный спальный корпус) с номерами от 3 до 6 человек. Питание: пятиразовое | N23: Отсутствует. | O23: Дата ввода: 1962 год (спальные корпуса № 1–8, кружковые), 1970 год (уборные), 1977 год (клуб-столовая), 1979 год (душевые), 1982 год (умывальные, здание младших классов), 1987 год (коттедж), 2007 год (медицинский блок). Дата капитального ремонта: 2016 год (душевые, спальный корпус № 8), 2017 год (спальные корпуса № 1–4), 2018 год (спальные корпуса № 5–7), 2019 год (здание младших классов, кружковые). | P23: №66.01.37.000.М.002011.08.26 от 11.08.2026, №66.01.37.000.М.001539.05.26 от 29.05.2026 | Q23: В 2025 г.: Предписание Отдела надзорной деятельности и профилактической работы Сысертского городского округа, Арамильского городского округа УНД и ПР Главного управления МЧС России Свердловской области №2005/027-66/33-В/ПВП от 28.05.2025 года. Срок выполнения - 15.04.2026. Предписание Федеральной Службы по надзору в сфере защиты прав потребителей и благополучия человека" № 66-15-17/04-11296-2025 от 08.08.2025г, срок выполнения - 18.08.2025 | R23: №ЛО-66-01-005094 от 04.12.2017 | S23: Отсутствует | T23: Объект доступен для детей с ОВЗ и детей-инвалидов по следующим нозологиям: дети с тяжелыми нарушениями речи, дети с ментальными нарушениями; дети с соматическими заболеваниями, глухие и слабослышащие. Паспорт доступности от _______. | U23: Программа воспитания утверждена МБУ ДОЛ "Спутник". Приказ №18 от 20.05.2025 года Ссылка на программу: https://долспутник.екатеринбург.рф/dokumenty
A24: 20 | B24: Муниципальное автономное учреждение детский оздоровительный лагерь «Рассветный», МАУ ДОЛ «Рассветный» (Детский оздоровительный лагерь «Рассветный») | C24: Муниципальное автономное учреждение | D24: и.о. директора Юрьева Ксения Александровна | E24: 6652021036 | F24: 624013, Свердловская обл., Сысертский р-н, с. Кадниково; тел.: 8(922)122-72-47; email: rassvet-dol@mail.ru | G24: https://rassvet-dol.ru/ | H24: Загородная организация отдыха детей и их оздоровления | I24: Сезонный | J24: 27.05.2026-09.06.2026, 12.06.2026-25.06.2026, 28.06.2026-07.07.2026, 10.07.2026-23.07.2026, 26.07.2026-15.08.2026, 18.08.2026-31.08.2026 | K24: 2202.3 | L24: 6,6 - 17 лет | M24: Количество смен в год: 6. Мощность: 320. Проживание: 5 кирпичных двухэтажных корпусов, по 4 человека в комнате. Медицинский блок. Библиотека. Летняя площадка для проведения мероприятий. Питание: пятиразовое, столовая 400 мест. | N24: Отсутствует. | O24: Дата ввода: 1956 год. Дата капитального ремонта: 2020 год (6 спальный корпус), 2023 год (3 спальный корпус). | P24: №66.01.37.000.М.001408.05.26 от 27.05.2026 | Q24: В 2025 г.: Выдано предписание ОНД и профилактикой работы Сысертского ГО, Арамильского ГО ГУ МЧС России по Свердловской области от 27.05.2025 № 2505/027-66/34-В/ПВП. Устранить недостатки до 15.04.2026. В 2026 г.: Выдано предписание ОНД и профилактикой работы Сысертского ГО, Арамильского ГО ГУ МЧС России по Свердловской области от 27.05.2025 № 2505/027-66/34-В/ПВП. Устранить недостатки до 12.04.2027. | R24: №ЛО-66-01-005153 от 26.12.2017 | S24: Отсутствует | T24: Объект доступен для детей с ОВЗ и детей-инвалидов по следующим нозологиям: слепые и слабовидящие, глухие и слабослышащие, дети с тяжелыми нарушениями речи, дети с ментальными нарушениями, дети с соматическими заболеваниями. Паспорт доступности от 04.02.2026 | U24: Программа воспитательной работы утверждена МАУ ДОЛ "Рассветный" Приказ № 16-ОД от 02.02.2026 Ссылка на программу: https://cloud.mail.ru/public/Mhrb/Un44Pmwj6
A25: 21 | B25: Муниципальное автономное учреждение «Загородный стационарный детский оздоровительный лагерь «Спутник», МАУ «ЗСДОЛ «Спутник» (Загородный стационарный детский оздоровительный лагерь «Спутник») | C25: Муниципальное автономное учреждение | D25: Тасенко Дамира Майрамбековна | E25: 6601013750 | F25: 624600 , Свердловская обл., г. Алапаевск, ул. Фрунзе, д. 43; тел.: 8(34346)2-11-84, 8(34346)71-2-90; email: mkuzsdol.sputnik@mail.ru | G25: https://alapsputnik.nasmene.ru/ | H25: Загородная организация отдыха детей и их оздоровления | I25: Сезонный | J25: 01.06.2026-07.06.2026, 09.06.2026-29.06.2026, 01.07.2026-16.07.2026, 18.07.2026-02.08.2026, 04.08.2026-19.08.2026, 21.08.2026-27.08.2026 | K25: 1331 | L25: 6,5 - 17 лет | M25: Количество смен в год: 6. Мощность: 200. Проживание: в отдельных корпусах по 32 чел. в каждом, в 4- комнатах по 8 человек. Разработана программа для проведения профильных смен с учетом направленности на спортивную, образовательную, патриотическую, творческую и культурно-досуговую деятельность. Питание: сбалансированное шестиразовое питание. | N25: Отсутствует. | O25: Дата ввода: 1956 г. | P25: №66.01.37.000. М.000983.05.26 от 14.05.2026 | Q25: В 2025 г.: Профилактические визиты органами, осуществляющими государственный контроль (надзор), нарушения устранены. Предписаний в 2025 году нет | R25: №ЛО41-01021-66/0497965 от 22.01.2026 | S25: Отсутствует | T25: Объект частично доступен для детей с ОВЗ и детей-инвалидов по следующим нозологиям: дети с соматическими заболеваниями; дети с задержкой психического развития; дети с нарушением речи; дети с эндокринными заболеваниями (сахарный диабет, пищевая аллергия). Паспорт доступности утвержден 27.05.2024 | U25: Программа воспитания МАУ ЗСДОЛ «Спутник» утверждена МАУ ЗСДОЛ «Спутник», Приказ № 20 от 09.06.2025г. Ссылка: https://clck.su/PVGkY
A26: 22 | B26: Муниципальное учреждение «Молодежный центр «Факел», МУ «МЦ «ФАКЕЛ» (Молодежный центр «Факел») | C26: Муниципальное автономное учреждение | D26: Коротких Ольга Владимировна | E26: 6601010621 | F26: 624641, Свердловская обл., Алапаевский р-н, с. Нижняя Синячиха, ул. Устье, д. 11; тел.: 8(34346)7-52-32; email: mymcfakel@mail.ru | G26: https://mcfakel.nasmene.ru/ | H26: Загородная организация отдыха детей и их оздоровления | I26: Сезонный | J26: 01.06.2026-14.06.2026, 16.06.2026-29.06.2026, 01.07.2026-14.07.2026, 16.07.2026-29.07.2026, 01.08.2026-14.08.2026, 17.08.2026-30.08.2026 | K26: 1794.04 | L26: 6,5 - 18 лет | M26: Количество смен в год: 6. Мощность: 98. Проживание: в спальных корпусах. Питание: шестиразовое | N26: Отсутствует. | O26: Дата ввода: 1960 год (спальный корпус № 1), 1965 год (спальный корпус № 3), 1994 год (штаб, административное здание, здание столовой, здание генераторной, котельная). Дата капитального ремонта: 2023 год (спальный корпус № 3), 2025 год (спальный корпус № 1). | P26: №66.01.37.000.М.000966.05.26 от 13.05.2026 | Q26: В 2025 г.: плановая проверка Территориального отдела Управления Федеральной службы по надзору в сфере защиты прав потребителей и благополучия человека по Свердловской области в городе Алапаевск, Алапаевском, Артемовском и Режевском районах. Предписание от 19.08.2025г. № 66-02-01/30-3228-2025, нарушения устранены | R26: Отсутствует. Договор на оказание медицинского обслуживания в процессе заключения | S26: Отсутствует | T26: Объект условно доступен для детей с ОВЗ и детей-инвалидов по следующим нозологиям: дети с задержкой психического развития; дети с отклонениямив эмоциональной и волевой области. | U26: Программа утверждена приказом от 14.04.2026г. № 26/1у. Ссылка на программу: https://clc.li/qwSRB
A27: 23 | B27: Муниципальное автономное учреждение Детский загородный оздоровительный лагерь «Родничок», МАУ ДЗОЛ «Родничок» (Детский загородный оздоровительный лагерь «Родничок») | C27: Муниципальное автономное учреждение | D27: Гапонова Екатерина Валерьевна | E27: 6676004777 | F27: 623950, Свердловская обл., г. Тавда, ул. Мельничная, д. 14; тел.: 8(34360)5-01-80, 5-01-81; email: tavda.rodnichok@mail.ru | G27: https://tavda-rodnichok.profiedu.ru/ | H27: Загородная организация отдыха детей и их оздоровления | I27: Круглогодичный | J27: 05.01.2026-11.01.2026, 29.03.2026-04.04.2026, 28.05.2026-10.06.2026, 13.06.2026-19.06.2026, 22.06.2026-12.07.2026, 15.07.2026-28.07.2026, 31.07.2026-13.08.2026, 16.08.2026-29.08.2026, 25.10.2026-31.10.2026 | K27: 1810,29 (7 дн.); 1959,43 (14 дн.); 1619,71 (21 дн.) | L27: 6,5 - 18 лет | M27: Количество смен в год: 9. Мощность: 80. Проживание: кирпичные одно - и двухэтажные корпуса, комнаты на 3, 5, 8 человек. Питание: пятиразовое | N27: Имеется. Закрытый бассейн | O27: Дата ввода: 1952 год (столовая), 1958 год (здание бани, прачечная), 1969 год (овощехранилище), 1979 год (корпус №1), 1991 год (здание гаража-котельной). 2006 год (корпус №2), 2007 год (корпус №3). Дата капитального ремонта: 2015 год (здание бани, прачечная), 2016 год (столовая), 2018 год (корпус №1, корпус №2, корпус №3), 2019 год (здание гаража-котельной). | P27: №66.01.37.000.М.000422.03.26 от 26.03.2026 | Q27: В 2025 г.: Отдел надзорной деятельности и профилактической работы Тавдинского муниципального округа, Таборинского муниципального района управления надзорной деятельности и профилактической работы Главного управления МЧС России по Свердловской области - Предписание от 21.05.2025 №2505/028-66/1-ВО/П: Нарушения устранены Отдел надзорной деятельности и профилактической работы Тавдинского муниципального округа, Таборинского муниципального района управления надзорной деятельности и профилактической работы Главного управления МЧС России по Свердловской области - Предписание от 09.09.2025 №2505/028-66/30-ВО/П: Нарушение устранено Управление Федеральной службы по надзору в сфере защиты прав потребителей и благополучия человека по Свердловской области - Предписание 23.06.2025г. №66-04-11/12-2641-2025: Нарушения устранены Управление Федеральной службы по надзору в сфере защиты прав потребителей и благополучия человека по Свердловской области - Предписание 23.06.2025г. №66-04-11/12-2452-2025: Запланировано к устранению во втором квартале 2026 г. | R27: Отсутствует. Договор № МО-1 ГАУЗ СО "Тавдинская ЦРБ" от 26.12.2024 | S27: №Л035-01277-66/00193508 от 02.03.2020. Бессрочно. | T27: Объект частично доступен для детей с ОВЗ и детей-инвалидов по следующим нозологиям: глухие и слабослышащие, слепые и слабовидящие, дети с нарушениями опорно-двигательной системы, дети с тяжелыми нарушениями речи, дети с ментальными нарушениями, дети с соматическими заболеваниями. Паспорт доступности от 09.02.2026 | U27: Программа воспитания утверждена МАУ ДЗОЛ "Родничок". Приказ от 20.03.2026 № 23-од https://tavda-rodnichok.profiedu.ru/sveden/document
A28: 24 | B28: Муниципальное автономное образовательное учреждение дополнительного образования - Загородный оздоровительный лагерь Городского округа «город Ирбит» Свердловской области «Оздоровительно-образовательный центр «Салют», МАОУ ДО ЗОЛ «ООЦ »САЛЮТ» (Оздоровительно-образовательный центр «Салют») | C28: Муниципальное автономное учреждение | D28: Бессонова Татьяна Геннадьевна | E28: 6676001945 | F28: 623811, Свердловская обл., Ирбитский р-н, урочище "Белая горка", 3км+195 м. (слева) автомобильной дороги "д. Речкалова - д. Симонова". 623811, Свердловская обл., Ирбитское МО, урочище "Белая горка" 3км+415 м. (слева) автомобильной дороги "д. Речкалова - д. Симонова"; тел.: 8(34355)6-45-32, 5-18-90; email: info@salytzol.ru | G28: http://irbitsalut.ru | H28: Загородная организация отдыха детей и их оздоровления | I28: Круглогодичный | J28: 03.01.2026-09.01.2026, 14.02.2026-20.02.2026, 28.03.2026-03.04.2026, 30.05.2026-12.06.2026, 15.06.2026-28.06.2026, 01.07.2026-14.07.2026, 17.07.2026-30.07.2026, 02.08.2026-15.08.2026, 18.08.2026-31.08.2026, 26.10.2026-01.11.2026 | K28: 1632.64 | L28: 6,5 - 18 лет | M28: Количество смен в год: 10. Мощность: 330. Проживание: капитальные здания - 2 этажа (спальные комнаты, игровые комнаты, помещения для кружков, туалетные комнаты). Питание: шестиразовое. | N28: Отсутствует. | O28: Дата ввода: 1949 год (столовая, здание литер Б), 1972 год (здание литер А, здание литер В), 1982 год (здание литер А3 — два объекта). Дата капитального ремонта: 2022–2023 г. (столовая, здание литер Б), 2023 год (здание литер А3 — два объекта), 2024 год (здание литер В), 2025 год (здание литер А). | P28: №66.01.37.000.М.001161.05.26 от 21.05.2026 | Q28: В 2024 г.: Территориальным отделом РПН по Свердловской области в Ирбите, Ирбитском, Слободо-Туринском, Тавдинском, Таборинском и Туринском районах: 1) Плановая выездная проверка: в период 03.06.2024г. - 17.06.2024г., акт от 17.06.2024 №66-04-12/11-2624-2024. Имеется предписание, одно замечание на стадии исполнения; 2) Плановая выездная проверка в период 05.08.2024г. - 16.08.2024г.; акт от 16.08.2024 №66-04-12/11-1355-2024. Замечания устранены. | R28: №Л041-01021-66/04284107 от 03.02.2026 | S28: Отсутствует | T28: Объект доступен для детей с ОВЗ и детей-инвалидов по следующим нозологиям: для передвигающихся на креслах-колясках, с нарушениями опорно-двигательного аппарата, с нарушениями слуха, с умственными нарушениями (доступен частично (с организацией дополнительной помощи сотрудника)); с нарушениями зрения (объект доступен условно (с организацией дополнительной помощи сотрудника). Паспорт доступности от 27.01.2025 | U28: Программа воспитания утверждена МАОУ ДО ЗОЛ "ООЦ "Салют" Приказ №33/1 от 16.05.2023 Ссылка: https://irbitsalut.ru/uploadedFiles/files/programma-vospitaniya/programma-vospitaniya.pdf
A29: 25 | B29: Муниципальное автономное оздоровительно-образовательное учреждение дополнительного образования «Детский центр «Гурино», МАООУ ДО «ДЦ «Гурино» ( Детский центр «Гурино») | C29: Муниципальное автономное учреждение | D29: Пестова Елена Владимировна | E29: 6633020189 | F29: 623650, Свердловская обл., Тугулымский р-н, д. Гурина; тел.: 8(34367)2-16-50; email: gurino1@mail.ru | G29: https://lager-gurino.profiedu.ru | H29: Загородная организация отдыха детей и их оздоровления | I29: Сезонный | J29: 01.06.2026-14.06.2026, 16.06.2026-29.06.2026, 01.07.2026-21.07.2026, 23.07.2026-05.08.2026, 07.08.2026-20.08.2026, 22.08.2026-28.08.2026 | K29: 1495 | L29: 6,5 - 17 лет | M29: Количество смен в год: 5. Мощность: 175. Проживание: 9 спальных корпусов, по 5-9 человек в комнате, удобства на улице. Питание: пятиразовое, столовая 120 мест. | N29: Отсутствует. | O29: Дата ввода: 1948 год (спальные корпуса № 1, 2, 3, 4, 6, 7, 8, 9). | P29: №66.01.37.000.М.001625.06.26 от 02.06.2026 | Q29: В 2025 г.: предписание ОНД и ПР Талицкого ГО, Тугулымского ГО УНД и ПР ГУ МЧС России по Свердловской области от 05.05.2025 № 66250061000217954260: 3 замечания, срок исполнения 01.09.2025. Устранено 3 замечания. В 2025 г. предписание Управления Роспотребнадзора по Свердловской области от 28.07.2025 № 66-14-12/11-3211-2025: 21 замечание, срок исполнение 20.04.2026. Устранено 16 замечаний. | R29: Отсутствует. Договор № 19-2026/МСП от 31.03.2026 | S29: Отсутствует | T29: Объект доступен для детей с ОВЗ и детей-инвалидов по следующим нозологиям: слабовидящие, слабослышащие. Паспорт доступности от 09.04.2025 | U29: Программа утверждена приказом от 17.02.2026 № 4. Ссылка на программу: https://clck.su/HylMe
A30: 26 | B30: Муниципальное автономное учреждение «Загородный оздоровительный лагерь для детей «Чайка», МАУ «ЗОЛ для детей «Чайка» (Загородный оздоровительный лагерь для детей «Чайка») | C30: Муниципальное автономное учреждение | D30: Глазырина Светлана Викторовна | E30: 6619012965 | F30: 623300, Свердловская обл., Красноуфимский р-н, д. Межевая, примерно в 300 метрах на восток от дома № 1 по ул. Набережная; тел.: 8 (343 94) 6-83-04, 8 (343 94) 6-81-81; email: glazirina---73@mail.ru | G30: https://chayka-kruf.nasmene.ru/ | H30: Загородная организация отдыха детей и их оздоровления | I30: Сезонный | J30: 27.05.2026-09.06.2026, 11.06.2026-01.07.2026, 03.07.2026-16.07.2026, 18.07.2026-31.07.2026, 02.08.2026-15.08.2026, 17.08.2026-30.08.2026 | K30: 21 800,0 (14 дн.); 32 700,0 (21 дн.) | L30: 6,5 - 17 лет | M30: Количество смен в год: 6. Мощность: 205. Проживание: 4 корпуса, по 4-12 человек в комнате, удобства на этаже. Стадион, клуб, медпункт. Питание: пятиразовое, столовая 200 мест. | N30: Отсутствует. | O30: Дата ввода: 1952–1980 годы (основные здания — период постройки), декабрь 2025 года (модульный быстровозводимый спальный корпус на 49 человек). Дата капитального ремонта: 2014 год (столовая), 2016 год (1-й корпус), 2017 год (клуб), 2018 год (3-й корпус), 2019 год (2-й корпус). | P30: №66.01.37.000.М.001239.05.26 от 22.05.2026 | Q30: В 2025 г.: Проведена проверка Роспотребнадзора с 02.06.2025 по 17.07.2025. Получены предписания об устранении выявленных нарушений и о проведении мероприятий по предотвращению причинения вреда № 6/2025-224/2 от 17.06.2025 г. Срок исполнения 01.06.2026 г. | R30: Отсутствует. Договор № 109 от 14.01.2025 | S30: №ЛО-35-01277-66/03079497 от 29.08.2025 | T30: Объект доступен для детей с ОВЗ и детей-инвалидов по следующим нозологиям: слабослышащие, с нарушением опорно-двигательного аппарата; с умственными нарушениями. Паспорт доступности объекта утвержден Приказ № 05-од от 01.04.2026 г. | U30: Программа утвердена приказом № 10-од от 20.05.2025 г. Ссылка на программу: https://chayka-kruf.nasmene.ru/lager/org-recreation/documents
A31: 27 | B31: Муниципальное автономное учреждение Загородный оздоровительный лагерь для детей «Черкасово», МАУ ЗОЛ «Черкасово» (Загородный оздоровительный лагерь для детей «Черкасово») | C31: Муниципальное автономное учреждение | D31: Комягина Ксения Валерьевна | E31: 6645003068 | F31: 623310, Свердловская обл., Красноуфимский р-н, на левом берегу р.Уфа в 2-х км на юг от ориентира д.Чигвинцево; тел.: 8(950)646-50-68, 8(908)913-58-14 (Директор); email: cherkasovo2013@bk.ru | G31: https://cherkasovo.nasmene.ru/ | H31: Загородная организация отдыха детей и их оздоровления | I31: Сезонный | J31: 02.06.2026-22.06.2026, 24.06.2026-14.07.2026, 16.07.2026-05.08.2026, 07.08.2026-27.08.2026 | K31: 1433 | L31: 6,5 - 17 лет | M31: Количество смен в год: 4. Мощность: 200. Проживание: 8 кирпичных одноэтажных корпусов, в каждом корпусе по 25 спальных мест. Бассейн, клуб на 200 мест, открытая летняя эстрада; библиотека на 20 мест, кинозал на 50 мест, баскетбольная, волейбольная площадка, настольный теннис, беговая дорожка, помещения для работы кружков. Питание: пятиразовое. | N31: Имеется. | O31: Дата ввода: 1963 год Дата капитального ремонта: 2017 год, 2018-2025 (текущие ремонты) | P31: №66.01.37.000.М.001357.05.26 от 27.05.2026 | Q31: Предписания Роспотребнадзора №374/2025-23/1 | R31: В процессе оформления. Заключен договор №23004 от 29.01.2026 на получение лицензии на осуществление медицинской деятельности. | S31: Отсутствует | T31: Объект недоступен для детей с ОВЗ и детей-инвалидов | U31: Ссылка на программу: https://cherkasovo.nasmene.ru/sveden/education
A32: 28 | B32: Муниципальное автономное учреждение Детский оздоровительный лагерь «Спутник», МАУ ДОЛ «Спутник» (Детский оздоровительный лагерь «Спутник») | C32: Муниципальное автономное учреждение | D32: Фадеева Елена Валерьевна | E32: 6619015765 | F32: 623070, Свердловская обл., Нижнесергинский р-н, пгт. Верхние Серги, район Козинского водохранилища; тел.: 8(34398)2-41-44; email: sputnik14@bk.ru | G32: https://sputnik.nasmene.ru/ | H32: Загородная организация отдыха детей и их оздоровления | I32: Сезонный | J32: 30.05.2026-05.06.2026, 07.06.2026-20.06.2026, 23.06.2026-06.07.2026, 09.07.2026-22.07.2026, 25.07.2026-07.08.2026, 09.08.2026-29.08.2026 | K32: 1331 | L32: 6,5 - 17 лет | M32: Количество смен в год: 6. Мощность: 56. Проживание: в номерах по 7 чел. Питание: пятиразовое. | N32: Отсутствует. | O32: Дата ввода: 1954 год. | P32: №66.01.37.000.М.001322.05.26 от 26.05.2026 | Q32: В 2024 г.: Проведена проверка Роспотребнадзора. Получены рекомендации по соблюдению обязательных требований № 66-11-01/04-4687-2024 от 07.06.2024.Замечания устранены. | R32: Отсутствует. Договор с Нижнесергинской ЦРБ от 30.03.2026 №1\2026. | S32: №Л035-01277-66/00754705 от 31.10.2023 | T32: Объект условно доступен для детей и ОВЗ и инвалидов по следующим нозологиям: с нарушениями опорно-двигательного аппарата, с нарушениями зрения, с нарушениями слуха, с умственными нарушениями . Паспорт доступности от 20.05.2022 | U32: Программа воспитания утверждена МАУ ДОЛ "Спутник " Приказ № 5 от 14.08.2025 г. Ссылка на программу: https://sputnik.nasmene.ru/?section_id=157
A33: 29 | B33: Частное учреждение «Физкультурно-оздоровительный комплекс «Гагаринский», ЧУ «ФОК «Гагаринский» (Физкультурно-оздоровительный комплекс «Гагаринский») | C33: Частное учреждение | D33: Аликина Ольга Владимировна | E33: 6625040819 | F33: 623116, Свердловская обл., г. Первоуральск, территория ФОК Гагаринский, владение 1, стр. 10; тел.: 8(900)041-42-00; email: fok@rimera.com | G33: http://fokgagarin.ru/ | H33: Загородная организация отдыха детей и их оздоровления | I33: Круглогодичный | J33: 03.01.2026-10.01.2026, 01.06.2026-21.06.2026, 24.06.2026-14.07.2026, 17.07.2026-06.08.2026, 09.08.2026-29.08.2026, 26.10.2026-01.11.2026, 03.01.2027-11.01.2027 | K33: 2914,29 - зима 2026г (7 дн.); 2857,14 - лето (21 дн.); 3142,86 -осень (7 дн.); 3428,57 - зима 2027г. (7 дн.) | L33: 6,6 - 17 лет | M33: Количество смен в год: 6. Мощность: 530. Проживание: размещение детей в двухэтажных кирпичных корпусах, четырехместные номера, удобства на этаже. На территории есть крытый спортивный зал 800 кв. м, крытый бассейн большая чаша 25 метров и две малые чаши для маленьких детей, кинозал, стадион, две волейбольные площадки, беговые дорожки, пейнтбольная площадка, площадка воркаут. Питание: комплексное пятиразовое. | N33: Имеется. | O33: Дата ввода: 1993 год. Дата капитального ремонта: 2011 год (корпус № 1 и клуб-столовая) | P33: №66.01.37.000.М.001275.05.26 от 26.05.2026 | R33: №Л041-01021-66/04677985 от 27.03.2026 | S33: №20408 от 11.09.2020 | T33: Объект условно доступен для детей с ОВЗ и детей-инвалидов по следующим нозологиям: с нарушениями опорно-двигательного аппарата, с нарушениями зрения, с нарушениями слуха, с умственными нарушениями. Паспорт доступности от 20.05.2022 | U33: Ссылка на программу: https://obresurs.ru/service/dopolnitelnoe-obrazovanie-detey-i-vzroslyh
A34: 30 | B34: Муниципальное бюджетное учреждение Детский оздоровительный лагерь «Лесная сказка», МБУ ДОЛ «Лесная сказка» (Детский оздоровительный лагерь «Лесная сказка») | C34: Муниципальное бюджетное учреждение | D34: Чудинова Ольга Борисовна | E34: 6626011560 | F34: 623380, Свердловская обл., Полевской м.о., территория Детский оздоровительный лагерь Лесная сказка; тел.: 8(34350)5-19-90; email: dolskazka@yandex.ru | G34: https://dol-skazka.ekb.muzkult.ru/ | H34: Загородная организация отдыха детей и их оздоровления | I34: Сезонный | J34: 05.06.2026-25.06.2026, 28.06.2026-11.07.2026, 14.07.2026-27.07.2026, 30.07.2026-12.08.2026, 15.08.2026-28.08.2026 | K34: 1744.5 | L34: 6,5- 18 лет | M34: Количество смен в год: 5. Мощность: 167. Проживание: 5 спальных, каменных, одноэтажных, отапливаемых корпусов; количество детей в комнатах от трех до семи человек в зависимости от площади комнаты. Питание: столовая на 180 мест, питание пятиразовое организовано в 2 смены для более комфортабельного размещения детей в обеденном зале. | N34: Отсутствует. | O34: Дата ввода: 1972 г. Дата капитального ремонта: 2019 г. | P34: №66.01.37.000.М.001630.06.26 от 03.06.2026 | Q34: В 2025 г.: Министерство РФ по делам ГО, ЧС и ликвидации последствий стихийных бедствий. Отдел надзорной деятельности и профилактической работы ГО Ревды, ГО Дектярск, Полевского ГО УНД и ПР. Акт проверки № 2505/024-66/56-В/РВП от 26.05.2025. Нарушения не выявлены. на Министерство РФ по делам ГО, ЧС и ликвидации последствий стихийных бедствий. Отдел надзорной деятельности и профилактической работы ГО Ревды, ГО Дектярск, Полевского ГО УНД и ПР. Акт проверки № 2605/024-66/70-В/АВП от 27.05.2026. Нарушения не выявлены. | R34: №Л041-01021-66/03730842 от 12.11.2025 | S34: Отсутствует | T34: Объект частично доступен для детей и ОВЗ и инвалидов по следующим нозологиям: дети с нарушением речи; дети с нарушением поведения и общения; дети с соматическими заболеваниями. | U34: https://dol-skazka.ekb.muzkult.ru/docs
A35: 31 | B35: Загородный детский оздоровительный лагерь «Городок солнца» Северского трубного завода филиала публичного акционерного общества «Трубная металлургическая компания», ЗДОЛ «Городок солнца» СТЗ филиала ПАО «ТМК» (Детский оздоровительный лагерь «Городок солнца») | C35: Структурное подразделение | D35: Погребняк Елена Юрьевна | E35: 7710373095 | F35: 623380, Свердловская обл., г. Полевской, 3 км. южнее деревни Раскуиха; тел.: 8(34350) 4-55-44, доб. 78 543; email: pogrel92@mail.ru | G35: www.tmk-group.ru | H35: Загородная организация отдыха детей и их оздоровления | I35: Сезонный | J35: 24.06.2026-07.07.2026, 11.07.2026-24.07.2026, 28.07.2026-10.08.2026 | K35: 3930 | L35: 6,5 - 15 лет | M35: Количество смен в год: 3. Мощность: 331. Проживание: в одноэтажных и двухэтажных благоустроенных корпусах по 4-8 человек в комнате. Душевые и туалетные комнаты в соответствии с санитарными нормами. Крытый бассейн. Питание: пятиразовое, выборочное меню с элементами шведского стола. | N35: Имеется. | O35: Дата ввода: 1962 год (основные объекты загородного лагеря), 1989 год (корпус № 9), 1991 год (столовая на 720 мест), 1998 год (крытый бассейн), 2014 год (медицинский корпус), 2017 год (газовая котельная), 2019 год (корпус № 1), 2020 год (корпус № 2). Дата капитального ремонта: 2012 год (корпус № 8), 2013 год (корпус № 7), 2015 год (корпус № 6), 2018 год (корпус № 5). | P35: №66.01.37.000.М.001778.06.26 от 24.06.2026 | Q35: В 2024 г.: Управления Роспотребнадзора по Свердловской области. Акт проверки № 66-15-12/36-12-498-2024 от 02.08.2024. Замечания устранены. Министерство РФ по делам ГО, ЧС и ликвидации последствий стихийных бедствий. Отдел надзорной деятельности и профилактической работы ГО Ревды, ГО Дектярск, Полевского ГО УНД и ПР. Акт проверки № 2407/024/66/105-П/АВП от 08.08.2024. Нарушения не выявлены. | R35: №Л041-01021-66/00383919 от 26.08.2020 | S35: Отсутствует | T35: Объект недоступен для детей с ОВЗ и детей-инвалидов. | U35: Программа и план воспитательной работы на 2026 год будут размещены https://stz.tmk-group.ru/sever_soc
A36: 32 | B36: Муниципальное автономное учреждение «Загородный оздоровительный лагерь «Медная горка», МАУ «ЗОЛ «Медная горка» (Загородный оздоровительный лагерь «Медная горка») | C36: Муниципальное автономное учреждение | D36: Агапова Роза Равильевна | E36: 6686056559 | F36: 624080, Свердловская обл., г.о. Верхняя Пышма, п. Санаторный, южный берег оз. Балтым, МАУ ЗОЛ "Медная горка"; тел.: 8(34368) 3-69-69; email: info@medgorka.ru | G36: http://medgorka.ru | H36: Загородная организация отдыха детей и их оздоровления | I36: Круглогодичный | J36: 04.01.2026-10.01.2026, 07.02.2026-13.02.2026, 16.02.2026-22.02.2026, 28.03.2026-03.04.2026, 27.05.2026-16.06.2026, 18.06.2026-01.07.2026, 03.07.2026-16.07.2026, 18.07.2026-31.07.2026, 02.08.2026-15.08.2026, 17.08.2026-30.08.2026, 31.08.2026-09.09.2026, 24.10.2026-30.10.2026 | K36: 2960 | L36: 6,5 - 17 лет | M36: Количество смен в год: 12. Мощность: 246. Проживание: корпуса на 38 человек; трех, семи и десятиместные номера с удобствами в корпусе. Питание: пятиразовое. | N36: Имеется. | O36: Дата ввода: 1990 год (здания жилых корпусов, здание столовой, объекты досуга, здание медицинского блока), 2023 год (досуговый центр). Дата капитального ремонта: 2014 и 2019 годы (здания жилых корпусов), 2015 год (здание медицинского блока), 2016 год (здание столовой), 2018 год (объекты досуга — веранда, спортивная площадка). | P36: №66.01.37.000.М.000967.05.26 от 13.05.2026 | Q36: В 2025 г.: МО МВД РФ "Верхнепышминский" Федеральный государственный контроль (надзор) в области безопасности дорожного движения, профилактический визит 31.01.2025. Государственная инспекция труда в СО Федеральный государственный контроль (надзор) за соблюдением трудового законодательства и иных нормативных правовых актов, содержащих нормы трудового права. профилактический визит 28.03.2025г. Главное управление министерства РФ по делам гражданской обороны, чрезвычайным ситуациям и ликвидации последствий стихийных бедствий по СО. Федеральный государственный пожарный надзор, выездная внеплановая КНП 12.05.2025г. Министерство образования СО; Федеральный государственный контроль (надзор)в сфере образования, вид: объявление предостережения 19.05.2025г, Управление Роспотребнадзора СО, Федеральный государственный санитарно-эпидемиологический контроль (надзор), выездная проверка плановая КНМ 21.05.2025г. Управление Роспотребнадзора СО, Федеральный государственный санитарно-эпидемиологический контроль (надзор), выездная проверка плановая КНМ 04.07.2025г. | R36: №ЛО-66-01-005526 от 09.08.2018 | S36: №20311 от 23.03.2020 | T36: Созданы условия доступности услуг для детей с ограниченными возможностями здоровья, в том числе для маломобильной группы населения. | U36: Ссылка на программу: http://docs.google.com/viewer?url=http://medgorka.ru/upload/iblock/3c5/mzft8lkhl0w0gaxrxymfo6839o4v6fwa/2026-god-PVR.pdf
A37: 33 | B37: Публичное акционерное общество «Корпорация ВСМПО-АВИСМА», ПАО «Корпорация ВСМПО-АВИСМА» (Детский загородный лагерь «Тирус») | C37: Публичное акционерное общество | D37: Куличенко Светлана Владимировна | E37: 6607000556 | F37: 624760, Свердловская обл., г. Верхняя Салда, база отдыха "Тирус"; тел.: 8(34345)6-03-30; email: kulichenko_sv@vsmpo-avisma.ru | G37: https://dltirus.vsmpo.ru/ | H37: Загородная организация отдыха детей и их оздоровления | I37: Сезонный | J37: 01.06.2026-14.06.2026, 16.06.2026-29.06.2026, 01.07.2026-14.07.2026, 17.07.2026-30.07.2026, 01.08.2026-14.08.2026, 16.08.2026-29.08.2026 | K37: 2708,00(6-11 лет); 2860,00( от 12 лет) | L37: 6,5-15 лет | M37: Количество смен в год: 6. Мощность: 220. Проживание: спальные помещения на 4-х человек. Питание: пятиразовое | N37: Отсутствует. | O37: Дата ввода: 1992 г. Дата капитального ремонта: 2025 г. | P37: №66.01.37.000.М.001314.05.26 от 26.05.2026 | Q37: В 2024 г.: Предписание № 66-09-12/16-9394-2025 от 18.08.2025, ТО Управления Роспотребнадзора по Свердловской области. (замечания устранены) | R37: Отсутствует | S37: Отсутствует | T37: Объект условно доступен для детей с ОВЗ и детей-инвалидов. | U37: Ссылка: https://dltirus.vsmpo.ru
A38: 34 | B38: Муниципальное автономное образовательное учреждение дополнительного образования «Детско-юношеский центр», МАОУ ДО «ДЮЦ» (Загородный оздоровительный лагерь «Лесная сказка») | C38: Муниципальное автономное учреждение | D38: Чукавина Елена Петровна | E38: 6607010995 | F38: 624760, Свердловская обл., г. Верхняя Салда, Загородный оздоровительный лагерь "Лесная сказка"; тел.: 8(34345) 5-06-65; email: elena_chukavina@mail.ru | G38: https://ducvs.uralschool.ru/?section_id=40 | H38: Загородная организация отдыха детей и их оздоровления | I38: Сезонный | J38: 01.06.2026-14.06.2026, 16.06.2026-29.06.2026, 01.07.2026-21.07.2026, 23.07.2026-12.08.2026, 14.08.2026-27.08.2026 | K38: 1255 | L38: 6,5 - 17 лет | M38: Количество смен в год: 5. Мощность: 226. Проживание: три двухэтажных здания для проживания, на этаже расположены 8 жилых комнат по 4 человека, две комнаты по 2 человека, комната гигиены, душ, два туалета. Спортивный зал. Библиотека. Медпункт. Питание: пятиразовое, обеденный зал на 250 мест. | N38: Имеется. | O38: Дата ввода: 1982 г. Дата капитального ремонта: 2019 г. | P38: № 66.01.37.000.М.001276.05.26 от 26.05.2026 | Q38: В 2025 г.: предписание РПН: ремонт лифта для подъёма продуктов | R38: Отсутствует. Договор оказания медицинской помощи детям в загородном оздоровительном лагере «Лесная сказка» в период оздоровления летом 2026 года от 25.05.2026 № 006-26 | S38: №Л035-01277-66/00195417 от 11.11.2015 | T38: Объект доступен частично для детей с ОВЗ и детей-инвалидов по следующим нозологиям: глухие и слабослышащие, слепые и слобовидящие, дети с нарушениями опорно-двигательной системы, дети с тяжелыми нарушениями речи, дети с ментальными нарушениями, дети с соматическими заболеваниями. Паспорт доступности от 20.03.2024 | U38: Программа воспитания утверждена приказом "ДЮЦ" от 20.04.2026 № 35, https://lager-ducvs.uralschool.ru/lager/work
A39: 35 | B39: Муниципальное автономное учреждение «Детский оздоровительный комплекс «Звездный» имени Виктора Григорьевича Удовенко, МАУ «ДОК «Звёздный» им. В.Г. Удовенко» (Детский оздоровительный комплекс «Звездный») | C39: Муниципальное автономное учреждение | D39: Шарифуллина Галина Николаевна | E39: 6623064959 | F39: 622911, Свердловская обл., Пригородный р-н, п. Леневка, п/о Николо-Павловское; тел.: 8(3435) 37-83-22; email: zvezdnynt@yandex.ru | G39: https://звёздный.образование-нт.рф/ | H39: Загородная организация отдыха детей и их оздоровления | I39: Круглогодичный | J39: 28.03.2026-03.04.2026, 01.06.2026-21.06.2026, 24.06.2026-07.07.2026, 10.07.2026-23.07.2026, 26.07.2026-08.08.2026, 11.08.2026-24.08.2026, 25.10.2026-31.10.2026, 30.12.2026-05.01.2027 | K39: 1213.68 | L39: 6,5 - 17 лет | M39: Количество смен в год: 8. Мощность: 175. Проживание: в шести отдельно стоящих, капитальных, отапливаемых, двухэтажных спальных корпусах, по 3 человека в комфортабельных комнатах с санузлами в номерах. Централизованное горячее и холодное водоснабжение (3 артезианские скважины). Питание: шестиразовое. Столовая рассчитана на 175 мест, расположена в отдельно стоящем корпусе (Клуб-столовая). | N39: Отсутствует. | O39: Дата ввода: 2000 год (объекты комплекса). Дата капитального ремонта: 2023 год (пять цехов пищеблока), 2024 год (утепление фасада приёмно-медицинского корпуса), 2025 год (фасад здания корпуса № 3), 2026 год (замена малого грузового лифта № 1 и № 2, а также замена грузового выжимного лифта № 3 в корпусе клуб-столовая). | P39: №66.01.37.000.М.001313.05.26 от 26.05.2026 | Q39: Объект доступен для детей с ОВЗ и детей-инвалидов по следующим нозологиям: для детей с нарушениями функций слухового аппарата; для детей с нарушениями функций зрительного анализатора (частично доступен), с хроническими соматическими заболеваниями (частично доступен). Паспорт доступности от 20.04.2026 | R39: №ЛО-66-01-005090 от 04.12.2017 | S39: Отсутствует | T39: Паспорта доступности от 16.01.2026 https://clck.ru/3Toqqi https://clck.ru/3Toqrw https://clck.ru/3ToqtJ https://clck.ru/3ToquV https://clck.ru/3Toqvb https://clck.ru/3ToqwV | U39: Программа воспитательной работы: https://clck.ru/3TorTW Календарный план: https://clck.ru/3TorUX
A40: 36 | B40: Публичное акционерное общество «ЕВРАЗ» филиал «Нижнетагильский металлургический комбинат» Детский оздоровительный комплекс «Баранчинские огоньки», ПАО «ЕВРАЗ» филиал «НТМК» ДОК «Баранчинские огоньки» (Детский оздоровительный комплекс «Баранчинские огоньки») | C40: Филиал юридического лица | D40: Цапина Алла Викторовна | E40: 6623000680 | F40: 622000, Свердловская обл., м.о. город Нижний Тагил, п. Евстюниха, Екатеринбург - Серов территория, 156-ой километр; тел.: 8(3435)49-80-13, 8-906-85-64-193; email: Alla.Tsapina@evraz.com | G40: https://barancha-nt.ru | H40: Загородная организация отдыха детей и их оздоровления | I40: Круглогодичный | J40: 03.01.2026-10.01.2026, 01.06.2026-14.06.2026, 19.06.2026-02.07.2026, 07.07.2026-24.07.2026, 28.07.2026-10.08.2026, 14.08.2026-27.08.2026, 25.10.2026-01.11.2026 | K40: 3099 | L40: 7 - 15 лет | M40: Количество смен в год: 7. Мощность: 210. Проживание: в семи отдельно стоящих, капитальных, отапливаемых, одноэтажных спальных корпусах, по 4 человека в комфортабельных комнатах, горячее и холодное водоснабжение (3 артезианские скважины). Питание: шестиразовое. Столовая рассчитана на 250 мест, расположена в отдельно стоящем здании. | N40: Отсутствует. | O40: Дата ввода: 1962 год (объекты комплекса). Дата капитального ремонта: 2020–2021 годы (жилые корпуса), 2025 год (замена кровли пищеблока). | P40: №66.01.37.000.М.001302.05.26 от 26.05.2026 | Q40: В 2025 г.: Предписания Управления Федеральной службы по надзору в сфере защиты прав потребителей и благополучия человека по Свердловской области: №66-09-12/16-6588-2025 от 23.06.2025- выполнено, №66-09-12/16-9098-2025 от 15.08.2025 - выполнено. | R40: Отсутствует. Договор ДГНТЗ-015391 от 26.11.2018 | S40: Отсутствует | T40: Объект доступен для детей с ОВЗ и детей-инвалидов по следующим нозологиям: слабослышащие, слабовидящие, дети с соматическими заболеваниями. Паспорта доступности нет. | U40: Программа воспитательной работы утверждена Директором ДОК "Баранчинские огоньки" Приказ №1 от 31.05.2025г. Ссылка на программу: https://disk.yandex.ru/i/8t6Wjx6iBuF1KQ
A41: 37 | B41: Муниципальное автономное учреждение «Центр организации отдыха и оздоровления детей», МАУ «ЦОО и ОД» (Загородный оздоровительный лагерь «Антоновский») | C41: Муниципальное автономное учреждение | D41: Курносенко Александр Владимирович | E41: 6623036366 | F41: 622001, Свердловская обл., г. Нижний Тагил, п. Антоновский; тел.: 8(3435)41-13-38; email: center_otdycha@mail.ru | G41: https://цооиод.рф | H41: Загородная организация отдыха детей и их оздоровления | I41: Круглогодичный | J41: 28.03.2026-03.04.2026, 01.06.2026-14.06.2026, 17.06.2026-30.06.2026, 03.07.2026-16.07.2026, 19.07.2026-01.08.2026, 03.08.2026-16.08.2026 | K41: 1167 | L41: 6,5-17 лет | M41: Количество смен в год: 6. Мощность: 190. Проживание: трехэтажные капитальные корпуса, централизованное горячее и холодное водоснабжение. Комнаты на 4 человека. Удобства на этаже. Клуб, актовый зал, библиотека с читальным залом, футбольное поле, волейбольная и баскетбольная площадки. Медпункт. Питание: шестиразовое, столовая 160 мест. | N41: Отсутствует. | O41: Дата ввода: 1983 г. | P41: №66.01.37.000.М.001509.05.26 от 28.05.2026 | Q41: В 2025 г.: Управление Федеральной службы по надзору в сфере защиты прав потребителей и благополучия человека по Свердловской области Территориальный отдел в городе Нижний Тагил, Пригородном, Верхнесалдинском районах, городе Нижняя Салда, городе Кировгради Невьянском районе":Предписание об устранении выявленных нарушений обязательных требований" №66-09-12/16-6935-2025 от 24.06.2025. Срок исполнения 15.07.2025; частично выполнены. Предписание ОНДиПР города Нижний Тагил и Горноуральского городского округа № 2505/022-66/206-В/ПВП от 27.05.2025- Об устранении выявленных нарушений требований пожарной безопасности. Частично выполнены. | R41: Отсутствует. Договор на оказание медицинского обслуживания в процессе заключения | S41: Отсутствует | T41: Объект недоступен для детей с ОВЗ и детей-инвалидов. | U41: Программа воспитания утверждена МАУ "ЦООиОД" , приказ от 15.05.2025 № 2025.05.15 Ссылка на программу: https://цооиод.рф/node/18
A42: 38 | B42: Муниципальное автономное учреждение «Центр организации отдыха и оздоровления детей», МАУ «ЦОО и ОД» (Загородный оздоровительный лагерь «Уральский огонек) | C42: Муниципальное автономное учреждение | D42: Киряева Ольга Ивановна | E42: 6623036366 | F42: 622026, Свердловская обл., г. Нижний Тагил, п. Евстюниха; тел.: 8(3435)41-13-38; email: center_otdycha@mail.ru | G42: https://цооиод.рф | H42: Загородная организация отдыха детей и их оздоровления | I42: Круглогодичный | J42: 28.03.2026-03.04.2026, 04.06.2026-17.06.2026, 20.06.2026-03.07.2026, 06.07.2026-19.07.2026, 22.07.2026-04.08.2026, 07.08.2026-20.08.2026, 25.10.2026-31.10.2026, 30.12.2026-05.01.2027 | K42: 1167 | L42: 6,5-17 лет | M42: Количество смен в год: 8. Мощность: 210. Проживание: четыре благоустроенных корпуса с двухместными и трёхместными комнатами. Клуб, библиотека, комнаты для кружковой работы. Спортивный клуб с теннисными, бильярдными залами. Тир, баскетбольная, волейбольная, стритбольная площадки, футбольное поле, тренажерная площадка. Питание: шестиразовое, столовая 220 мест. | N42: Отсутствует. | O42: Дата ввода: 1959 г. | P42: №66.01.37.000.М.001608.06.26 от 02.06.2026 | Q42: В 2025 г.: Управление Федеральной службы по надзору в сфере защиты прав потребителей и благополучия человека по Свердловской области Территориальный отдел в городе Нижний Тагил, Пригородном, Верхнесалдинском районах, городе Нижняя Салда, городе Кировгради Невьянском районе":Предписание об устранении выявленных нарушений обязательных требований" №66-09-12/16-6935-2025 от 24.06.2025. Срок исполнения 15.07.2025; частично выполнены. Предписание ОНДиПР города Нижний Тагил и Горноуральского городского округа № 2505/022-66/193-В/ПВП от 28.05.2025- Об устранении выявленных нарушений требований пожарной безопасности. Частично выполнены. | R42: Отсутствует. Договор на оказание медицинского обслуживания в процессе заключения | S42: Отсутствует | T42: Объект недоступен для детей с ОВЗ и детей-инвалидов. | U42: Программа воспитания утверждена МАУ "ЦООиОД" , приказ от 15.05.2025 № 2025.05.15 Ссылка на программу: https://цооиод.рф/node/18
A43: 39 | B43: Муниципальное автономное учреждение «Центр организации отдыха и оздоровления детей», МАУ «ЦОО и ОД» (Загородный оздоровительный лагерь «Солнечный») | C43: Муниципальное автономное учреждение | D43: Попов Юрий Михайлович | E43: 6623036366 | F43: 622211, Свердловская обл., г. Нижний Тагил, Пригородный р-н, с. Николо-Павловское; тел.: 8(3435)41-13-38; email: center_otdycha@mail.ru | G43: https://цооиод.рф | H43: Загородная организация отдыха детей и их оздоровления | I43: Сезонный | J43: 07.06.2026-20.06.2026, 22.06.2026-12.07.2026, 14.07.2026-27.07.2026, 29.07.2026-11.08.2026, 13.08.2026-26.08.2026 | K43: 1098 | L43: 6,5-17 лет | M43: Количество смен в год: 5. Мощность: 144. Проживание: два благоустроенных двухэтажных корпуса с удобствами, душевыми на этажах, четырёхместные комнаты.Пресс-центр, помещения для организации деятельности по интересам, библиотека, игровые комнаты, спортплощадки для футбола, волейбола, баскетбола. Питание: шестиразовое, столовая | N43: Отсутствует. | O43: Дата ввода: 1961 г. | P43: №66.01.37.000.М.001632.06.26 от 03.06.2026 | Q43: В 2025 г.: Управление Федеральной службы по надзору в сфере защиты прав потребителей и благополучия человека по Свердловской области Территориальный отдел в городе Нижний Тагил, Пригородном, Верхнесалдинском районах, городе Нижняя Салда, городе Кировгради Невьянском районе":Предписание об устранении выявленных нарушений обязательных требований" №66-09-12/16-6935-2025 от 24.06.2025. Срок исполнения 15.07.2025; частично выполнены. Предписание ОНДиПР города Нижний Тагил и Горноуральского городского округа № 2505/022-66/179-В/ПВП от 12.05.2025- Об устранении выявленных нарушений требований пожарной безопасности. Частично выполнены. | R43: Отсутствует. Договор на оказание медицинского обслуживания в процессе заключения | S43: Отсутствует | T43: Объект недоступен для детей с ОВЗ и детей-инвалидов | U43: Программа воспитания утверждена МАУ "ЦООиОД" , приказ от 15.05.2025 № 2025.05.15 Ссылка на программу: https://цооиод.рф/node/18
A44: 40 | B44: Муниципальное автономное учреждение «Центр организации отдыха и оздоровления детей», МАУ «ЦОО и ОД» (Загородный оздоровительный лагерь «Звонкие голоса») | C44: Муниципальное автономное учреждение | D44: Зингер Анна Сергеевна | E44: 6623036366 | F44: 622026, Свердловская обл., г. Нижний Тагил, п. Евстюниха; тел.: 8(3435)41-13-38; email: center_otdycha@mail.ru | G44: https://цооиод.рф | H44: Загородная организация отдыха детей и их оздоровления | I44: Сезонный | J44: 06.06.2026-19.06.2026, 21.06.2026-11.07.2026, 13.07.2026-26.07.2026, 28.07.2026-10.08.2026, 12.08.2026-25.08.2026 | K44: 1098 | L44: 6,5-17 лет | M44: Количество смен в год: 5. Мощность: 110. Проживание: три жилых корпуса: два одноэтажных с четырехместными комнатами и один двухэтажный с восьмиместными комнатами. Три корпуса законсервированы, т.к. требуется капитальный ремонт. Душ в корпусах, в летний период функционируют уличные душевые. Клуб: кружковые комнаты, библиотека. Комплексная спортивная площадка, два уличных детских спортивных комплекса, малые уличные формы. Питание: шестиразовое, столовая 150 мест. | N44: Отсутствует. | O44: Дата ввода: 1961 г. | P44: №66.01.37.000.М.001631.06.26 от 03.06.2026 | Q44: В 2025 г.: Управление Федеральной службы по надзору в сфере защиты прав потребителей и благополучия человека по Свердловской области Территориальный отдел в городе Нижний Тагил, Пригородном, Верхнесалдинском районах, городе Нижняя Салда, городе Кировгради Невьянском районе":Предписание об устранении выявленных нарушений обязательных требований" №66-09-12/16-6935-2025 от 24.06.2025. Срок исполнения 15.07.2025; частично выполнены. Предписание ОНДиПР города Нижний Тагил и Горноуральского городского округа № 2505/022-66/186-В/ПВП от 28.05.2025- Об устранении выявленных нарушений требований пожарной безопасности. Частично выполнены. | R44: Отсутствует. Договор на оказание медицинского обслуживания в процессе заключения | S44: Отсутствует | T44: Объект недоступен для детей с ОВЗ и детей-инвалидов. | U44: Программа воспитания утверждена МАУ "ЦООиОД" , приказ от 15.05.2025 № 2025.05.15 Ссылка на программу: https://цооиод.рф/node/18
A45: 41 | B45: Муниципальное автономное учреждение «Центр организации отдыха и оздоровления детей», МАУ «ЦОО и ОД» (Загородный оздоровительный лагерь «Изумрудный») | C45: Муниципальное автономное учреждение | D45: Шубин Андрей Леонидович | E45: 6623036366 | F45: 622001, Свердловская обл., г. Нижний Тагил, п. Антоновский; тел.: 8(3435)41-13-38; email: center_otdycha@mail.ru | G45: https://цооиод.рф | H45: Загородная организация отдыха детей и их оздоровления | I45: Сезонный | J45: 04.06.2026-17.06.2026, 20.06.2026-10.07.2026, 13.07.2026-26.07.2026, 29.07.2026-11.08.2026, 13.08.2026-26.08.2026 | K45: 1098 | L45: 6,5-17 лет | M45: Количество смен в год: 5. Мощность: 128. Проживание: два двухэтажных корпуса, четырёхместные комнаты, душевые, туалеты на этажах, столовая, актовый зал, танцевальный зал. Спортплощадки для баскетбола, волейбола, прыжков в длину, высоту, игровые комнаты, библиотека с читальным залом,, игровая площадка с малыми формами. Питание: шестиразовое, столовая 150 мест. | N45: Отсутствует. | O45: Дата ввода: 1986 г. | P45: №6.01.37.000.М.001626.06.26 от 02.06.2026 | Q45: В 2025 г.: Управление Федеральной службы по надзору в сфере защиты прав потребителей и благополучия человека по Свердловской области Территориальный отдел в городе Нижний Тагил, Пригородном, Верхнесалдинском районах, городе Нижняя Салда, городе Кировгради Невьянском районе":Предписание об устранении выявленных нарушений обязательных требований" №66-09-12/16-6935-2025 от 24.06.2025. Срок исполнения 15.07.2025; частично выполнены. Предписание ОНДиПР города Нижний Тагил и Горноуральского городского округа № 2505/022-66/177-В/ПВП от 28.05.2025- Об устранении выявленных нарушений требований пожарной безопасности. Частично выполнены. | R45: Отсутствует. Договор на оказание медицинского обслуживания в процессе заключения | S45: Отсутствует | T45: Объект недоступен для детей с ОВЗ и детей-инвалидов | U45: Программа воспитания утверждена МАУ "ЦООиОД" , приказ от 15.05.2025 № 2025.05.15 Ссылка на программу: https://цооиод.рф/node/18
A46: 42 | B46: Муниципальное автономное учреждение «Центр организации отдыха и оздоровления детей», МАУ «ЦОО И ОД» (Загородный оздоровительный лагерь «Лесной ручеек») | C46: Муниципальное автономное учреждение | D46: Пинягина Анастасия Романовна | E46: 6623036366 | F46: 622911, Свердловская обл., г. Нижний Тагил, Пригородный р-н, ж/д ст. "Анатольская"; тел.: 8(3435)41-13-38; email: center_otdycha@mail.ru | G46: https://цооиод.рф | H46: Загородная организация отдыха детей и их оздоровления | I46: Сезонный | J46: 08.06.2026-21.06.2026, 23.06.2026-13.07.2026, 15.07.2026-28.07.2026, 30.07.2026-12.08.2026, 14.08.2026-27.08.2026 | K46: 1098 | L46: 6,5-17 лет | M46: Количество смен в год: 5. Мощность: 160. Проживание: три двухэтажных корпуса и один одноэтажный. Четырёхместные комнаты. Централизованное горячее, холодное водоснабжение, канализация. Душ в корпусах. Условия для занятий спортом: крытый ангар, футбольное поле, волейбольная, баскетбольная площадки, беговая дорожка. Помещения для кружковой работы, летняя эстрада, библиотека. Питание: шестиразовое, столовая 150 мест. | N46: Отсутствует. | O46: Дата ввода: 1961 г. | P46: №66.01.37.000.М.001648.06.26 от 04.06.2026 | Q46: В 2023 г.: Управление Федеральной службы по надзору в сфере защиты прав потребителей и благополучия человека поСвердловской областиТерриториальный отдел в городе Нижний Тагил, Пригородном, Верхнесалдинском районах, го-роде Нижняя Салда, городе Кировград и Невьянском районе": Предписание об устранении выявленных нарушений и о проведении мероприятий по предотвращению причинения вреда (ущерба) охраняемым законом ценностям №66-09-12/16-6684-2023 от 23.06.2023.Постановление № 0221 от 07.2023ГО УНД и ПР Главного управления МЧС России по Свердловской области по делу об административном правонарушении - нарушение требований пожарной безопасности. | R46: Отсутствует. Договор на оказание медицинского обслуживания в процессе заключения | S46: Отсутствует | T46: Объект недоступен для детей с ОВЗ и детей-инвалидов. | U46: Программа воспитания утверждена МАУ "ЦООиОД" , приказ от 15.05.2025 № 2025.05.15 Ссылка на программу: https://цооиод.рф/node/18
A47: 43 | B47: Муниципальное автономное учреждение «Центр организации отдыха и оздоровления детей», МАУ «ЦОО И ОД» (Загородный оздоровительный лагерь «Северянка») | C47: Муниципальное автономное учреждение | D47: Новоселов Андрей Владиславович | E47: 6623036366 | F47: 622936, Свердловская обл., г. Нижний Тагил, Пригородный р-н, с. Покровское; тел.: 8(3435)41-13-38; email: center_otdycha@mail.ru | G47: https://цооиод.рф | H47: Загородная организация отдыха детей и их оздоровления | I47: Сезонный | J47: 10.06.2026-23.06.2026, 25.06.2026-08.07.2026, 10.07.2026-23.07.2026, 25.07.2026-07.08.2026, 10.08.2026-23.08.2026 | K47: 1098 | L47: 6,5-17 лет | M47: Количество смен: в год: 5. Мощность: 128. Проживание: в двух двухэтажных корпусах. Четырёхместные комнаты. Централизованное горячее, холодное водоснабжение, душевые комнаты на этажах. Библиотека, актовый зал, волейбольная и баскетбольная площадки, футбольное поле, игровые комнаты, летняя эстрада, дискозал, спортивный городок. Питание: шестиразовое, столовая 150 мест. | N47: Отсутствует. | O47: Дата ввода: 1976 г. | P47: №66.01.37.000.М.001688.06.26 от 09.06.2026 | Q47: В 2025 г.: Управление Федеральной службы по надзору в сфере защиты прав потребителей и благополучия человека по Свердловской области Территориальный отдел в городе Нижний Тагил, Пригородном, Верхнесалдинском районах, городе Нижняя Салда, городе Кировгради Невьянском районе":Предписание об устранении выявленных нарушений обязательных требований" №66-09-12/16-6935-2025 от 24.06.2025. Срок исполнения 15.07.2025; частично выполнены. Предписание ОНДиПР города Нижний Тагил и Горноуральского городского округа № 2505/022-66/224-В/ПВП от 26.05.2025- Об устранении выявленных нарушений требований пожарной безопасности. Частично выполнены. | R47: Отсутствует. Договор на оказание медицинского обслуживания в процессе заключения | S47: Отсутствует | T47: Объект недоступен для детей с ОВЗ и детей-инвалидов. | U47: Программа воспитания утверждена МАУ "ЦООиОД" , приказ от 15.05.2025 № 2025.05.15 Ссылка на программу: https://цооиод.рф/node/18
A48: 44 | B48: Муниципальное автономное учреждение «Загородный детский оздоровительный лагерь «Золотой луг», МАУ ЗДОЛ «Золотой луг» (Загородный детский оздоровительный лагерь «Золотой луг») | C48: Муниципальное автономное учреждение | D48: Понятовская Валентина Владимировна | E48: 6623045402 | F48: 622000, Свердловская обл., Пригородный р-н, в 600 метрах юго- восточнее станции "Анатольская"; тел.: 8(3435) 24-34-88; email: zolotoy_lug@mail.ru | G48: https://zolotoylug.ru/ | H48: Загородная организация отдыха детей и их оздоровления | I48: Сезонный | J48: 04.06.2026-17.06.2026, 19.06.2026-02.07.2026, 04.07.2026-24.07.2026, 26.07.2026-08.08.2026, 10.08.2026-23.08.2026 | K48: 1098 | L48: 6,5 - 17 лет | M48: Количество смен в год: 5. Мощность: 172. Проживание: размещение в двухэтажных благоустроенных корпусах по 4 человека в комнате. Душевые и туалетные комнаты в соответствии с санитарными нормами Питание: пятиразовое. | N48: Отсутствует. | O48: Дата ввода: 1958 год (столовая, медпункт, дом сторожа, трансформаторная подстанция, игровой корпус, спальный корпус № 1(Д), прачечная), 1959 год (беседка восьмигранная, спальный корпус с террасами, насосная, склад), 1968 год (артезианская скважина № 1272), 1969 год (сушилка), 1986 год (вагон-дом), 1989 год (артезианская скважина 1271 м, спальный корпус № 1), 1991 год (спальный корпус № 3, плавательный бассейн), 1999 год (гидрологическая скважина № 9935, наружные уборные С1 и С2, котельная), 2000 год (спальный корпус № 2), 2007 год (спортплощадка с искусственным покрытием). | P48: №66.01.37.000.М.001523.05.26 от 28.05.2026 | Q48: Предписаний нет. | R48: Отсутствует | S48: Отсутствует | T48: Объект частично доступен для детей с ОВЗ и детей-инвалидов по следующим нозологиям: для детей с нарушением слуха (Г) и детей с умственными нарушениями (У) Паспорт доступности от _______. | U48: Ссылка на программу: https://zolotoylug.ru/sveden/document/
A49: 45 | B49: Муниципальное автономное учреждение дополнительного образования «Центр внешкольной работы», МАУ ДО «ЦВР» (Загородный детский оздоровительный лагерь «Самоцветы») | C49: Муниципальное автономное учреждение | D49: Кузнецов Артур Дмитриевич | E49: 6629012410 | F49: 624175, Свердловская обл., Невьянский г.о.,территория ЗДОЛ "Самоцветы"; тел.: 8(34370)-3-83-24 | G49: https://cvr-nu.ru/ | H49: Загородная организация отдыха детей и их оздоровления | I49: Круглогодичный | J49: 29.03.2026-04.04.2026, 18.05.2026-22.05.2026, 02.06.2026-15.06.2026, 19.06.2026-02.07.2026, 06.07.2026-19.07.2026, 23.07.2026-05.08.2026, 09.08.2026-20.08.2026 | K49: тематическая смена-2342,85; учебные сборы -2676,00; лето -2285,71; тематическая смена-2700. | L49: 6,5 - 17 лет | M49: Количество смен в год: 7. Мощность: 540. Проживание: лагерь имеет 7 комфортабельных спальных корпусов на 540 мест. На территории имеется медицинский корпус и корпус клуб-столовая. В корпусе клуб-столовая имеется актовый идискозал, творческие мастерские для проведениядосуговой и кружковой деятельности, компьютерный класс. Актовый зал оборудован современной звуковой и световой аппаратурой, вместимостью 250 мест. Медицинская деятельность ведется на основании лицензии. На территории имеются спортивные площадки и футбольное поле. Питание пятиразовое, столовая единовременно обеспечивает посадку на 700 мест. | N49: Отсутствует. | O49: Дата ввода: 1983 год (все объекты загородного лагеря). Дата капитального ремонта: 2014 год (магистральные сети ГВС, ХВС, канализация, теплоснабжение), 2015 год (корпус 7В), 2016 год (корпуса 8А, 8Б), 2017 год (корпуса 7А, 7Б), 2018 год (корпус 7В, медицинский блок), 2019 год (корпус Клуб-столовая), 2020 год (волейбольная и баскетбольная площадки), 2022 год (стадион). | P49: №66.01.37.000.М.000326.03.26 от 16.03.2026 | Q49: По результатам проверок: несоблюдение требований по осенней дератизации территории ЗДОЛ "Самоцветы"(Предписание №66-09-12/16-6589-2023)-выполнено в полном объеме;несоблюдение требований СанПин к помещениям медицинского блока: - оборудовать умывальники процедурного кабинета бесконтактными смесителями; - коммуникации систем водоснабжения и водоотведения закрыть коробами. (Предписание №66-09-12/16-7914-2023)-выполнено в полном объеме. | R49: №ЛО-66-01-002672 от 26.06.2014 | S49: №14943 от 26.12.2011 | T49: Объект доступен для детей с ОВЗ и детей-инвалидов по следующим нозологиям: глухие и слабослышащие, слепые и слабовидящие, дети с тяжелыми нарушениями речи, дети с ментальными нарушениями, дети с соматическими заболеваниями. Паспорт доступности от 01.03.2023 | U49: Программа утверждена директором МАУ ДО "ЦВР" Н.Н. Луканиной приказ от 28.03.2025г. № 51 од; Ссылка на программу: https://cvr-nu.ru/sveden/files/f43c70989fdc0d55f12d7b2ca7394c24.pdf
A50: 46 | B50: Муниципальное автономное учреждение «Актай» муниципального округа Верхотурский, МАУ «Актай» (Детский оздоровительный лагерь «Актай») | C50: Муниципальное автономное учреждение | D50: Якурнова Наталья Анатольевна | E50: 6640000994 | F50: 624383, Свердловская обл., Верхотурский р-н, п. Привокзальный, ул. Молодежная, д. 4; тел.: 8(34389)2-26-25; email: аktai_go.verh@mail.ru | G50: https://vk.com/aktailager; https://домактаи.рф/ (в стадии заполнения) | H50: Загородная организация отдыха детей и их оздоровления | I50: Круглогодичный | J50: 13.02.2026-22.02.2026, 21.03.2026-27.03.2026, 28.03.2026-03.04.2026, 26.05.2026-08.06.2026, 10.06.2026-23.06.2026, 25.06.2026-08.07.2026, 10.07.2026-30.07.2026, 01.08.2026-14.08.2026, 16.08.2026-29.08.2026, 25.10.2026-31.10.2026, 01.11.2026-07.11.2026 | K50: 2114,30 (весенняя, осенняя); 2135,72 (летняя смена); 1797,89 (учебное время) | L50: 6,5 - 17 лет | M50: Количество смен в год: 11. Мощность: 62. Проживание: в комнатах по 2 - 6 человек. Питание: шестиразовое | N50: Отсутствует. | O50: Дата ввода: 1889 год (административный корпус, медпункт, столовая, изолятор, спальный корпус № 4, спальный корпус № 5), 1960 год (магазин), 1961 год (котельная, баня, прачечная), 1964 год (водонапорная башня), 1966 год (крытая беседка, склад-овощехранилище), 1968 год (спальный корпус № 2), 1969 год (гараж). Дата капитального ремонта / реконструкции: 1976 год (столовая — реконструкция), 2011 год (столовая — капитальный ремонт, изолятор, котельная, баня, прачечная), 2012 год (административный корпус, водонапорная башня), 2017 год (крытая беседка, спальный корпус № 4), 2018 год (спальный корпус № 5). | P50: №66.01.37.000.М.001350.05.26 от 27.05.2026 | Q50: В 2025 г.: Управление федеральной службы по надзору в сере защиты прав потребителей и благополучия человека по Свердловской области: акт от 11.06.2025 контрольно надзорное мероприятие 66250041000115370335 от 16.09.2024г. выдано предписание №66-13-08/148 от 11.06.2025 срок выполнения 22.05.2026 (выполнено частично в 22.05.2026 будет выполнено в полном объеме); акт от 15.08.2025 контрольно надзорное мероприятие 66250041000115385975 от 16.09.2024г. выдано предписание №66-13-08/251 от 15.08.2025 срок выполнения 22.05.2026 (выполнено частично в 22.05.2026 будет выполнено в полном объеме). ОНДиПР: контрольные мероприятия от 13.05.2025 №:66250061000217999421; 66250061000218006677;66250061000218001482;66250061000218001052;66250061000218006716 . Акты проверок от 16.05.25 №:2505/011-66/97-В/АВП;2505/011-66/93-В/АВП;2505/011-66/95-В/АВП;2505/011-66/96-В/АПВ; 2505/011-66/94-В/АВП. нарушения не выявлены | R50: Отсутствует | S50: Отсутствует. Образовательные услуги по договору с МАОУ "СОШ №46" | T50: Объект частично доступен для детей с ОВЗ и детей -инвалидов по следующим нозологиям: умственная отсталость (интеллектуальные нарушения легкая степень умственной отсталости), слабослышащие (тугоухие, дети с частичной потерей слуха), с задержкой психического развития (ЗПР), эндокринные заболевания (в том числе сахарный диабет). | U50: Ссылка на программу: https://verhobr.uoedu.ru/site/section?id=309 (размещена на сайте МКУ Управление образования МО Верхотурский)
A51: 47 | B51: Муниципальное автономное учреждение «Оздоровительный загородный лагерь «Светлячок», МАУ ОЗЛ «СВЕТЛЯЧОК» (Оздоровительный загородный лагерь «Светлячок») | C51: Муниципальное автономное учреждение | D51: Манацкая Лариса Юрьевна | E51: 6617027042 | F51: 624930, Свердловская обл., г. Карпинск, 18-км автодороги Карпинск-Кытлым; тел.: 8(34383)3-31-10, 9-44-87 (доб. 20-74); email: svetlyachok@ekarpinsk.ru | G51: https://svetlyachok.karpinskedu.ru/ | H51: Загородная организация отдыха детей и их оздоровления | I51: Сезонный | J51: 01.06.2026-14.06.2026, 17.06.2026-30.06.2026, 03.07.2026-23.07.2026, 26.07.2026-08.08.2026, 10.08.2026-23.08.2026 | K51: 1362.85 | L51: 6,5 - 17 лет | M51: Количество смен в год: 5. Мощность: 128. Проживание: 3 корпуса по 4 человека в комнате, 1 корпус по 6-8 человек в комнате, удобства в корпусах. Медпункт. Помещение клуба. Питание: шестиразовое, столовая на 128 мест. | N51: Отсутствует. | O51: Дата ввода: 1973 год (жилые корпуса А5, А7, А6, жилой корпус Д, корпус А1 (игровое помещение), медицинский блок (в корпусе А5), хозяйственный корпус, складские помещения, котельная, площадка для волейбола, баскетбола, футбольное поле, столовая), 1996 год (душевые), 2011 год (беседки), 2014 год (помещение клуба), 2018 год (3 отдельно стоящих помещения для дополнительного образования — веранды), 2019 год (костровая площадка, игровой комплекс). Дата капитального ремонта: 2019 год (жилой корпус Д), 2025 год (столовая). | P51: №66.01.37.000.М.001148.05.26 от 21.05.2026 | Q51: В 2025 г.: Плановая выездная проверка ТО Управления Роспотребнадзора по Свердловской области в городе Североуральск, городе Ивдель, городе Краснотурьинск и городе Карпинск ( предписание № 01-12-06/469 от 24.06.2025 г., выполнено). Плановая выездная проверка ОНД ОНДиПР ГО Краснотурьинск, ГО Карпинск, Волчанского ГО УНДиПР ГУ МЧС России по Свердловской области (предписание № 235-4-28 от 28.05.2025 г., выполнено). | R51: Отсутствует. Договор № 24 с ГАУЗ СО "Карпинская ЦГБ" от 26.03.2026 | S51: Отсутствует | T51: Объект доступен для детей с ОВЗ и детей-инвалидов по следующим нозологиям: нарушения опорно-двигательного аппарата (за исключением инвалидов, передвигающихся на колясках), соматические заболевания. Паспорт доступности на корпуса: А5, А6, А7, Д, столовая, помещение клуба от 18.03.2026. Срок действия до 18.03.2031. | U51: Ссылка на программу: https://svetlyachok.karpinskedu.ru/documenti/6-programma-vospitatelnoi-raboty.html
A52: 48 | B52: Акционерное общество «ЕВРАЗ Качканарский горно - обогатительный комбинат», АО «ЕВРАЗ КГОК» (Оздоровительный лагерь «Чайка») | C52: Акционерное общество | D52: Цапина Алла Викторовна | E52: 6615001962 | F52: 624365, Свердловская обл., г. Качканар, п. Валериановск, 1,5 км оздоровительный лагерь "Чайка"; тел.: 8(34341)6-44-57 (офис), 8(34341)4-99-36 (лагерь); email: Tamara.Karskanova@evraz.com | G52: https://chaika-kchk.ru/ | H52: Загородная организация отдыха детей и их оздоровления | I52: Сезонный | J52: 03.06.2026-16.06.2026, 18.06.2026-01.07.2026, 03.07.2026-16.07.2026, 18.07.2026-31.07.2026 | K52: 1474.28 | L52: 6,5 - 15 лет | M52: Количество смен в год: 4. Мощность: 212. Проживание: 8 одноэтажных корпусов. Корпуса 1,2,3,4 рассчитаны на 24 человека. Размещениепо 3 человека в комнате. Корпуса 5,6,7,8 на 31 человека. Размещение по 7 - 8 человек в комнате. Санузел в холле. Питание: шестиразовое | N52: Отсутствует. | O52: Дата ввода: 1969 год (столовая), 1970 год (корпуса 1, 2, 3, 4, 5, 6, 7, 8; площадка для мини-футбола; площадки для волейбола и баскетбола), 1978 год (клуб, медпункт, изолятор), 2003 год (АБК). Дата капитального ремонта: 2005 год (корпуса 1, 2, 3, 4), 2006 год (корпуса 5, 6), 2007 год (корпуса 7, 8; клуб; медпункт, изолятор), 2008 год (площадка для мини-футбола), 2010 год (столовая, АБК), 2024 год (площадки для волейбола и баскетбола). | P52: №66.01.37.000.М.001590.06.26 от 01.06.2026 | Q52: В 2024 г.: Территориальный отдел Управления Федеральной службы по надзору в сфере защиты прав потребителей и благополучия человека по Свердловской области в городе Качканар, городе Кушва, городе Красноуральск, городе Нижняя Тура: 1. Плановая 04.06.2024-18.06.2024, предписание от 18.06.2024 №66-06-13/07-3557-2024; замечания устранены, 2. Плановая 01.08.2024-14.08.2024, предписание от 14.08.2024 №66-06-12/09-4541-2024; срок устранения до 26.05.2025,выполнено в полном объеме. Министерство РФ по делам ГО, ЧС и ликвидации последствий стихийных бедствий Отдел надзорной деятельности и профилактической работы Качканарского ГО, Нижнетуринского ГО УНД и ПР. Плановая 19.05.2025-28.05.2025, предписание от 28.05.2025 №2505/015-66/26-В/ПВП; срок устранения до 01.04.2026. Устранено частично. | R52: Отсутствует. Договор с ООО «МСЧ Ванадий» (№ Л041-01021-66/00339266 от 28.09.2018) | S52: Отсутствует. | T52: Объект недоступен для детей с ОВЗ и детей-инвалидов. | U52: Ссылка на программу: https://disk.yandex.ru/d/_OpiJe7tQ-qYKQ
A53: 49 | B53: Муниципальное автономное учреждение «Оздоровительный комплекс «Восход», МАУ ОК «Восход» (Оздоровительный комплекс «Восход») | C53: Муниципальное автономное учреждение | D53: Шумилин Евгений Вячеславович | E53: 6617023591 | F53: 624440, Свердловская обл., г. Краснотурьинск, ул. Металлургов, д. 30, пер. Новокирпичный 198-а; тел.: 8(912)604-66-14; email: detjm@mail.ru | G53: http://Восход-детям.рф | H53: Загородная организация отдыха детей и их оздоровления | I53: Круглогодичный | J53: 21.03.2026-27.03.2026, 24.05.2026-30.05.2026, 01.06.2026-14.06.2026, 16.06.2026-29.06.2026, 01.07.2026-14.07.2026, 16.07.2026-29.07.2026, 31.07.2026-13.08.2026, 15.08.2026-28.08.2026, 22.08.2026-28.08.2026, 25.10.2026-31.10.2026 | K53: 1013.61 | L53: 6,5 - 17 лет | M53: Количество смен в год: 6. Мощность: 40. Проживание: пер. Новокирпичный, 198А - в одноэтажных корпусах: 1,2,5,6,7,8 в комнате размещаются 8-9 чел., санузел - отдельное здание; в двухэтажном спальном корпусе в комнате 4 - 5 человек, санузел на этаже. ул. Металлургов, д. 30 (Лечебный корпус) - одноэтажное здание, в комнатах размещаются 3-4 человека, для организации лечебных и профилактических процедуримеются медицинские кабинеты с необходимым оборудованием. Питание: шестиразовое в кафе на территории лагеря, пищеблок - собственный. | N53: Имеется. | O53: Дата ввода: 1968 год (корпуса № 1, 2, 5, 6, 7, 8, столовая, корпус охраны, корпус директора и медблок), 1998 год (лечебный корпус), 2017 год (спальный двухэтажный корпус), 2019 год (здание сантехмодуля). Дата капитального ремонта: 2019 год (столовая, корпус № 8). | P53: №66.01.37.000.М.001579.05.26 от 29.05.2026 | Q53: В 2024 г.: Роспотребнадзор: акт плановой выездной проверки от 17.05.2024г. №66-12-01/13-2214-2024, акт плановой выездной проверки от 10.06.2024г. № 66-12-01/13-2654-2024. Предписание от 03.06.2024г. № 01-12-12/522 Выявленные нарушения устранены полностью. | R53: №ЛО-66-01-006830 от 12.08.2021 | S53: Отсутствует | T53: Объект недоступен для детей с ОВЗ и детей-инвалидов. Паспорт доступности от 25.12.2023 г. | U53: Программа утверждена приказом директора МАУ ОК "Восход" от 02.04.2025г. № 65-Д "Об утверждении программы воспитательной работы" Ссылка на программу: https://восход-детям.рф/
A54: 50 | B54: Муниципальное бюджетное учреждение «Детский оздоровительно-образовательный центр «Солнышко», МБУ «ДООЦ «Солнышко» | C54: Муниципальное бюджетное учреждение | D54: Федоркова Ксения Викторовна | E54: 6630004943 | F54: 624200, Свердловская обл., г. Лесной, пр-д Тенистый, д. 5; тел.: 8(902)877-84-71; email: spsolnce@mail.ru | G54: http://www.solnceleto.ru | H54: Загородная организация отдыха детей и их оздоровления | I54: Круглогодичный | J54: 04.01.2026-10.01.2026, 29.03.2026-04.04.2026, 23.05.2026-05.06.2026, 08.06.2026-28.06.2026, 01.07.2026-14.07.2026, 17.07.2026-30.07.2026, 02.08.2026-15.08.2026, 18.08.2026-31.08.2026, 25.10.2026-31.10.2026 | K54: 2046.03 | L54: 6,6 - 17 лет | M54: Количество смен в год: 6. Мощность: 460. Проживание: в благоустроенных трехэтажных корпусах по 3 (с удобствами в номере) или 4 человека в комнате (с удобствами на этаже) . Имеется комната для стирки и сушки белья, гладильная комната на этаже. Крытый плавательный бассейн с сауной, тренажерным залом. Питание: пятиразовое. | N54: Имеется. Крытый плавательный бассейн | O54: Дата ввода: 1984 год (клуб-столовая), 1985 год (жилой корпус № 1, жилые корпуса № 2 и 3, приёмно-медицинский корпус), 1989 год (плавательный бассейн). Дата капитального ремонта: 2015 год (жилые корпуса № 2 и 3, плавательный бассейн), 2016 год (жилой корпус № 1, клуб-столовая), 2018–2019, 2020 годы (приёмно-медицинский корпус). | P54: №66.91.04.000.М.000022.05.26, №66.91.04.000.М.000021.05.26, №66.91.04.000.М.000020.05.26, №66.91.04.000.М.000019.05.26 от 13.05.2026 | Q54: В 2025 г.: 1. Отдел ФГПИ ФГКУ СУ ФПС №6 МЧС России по соблюдению обязательных требований противопожарного режима: с 12.05 по 21.05.2025 Распоряжение о проведении плановой выездной проверки №2505/002-66/72-В//РВП от 29.04.2025, с 23.05 по 29.05.2025 Распоряжение о проведении плановой выездной проверки№2505/002-66/92-В//РВП от 16.05.2025, с 28.05.2025 по 29.05.2025 №2505/002-66/90-В//РВП от 16.05.2025, с 23.05.2025 по 30.05.2025 №2505/002-66/91-В//РВП от 16.05.2025, с 23.05.2025 по 30.05.2025 №2505/002-66/89-В//РВП от 16.05.2025, с 23.05.2025 по 30.05.2025 №2505/002-66/88-В//РВП от 16.05.2025, с 23.05.2025 по 30.05.2025 №2505/002-66/93-В//РВП от 16.05.2025 . Нарушений не выявлено. 2. Межрегиональное управление №91 ФМБА России: «Уведомление о проведении профилактического визита» от 30.06.2025 №66250041000018473416, Акт обязательного профилактического визита от 30.07.2025 №01-38/20. Нарушений не выявлено. | R54: №ЛО-66-01-005875 от 22.03.2019 | S54: №19981 от 29.03.2019 | T54: Объект доступен для детей с ОВЗ и детей-инвалидов по следующим нозологиям: слабовидящие; слабослышащие; дети с нарушением опорно-двигательного аппарата; задержка психического развития | U54: Ссылка на программу: https://solnceleto.ru/dokumenty/programma-vospitatelnoj-raboty-2025 Календарный план: https://solnceleto.ru/dokumenty/kalendarnyj-plan-vospitatelnoj-raboty-na-2025-2026
A55: 51 | B55: Муниципальное автономное учреждение Нижнетуринского муниципального округа «Загородный детский оздоровительный лагерь «Ельничный», МАУ «ЗДОЛ «Ельничный» (Загородный детский оздоровительный лагерь «Ельничный») | C55: Муниципальное автономное учреждение | D55: Пшеничникова Надежда Николаевна | E55: 6615010565 | F55: 624223, Свердловская обл., г. Нижняя Тура, микр-н Железенка, д. 41; тел.: 8(909)006-01-66; email: elnik_dol@mail.ru | G55: https://elnik.nasmene.ru/ | H55: Загородная организация отдыха детей и их оздоровления | I55: Сезонный | J55: 27.05.2026-05.06.2026, 08.06.2026-28.06.2026, 01.07.2026-21.07.2026, 23.07.2026-12.08.2026, 14.08.2026-23.08.2026 | K55: 1664.9 | L55: 6,5 - 18 лет | M55: Количество смен в год: 5. Мощность: 192. Проживание: три двухэтажных корпуса, по 4 человека в комнате, удобства на этаже. Актовый зал. Библиотека. Медпункт. Питание: пятиразовое, столовая 200 мест. | N55: Отсутствует. | O55: Дата ввода: 1977 год (жилые корпуса № 1, 2, 3; клуб-столовая; медицинский корпус). Дата капитального ремонта: 2015 год (медицинский корпус). | P55: №66.01.37.000.М.001587.06.26 от 01.06.2026 | Q55: В 2025 г.: Управления надзорной деятельности и профилактической работы 14.04.2025. Предписание №14.04.2025 № 2503/015-66/20-П/ПВПТО Управления Роспотребнадзора по СО в г.Качканар. г.Кушва, г.Красноуральск, г.Нижняя Тура Контрольное (надзорное) мероприятие № 66250041000118261649 от 04.6.2025. | R55: Отсутствует | S55: Отсутствует | T55: Объект частично доступен для детей с ОВЗ и детей - инвалидов по следующим нозологиям: с задержкой психического развития, с соматическими заболеваниями, с интеллектуальными нарушениями Паспорт доступности от _______. | U55: В разработке
A56: 52 | B56: Муниципальное автономное образовательное учреждение дополнительного образования Новолялинского муниципального округа «Детско-юношеский центр патриотического воспитания имени Героя Российской Федерации Туркина А.А.», МАОУ ДО НМО «ДЮЦПВ» (Загородный оздоровительный лагерь «Маяк») | C56: Муниципальное автономное учреждение | D56: Шельпякова Татьяна Александровна | E56: 6647004660 | F56: 624420, Свердловская обл., Новолялинский р-н, урочище Владимировка; тел.: 8(34388)3-25-05; email: mkoudycpv@mail.ru | G56: https://lobva-patriot.profiedu.ru/?section_id=28 | H56: Загородная организация отдыха детей и их оздоровления | I56: Сезонный | J56: 07.06.2026-20.06.2026, 25.06.2026-08.07.2026, 11.07.2026-31.07.2026, 05.08.2026-18.08.2026 | K56: 1987.94 | L56: 6,5 - 17 лет | M56: Количество смен в год: 4. Мощность: 120. Проживание: в деревянных одноэтажных жилых корпусах. Корпус №1-32 места, корпус №2 - 32 места, корпус №3 - 32 места, корпус №4 - 24 мест. Клуб на 150 мест, игровые площадки, батуты, настольный теннис, футбольное поле, площадка для волейбола, в спортзале зал для игры в баскетбол. Питание: шестиразовое, столовая на 150 мест. | N56: Отсутствует. | O56: Дата ввода: 1949 год (корпуса № 1, 2, 3; столовая-кухня; клуб (спортзал)), 2015 год (клуб, административное здание, корпус № 4). Дата капитального ремонта: май 2019 года (клуб (спортзал)). | P56: №66.01.37.000.М.001586.06.26 от 01.06.2026 | Q56: В 2025 г.: предписание Роспотребнадзора № 66-13-08/150 от 16.06.2025: 4 замечания, срок исполнения 25.05.2026. Замечания будут устранены. Предписание Роспотребнадзора № 66-13-08/209 от 11.07.2025: 5 замечаний, срок исполнения 25.05.2026. Замечания будут устранены. Проверка ОНДиПРГО Верхотурский ГО, Гаринский ГО. предписаний нет. | R56: Отсутствует. Договор от 23.04.2026 № 1 "Возмездного оказания медицинских услуг" с ГАУЗ СО "Новолялинская районная больница" | S56: №18560 (Серия 66Л01 №0004919) от 25.04.2016 | T56: Объект доступен для детей с ОВЗ и детей-инвалидов по следующим нозологиям: дети с задержкой психического развития, дети с соматическими заболеваниями, дети с нарушением зрения. Паспорт доступности № 1 от 02.07.2024 | U56: Ссылка на программу: https://lobva-patriot.profiedu.ru/?section_id=211
A57: 53 | B57: Муниципальное автономное учреждение «Детский оздоровительный загородный лагерь имени В.Дубинина», МАУ «ДОЗЛ им. В. Дубинина» (Детский оздоровительный лагерь имени Володи Дубинина) | C57: Муниципальное автономное учреждение | D57: Самарина Лариса Николаевна | E57: 6617023425 | F57: 624480, Свердловская обл., г. Североуральск, п. Бокситы, Петропавловское участковое лесничество, Государственное учреждение Свердловской области "Карпинское лесничество" квартал 65 (выдел 17); тел.: 8(34380)2-98-97; email: zaglager60@mail.ru | G57: http://лагерьдубинина.рф | H57: Загородная организация отдыха детей и их оздоровления | I57: Сезонный | J57: 08.06.2026-21.06.2026, 24.06.2026-14.07.2026, 17.07.2026-30.07.2026, 02.08.2026-15.08.2026, 18.08.2026-29.08.2026 | K57: 1210 | L57: 6,5 - 17 лет | M57: Количество смен в год: 5. Мощность: 180. Проживание: 8 спальных корпусов по 4 спальных комнаты(в каждой по 6 человек). Питание: пятиразовое питание; контракты на питание заключаются с соблюдением норм и правил санитарного законодательства на конкурсной основе. | N57: Отсутствует. | O57: Дата ввода: 1960 год (дом сторожа, административный корпус, медпункт, душевая-прачечная, столовая, клуб, хлораторная, ледник-овощехранилище, склад-сушилка, хозяйственный склад, склад-холодильные камеры, уборные № 1–5, спальные корпуса № 1–10). Дата капитального ремонта: 2016 год (склад-холодильные камеры), 2017 год (административный корпус), 2018 год (душевая-прачечная), 2019 год (медпункт, хлораторная, хозяйственный склад, уборные № 1–5), 2020 год (ледник-овощехранилище, склад-сушилка, спальные корпуса № 1–10), 2021 год (столовая, клуб). | P57: №66.01.37.000.М.001665.06.26 от 08.06.2026 | Q57: В 2025 г.: МЧС от 19.05. 2025 № 205/025-66/20В//РВП . Роспотребнадзор от 04.07.2025 № 66-12-01/13-2463-2025 . №01-12-17/36 от 09.07.2025 | R57: Отсутствует. Договор возмездного оказания услуг по медицинскому сопровождению отдыха и оздоровления детей с ГАУЗ СО "Североуральская ЦГБ" от 10.06.2025 № 41 | S57: Отсутствует | T57: Объект доступен для детей с ОВЗ и детей-инвалидов по следующим нозологиям: слабовидящие, слабослышащие. Паспорт доступности от 17.04.2025 г | U57: Ссылка на программу: https://лагерьдубинина.рф/?section_id=99
A58: 54 | B58: Муниципальное автономное учреждение социально-оздоровительный центр «Солнечный», МАУ СОЦ «Солнечный» (Загородный оздоровительный лагерь «Солнечный») | C58: Муниципальное автономное учреждение | D58: Тарасов Евгений Анатольевич | E58: 6620010560 | F58: 624343, Свердловская обл., г. Красноуральск, п. Дачный, ул. Пионерская, д. 18; тел.: 8(34343) 2-99-34; email: spsunny@mail.ru | G58: https://sunny-krur.ru | H58: Загородная организация отдыха детей и их оздоровления | I58: Круглогодичный | J58: 30.03.2026-05.04.2026, 09.06.2026-22.06.2026, 24.06.2026-07.07.2026, 09.07.2026-22.07.2026, 24.07.2026-06.08.2026, 08.08.2026-21.08.2026, 24.08.2026-30.08.2026, 25.10.2026-31.10.2026 | K58: 1757.33 | L58: 6,6 - 17 лет | M58: Количество смен в год: 8. Мощность: 115. Проживание: один кирпичный двухэтажный корпус и три одноэтажных деревянных домика, размещение по 4 - 5 человек в комнате. Питание: пятиразовое. | N58: Отсутствует. | O58: Дата ввода: 1957 год (здание изолятора), 1971 год (здание бани-прачечной), 1982 год (здания административных корпусов № 1, 2, 3 — спальные), 2001 год (здание спального корпуса), 2002 год (здание клуба-столовой), 2009 год (здание медицинского корпуса). Дата капитального ремонта: 2013 год (здание изолятора), 2014 год (здания административных корпусов № 1, 2, 3), 2016 год (здание медицинского корпуса), 2019 год (здание бани-прачечной, здание клуба-столовой, здание спального корпуса). | P58: №66.01.37.000.М.001670.06.26 от 09.06.2026 | Q58: В 2025 г.: 24.06.2025г. Проверка Роспотребнадзора. Замечания устранены. 08.07.2025г. проф.визит МЧС. Замечаний нет. | R58: №ЛО-66-01-003638 от 15.10.2015 | S58: №20163 от 21.11.2019 | T58: Объект условно доступен для детей с ОВЗ и детей инвалидов по нозологиям: с нарушениями опорно-двигательного аппарата, с нарушениями зрения, с нарушениями слуха, с умственными нарушениями. Паспорт доступности от 25.01.2024 | U58: Программа воспитания утверждена МАУ СОЦ "Солнечный" Приказ №178/1 от 25.09.2025 Ссылка на программу: http://sunny-krur.ru/
A59: 55 | B59: Муниципальное автономное учреждение социально-оздоровительный центр «Солнечный», МАУ СОЦ «Солнечный» (Загородный оздоровительный лагерь «Сосновый») | C59: Муниципальное автономное учреждение | D59: Тарасов Евгений Анатольевич | E59: 6620010560 | F59: 624300, Свердловская обл. г. Кушва, ул. Суворова, д. 43; тел.: 8(34343)2-99-07, 2-99-34; email: sots-k2022@mail.ru | G59: https://sunny-krur.ru | H59: Загородная организация отдыха детей и их оздоровления | I59: Круглогодичный | J59: 01.06.2026-14.06.2026, 16.06.2026-29.06.2026, 01.07.2026-14.07.2026, 16.07.2026-29.07.2026, 01.08.2026-14.08.2026, 16.08.2026-29.08.2026, 25.10.2026-31.10.2026 | K59: 1757.33 | L59: 6,6 - 17 лет | M59: Количество смен в год: 7. Мощность: 74. Проживание: один кирпичный двухэтажный корпус, размещение по 4 - 5 человек в комнате. Питание: пятиразовое. | N59: Отсутствует. | O59: Дата ввода: 1990 год (спальный двухэтажный корпус), 1996 год (спортивный корпус), 2002 год (столовая). Дата капитального ремонта: 2017 год (медицинский изолятор), 2020 год (спальный двухэтажный корпус), 2021 год (столовая), 2021–2022 годы (спортивный корпус). | P59: №66.01.37.000.М.001549.05.26 от 29.05.2026 | Q59: В 2025 г.: 06.06.2025г. проверка Росгвардии, вынесен протокол об административном правонарушении, отсутствует видеонаблюдение. Запланированы работы по разработке ПСД в 2026 году | R59: №ЛО-66-01-003638 от 15.10.2015 | S59: №20163 от 21.11.2019 | T59: Объект условно доступен для детей с ОВЗ и детей инвалидов по следующим нозологиям: с нарушениями опорно-двигательного аппарата, с нарушениями зрения, с нарушениями слуха, с умственными нарушениями. Паспорт доступности от 25.01.2024 | U59: Программа воспитания утверждена МАУ СОЦ "Солнечный" Приказ №178/1 от 25.09.2025 Ссылка на программу: http://sunny-krur.ru/
A60: 56 | B60: Муниципальное автономное учреждение дополнительного образования оздоровительно-образовательный центр «Чайка» , МАУ ДО ООЦ «ЧАЙКА» (Загородный оздоровительный лагерь «Чайка») | C60: Муниципальное автономное учреждение | D60: Суслова Анна Петровна | E60: 6632016983 | F60: 624995, Свердловская обл., г. Серов, Киселевское шоссе, д. 20; тел.: 8(950)204-75-63; email: suslova0@yandex.ru | G60: https://chaika-srv.profiedu.ru | H60: Загородная организация отдыха детей и их оздоровления | I60: Круглогодичный | J60: 13.01.2026-26.01.2026, 29.01.2026-11.02.2026, 14.02.2026-27.02.2026, 03.03.2026-16.03.2026, 22.03.2026-28.03.2026, 30.03.2026-12.04.2026, 01.06.2026-21.06.2026, 24.06.2026-07.07.2026, 10.07.2026-23.07.2026, 26.07.2026-08.08.2026, 11.08.2026-24.08.2026, 25.09.2026-08.10.2026, 10.10.2026-23.10.2026, 26.10.2026-01.11.2026, 05.11.2026-18.11.2026, 21.11.2026-04.12.2026, 07.12.2026-20.12.2026 | K60: 7528,45 (уч. время); 1526,42 (весна); 1580,42 (лето); 1526,42 (осень) | L60: 6,5 - 17 лет | M60: Количество смен в год: 17. Мощность: 100. Проживание: организовано в двух спальных корпусах; в корпусе № 1 размещение по 4 человека в комнате; в корпусе № 3 размещение по 5 - 9 человек. Работают штатные сотрудники Питание: в одну смену, столовая вместимостью 200 человек. | N60: Отсутствует. | O60: Дата ввода: 1968 год (клуб), 1969 год (изолятор), 1978 год (корпус № 3), 2001 год (корпус № 1), 2011 год (столовая). Дата капитального ремонта: 2016 год (корпус № 3). | P60: №66.01.37.000.М.003180.05.26 от 27.05.2026 | Q60: В 2025 г.: проведено 7 проверок. Госпожнадзор. Акт № 2505/026-66/18-В/АВП от 26.05.25. ПРЕДПИСАНИЕ № 2005/026-66/17-В/ПВП. Срок исполнения 2026. Роспотребнадзор. Акт плановой выездной проверки № 66-13-08/16-7-2025 от 16.06.25. ПРЕДПИСАНИЕ № 66-13-08/151 от 16.06.25. Срок исполнения 2026. Акт плановой выездной проверки № 66-13-08/16-8-2025 от 08.08.25. ПРЕДПИСАНИЕ № 66-13-08/246 от 08.08.25. Срок исполнения 2026. | R60: №Л041-01021-66/00382009 от 10.03.2015 | S60: №ЛО35-01277-66/00193407 от 14.12.2021 (бессрочная) | T60: Объект доступен для детей с ОВЗ и детей-инвалидов по следующим нозологиям: с нарушением зрения, с нарушением слуха, с задержкой психического развития, с нарушением речи, аутистов, с онкологическими заболеваниями в стадии ремиссии. Паспорт доступности от 19.07.2024. Срок действия до 19.07.2030 | U60: Приказ по МАУ ДО ООЦ "Чайка" № 10-о от 12.01.2026 Ссылка на программу воспитательной работы: https://chaika-srv.profiedu.ru/?section_id=288 Ссылка на программу лето: https://chaika-srv.profiedu.ru/?section_id=415;
A61: 57 | B61: Муниципальное автономное учреждение дополнительного образования оздоровительно-образовательный центр «Чайка», МАУ ДО ООЦ «ЧАЙКА» (Загородный оздоровительный лагерь «Веселый бор») | C61: Муниципальное автономное учреждение | D61: Суслова Анна Петровна | E61: 6632016983 | F61: 624995, Свердловская обл., г. Серов, Киселевское шоссе, 23; тел.: 8(950)2047563; email: suslova0@yandex.ru | G61: https://chaika-srv.profiedu.ru | H61: Загородная организация отдыха детей и их оздоровления | I61: Сезонный | J61: 02.06.2026-22.06.2026, 25.06.2026-08.07.2026, 11.07.2026-24.07.2026, 27.07.2026-09.08.2026, 12.08.2026-25.08.2026 | K61: 1580.42 | L61: 6,5 - 17 лет | M61: Количество смен в год: 5. Мощность: 222. Проживание: организовано в 2 спальных благоустроенных корпусах. В спальном корпусе размещение по 3 - 7 человек в комнате, в главном корусе по 3 - 10 человек. Имеются площадки для волейбола, баскетбола, прыжков в длину и высоту, футбольное поле, настольный теннис (теннисный зал), пожарная полоса, актовый зал на 50 мест, аттракционы - 8, комната для занятий кружка, музей,игровые комнаты, танцевальный зал,летняя эстрада на 500 мест. Питание: столовая на 600 мест. | N61: Отсутствует. | O61: Дата ввода: 1951 год (главный корпус, изолятор), 1964 год (котельная), 1971 год (спальный корпус), 1990 год (столовая), 1994 год (летняя эстрада). | P61: №66.01.37.000.М.003180.05.26 от 27.05.2026 | Q61: В 2025 г.: проведено 8 проверок. Госпожнадзор. Акт № 2505/026-66/18-В/АВП от 26.05.25. ПРЕДПИСАНИЕ № 2005/026-66/18-В/ПВП. Срок исполнения 2026. Роспотребнадзор. Акт плановой выездной проверки № 66-13-08/16-7-2025от 16.06.25. ПРЕДПИСАНИЕ № 66-13-08/151 от 16.06.25. Срок исполнения 2026. Акт плановой выездной проверки № 66-13-08/16-8-2025 от 08.08.25. ПРЕДПИСАНИЕ № 66-13-08/246 от 08.08.25. Срок исполнения 2026. ООА СГО Управление образования. Акт от 28.05.25, Акт от 05.06.25, Акт от 19.06.25, Акт от 07.07.25, Акт от 29.07.25. Рекомендации выполнены. | R61: №ЛО-66-01-003226 от 25.05.2022 | S61: Отсутствует | T61: Объект доступен для детей с ОВЗ и детей-инвалидов по следующим нозологиям: с нарушением зрения, с нарушением слуха, с задержкой психического развития, с нарушением речи, аутистов, с онкологическими заболеваниями в стадии ремиссии. Паспорт доступности от 19.07.2024. Срок действия до 19.07.2030 | U61: Приказ по МАУ ДО ООЦ "Чайка" № 10-о от 12.01.2026 Ссылка на программу: https://chaika-srv.profiedu.ru/?section_id=309 Ссылка на программу лето: https://chaika-srv.profiedu.ru/?section_id=417
A62: 58 | B62: Муниципальное автономное учреждение «Детский загородный оздоровительный лагерь «Заря», МАУ «ДЗОЛ «ЗАРЯ» (Детский загородный оздоровительный лагерь «Заря») | C62: Муниципальное автономное учреждение | D62: Сентябов Дмитрий Юрьевич | E62: 6603013508 | F62: 624282, Свердловская обл., г. Асбест, п. Белокаменный, ул. Заречная, д. 19; тел.: 8(34365)6-42-46; email: zarya96asbest@mail.ru | G62: https://www.zarya96.ru | H62: Загородная организация отдыха детей и их оздоровления | I62: Круглогодичный | J62: 21.03.2026-27.03.2026, 28.03.2026-03.04.2026, 02.06.2026-15.06.2026, 17.06.2026-30.06.2026, 02.07.2026-15.07.2026, 17.07.2026-30.07.2026, 01.08.2026-14.08.2026, 16.08.2026-29.08.2026, 02.11.2026-08.11.2026, 26.12.2026-04.01.2027 | K62: 2255 | L62: 6,5 - 18 лет | M62: Количество смен в год: 10. Мощность: 650. Проживание: по 4-5 человек в комнате. Комнаты оборудованы необходимой мебелью (кровать, прикроватная тумбочка, шкаф). Санузел и душевые в корпусе на этаже. Оборудованы сушильные комнаты для одежды и обуви, комната гигиеническая для девочек, игровые комнаты. Водоснабжение горячее и холодное, автономное отопление (собственная газовая котельная). Территория лагеря оснащена камерами видеонаблюдения. Спортивные площадки. Медпункт. Питание: пятиразовое, столовая на 650 мест, полноценное питание по утвержденному меню с выполнением физиологических норм питания (витаминизация пищи). Питьевая вода соответствует нормам СанПиНа. | N62: Имеется. | O62: Дата ввода: 1986 год (здание клуб-столовая, плавательный бассейн «Дельфин» — 2013, городок ГАИ — 01.12.1986), 1987 год (спальные корпуса № 4, 5; приёмно-медицинский блок «Нехворайка»), 1988 год (спальные корпуса № 2, 3; костровая; летняя эстрада, общелагерная линейка), 1993 год (игровые площадки), 2009 год (детский игровой комплекс, игровой комплекс (горки)), 2013 год (плавательный бассейн «Дельфин»), 2019–2020 годы (стадион с футбольным полем, площадками для городков, большого тенниса, волейбола (2), бадминтона, баскетбола, петанка, воркаута, прыжков в длину и тремя беговыми дорожками). Дата капитального ремонта: 2009 год (приёмно-медицинский блок «Нехворайка»), 2010 год (спальный корпус № 2), 2015 год (спальный корпус № 3), 2016 год (спальный корпус № 4), 2017–2018 годы (спальный корпус № 5), 2018 год (спальный корпус № 6 — частично). | P62: №66.01.37.000.М.001559.05.26 от 29.05.2026 | Q62: В 2025 г.: предписание ГУ МЧС России № 2505/005-66/28-В/ПВП от 22.05.2025, 18 замечаний, срок устранения 25.08.2026. Устранено 4 замечания | R62: №ЛО-66-01-006234 от 15.11.2019 | S62: Отсутствует. Образовательные услуги по договору с МБОУ СОШ №18 АМО | T62: Объект доступен для деетй ОВЗ и детей-инвалидов по следующим нозологиям: тяжёлые нарушения речи, задержка психического развития. Паспорт доступности от 29.03.2024 | U62: Ссылка: https://zarya96.ru/o-nas/metodicheskoe-obespechenie.html
A63: 59 | B63: Общество с ограниченной ответственностью «Красная горка», ООО «Красная горка» (Детский оздоровительный лагерь «Красная горка») | C63: Общество с ограниченной ответственностью | D63: Моргунов Александр Сергеевич | E63: 6672297515 | F63: 623400, Свердловская обл., Каменский район, в 0,5 км по направлению на восток от д. Потаскуева; тел.: 8(900)047-65-00; email: mask-gorka@mail.ru | G63: https://k-gorka.online | H63: Загородная организация отдыха детей и их оздоровления | I63: Круглогодичный | J63: 27.05.2026-07.06.2026, 09.06.2026-26.06.2026, 28.06.2026-15.07.2026, 17.07.2026-03.08.2026, 05.08.2026-18.08.2026, 20.08.2026-31.08.2026 | K63: 2694 | L63: 6,5 - 17 лет | M63: Количество смен в год: 6. Мощность: 400. Проживание: 5 капитальных спальных корпусов разной этажности (1-3 этажа). Размещение детей по 4 - 8 человек в комнате. Имеются камеры хранения личных вещей, сушилки для одежды и обуви, комнаты личной гигиены, умывальники, ногомойки и туалеты на этаже. Горячее водоснабжение- котельная, холодное водоснабжение- собственный источник (скважина). Питание: пятиразовое, количество посадочных мест в столовой - 320, количество обеденных залов - 1, обеспеченность столовой посудой -100%, пароконвектомат. | N63: Имеется. | O63: Дата ввода: нет данных. Дата капитального ремонта: 2026 год (административное здание — капитальный ремонт), 2026 год (3 жилых дома для сотрудников — капитальный ремонт), 2026 год (радиорубка — капитальный ремонт), 2026 год (спальный корпус — реконструкция). | P63: №66.01.37.000.М.004262.05.25 от 31.05.2025 | Q63: Предписания надзорных органов будут устранены до 01.05.2025 | R63: Отсутствует. Договор об оказании услуг с медицинской организацией на период работы лагеря. | S63: Отсутствует | T63: Объект условно доступен | U63: Воспитательная программа утверждена директором ООО "Красная горка" Моргунов С.А. Приказ №1 от 17.03.2025 Ссылка на программу: https://k-gorka.online/image/Educational_program_Krasnaya_gorka.pdf
A64: 60 | B64: Город детства «Исетские зори» обособленное подразделение Федерального государственного унитарного предприятия «Производственное объединение «Октябрь», ФГУП «ПО «Октябрь» (Детский оздоровительный лагерь круглогодичного действия Город Детства «Исетские зори») | C64: Структурное подразделение | D64: Полянская Наталья Вячеславовна | E64: 6612001971 | F64: 623487, Свердловская обл., Каменский г.о., территория - Детский оздоровительный лагерь Исетские зори, земельный участок №1; тел.: 8(3439)36-70-08, 8(3439)36-70-06, 8(3439)33-96-05; email: zori@neywa.ru | G64: http://neywazori.ru/ | H64: Загородная организация отдыха детей и их оздоровления | I64: Круглогодичный | J64: 02.01.2026-08.01.2026, 28.03.2026-03.04.2026, 22.05.2026-04.06.2026, 07.06.2026-20.06.2026, 23.06.2026-06.07.2026, 09.07.2026-22.07.2026, 25.07.2026-07.08.2026, 10.08.2026-21.08.2026, 24.08.2026-06.09.2026, 25.10.2026-31.10.2026, 02.01.2027-08.01.2027 | K64: 2992.31 | L64: 6,5 - 17 лет | M64: Количество смен в год: 10. Мощность: 432. Проживание: в двухэтажных каменных благоустроенных корпусах по 4 - 5 человек в номере с санузлом, душевые на этаже. Питание: пятиразовое | N64: Имеется. | O64: Дата ввода: 1977 год (основные здания — пищеблок, корпуса с 1-го по 4-й, главный корпус), 2021 год (физкультурно-оздоровительный комплекс с плавательным бассейном, универсальным спортивным залом, гимнастическим залом, хамамом), 2024 год (стадион после полной реконструкции: футбольное поле, четыре 400-метровые дорожки, сектор для прыжков в длину, волейбольная и баскетбольная площадки, площадка для сдачи норм ГТО). Дата капитального ремонта / реконструкции: 2011 год (пищеблок), 2013 год (4-й корпус), 2014 год (3-й корпус), 2015 год (2-й корпус), 2016 год (1-й корпус), 2018 год (главный корпус), 2024 год (полная реконструкция стадиона). | P64: №66.01.37.000.М.001180.05.26 от 22.05.2026 | Q64: Предписаний контролирующих и надзорных органов нет | R64: № ФС-66-01-002010 от 02.04.2018 | S64: Отсутствует | T64: Имеется возможность оказания услуг для детей-инвалидов и детей с ОВЗ, в том числе условий для хранения лекарственных препаратов для медицинского применения и специализированных продуктов лечебного питания, соблюдения предписанного лечащим врачом режима лечения (в случае приема данных категорий детей). Паспорт доступности от 26.03.2026 | U64: Программа воспитательной работы утверждена Приказом начальника Управления №17 от 26.02.2026 Ссылка на программу: https://neywazori.ru/company/documents/
A65: 61 | B65: Муниципальное автономное учреждение Загородный оздоровительный лагерь «Колосок», МАУ «ЗОЛ «Колосок» (Загородный оздоровительный лагерь «Колосок») | C65: Муниципальное автономное учреждение | D65: Гобец Юлия Андреевна | E65: 6612041766 | F65: 623462, Свердловская обл., Каменский р-н, с. Покровское, Покровское лесничество, Квартал 57; тел.: 8(3439)37-16-34; email: kolosokcamp@mail.ru | G65: https://лагерь-колосок.рф | H65: Загородная организация отдыха детей и их оздоровления | I65: Сезонный | J65: 25.05.2026-07.06.2026, 10.06.2026-23.06.2026, 26.06.2026-09.07.2026, 13.07.2026-26.07.2026, 29.07.2026-11.08.2026, 14.08.2026-27.08.2026 | K65: 2128.6 | L65: 6,5 - 17 лет | M65: Количество смен в год: 6. Мощность: 210. Проживание: 7 спальных корпусов с комнатами на 7- 8 детей, медпункт с изолятором, малые игровые формы, беседки, игровые уличные комплексы, оборудованная площадка для проведения отрядных и общелагерных мероприятий,уличная сцена со скамьями. Для организации досуга: настольный теннис, площадка для волейбола, баскетбола, футбольное поле, площадка под навесом для занятий спортом, спортивная площадка с уличными тренажерами для занятий спортом,кинозал на 250 мест, библиотека с читальным залом на 20 мест, игровые комнаты и помещения для кружковой работы, спортивные секции. Питание: шестиразовое, меню согласовано с ТО Роспотребнадзора. Водоснабжение от собственной артезианской скважины (имеется санэпид. заключение). | N65: Отсутствует. | O65: Дата ввода: 1970 год (корпуса 2–8, клуб, столовая, штаб, медпункт, склад продуктов, душевые). Дата капитального ремонта: 2012 год (корпус 7, корпус 8), 2013 год (корпус 6, столовая), 2014 год (корпус 5), 2015 год (клуб), 2016 год (корпус 3), 2017 год (корпус 2), 2018 год (медпункт, душевые), 2019 год (корпус 4, штаб), 2020 год (склад продуктов). | P65: №66.01.37.000.М.001227.05.26 от 22.05.2026 | Q65: В 2025 г.: Профилактический визит территориального отдела Управления Роспотребнадзора по Свердловской области в г. Каменск-Уральский, Каменском районе, Сухоложском и Богдановичском районах в 2025 г. Нарушения устранены. | R65: Отсутствует. Договор ГАУЗ СО"Каменская ЦРБ" | S65: Отсутствует | T65: Объект доступен для детей с ОВЗ и детей-инвалидов по следующим нозологиям: Задержка психического развития, нарушение интеллекта. Паспорт доступности от _______. | U65: Отсутствует
A66: 62 | B66: Муниципальное автономное учреждение Детский загородный оздоровительный лагерь «Искорка» городского округа Рефтинский, МАУ «ДЗОЛ «Искорка» (Детский загородный оздоровительный лагерь «Искорка») | C66: Муниципальное автономное учреждение | D66: Кочнева Ольга Владимировна | E66: 6603016107 | F66: 624285, Свердловская обл., пгт. Рефтинский, в 3,5 км от посёлка, в лесном массиве, на берегу Рефтинского водохранилища; тел.: 8(34365)9-93-66, 8(34365)99-2-66, 8(967)850-75-69; email: iskorkamou@mail.ru | G66: https://iskorka.nasmene.ru | H66: Загородная организация отдыха детей и их оздоровления | I66: Круглогодичный | J66: 22.03.2026-28.03.2026, 01.06.2026-14.06.2026, 17.06.2026-07.07.2026, 10.07.2026-23.07.2026, 26.07.2026-15.08.2026, 17.08.2026-23.08.2026, 25.08.2026-31.08.2026, 26.10.2026-01.11.2026, 30.12.2026-05.01.2027 | K66: 1669,86 (7 дн.); 1665,21 (14 дн.); 1665,19(21 дн.) | L66: 6,5 - 18 лет | M66: Количество смен в год: 9. Мощность: 260. Проживание: пять спальных благоустроенных корпусов в комнатах по 4 - 8 человек. Каждый отряд размещается на отдельном этаже. Для каждого ребёнка кровать, стул, тумбочка, полочка в шкафу. Туалет и душ, комната гигиены на этаже. Питание: пятиразовое в отдельностоящей столовой на 300 посадочных мест | N66: Имеется. | O66: Дата ввода: 1980 г. | P66: №66.01.37.000.М.001568.05.26 от 29.05.2026 | Q66: 1.Управление Роспотребнадзора по Свердловской области - предписаний не выписано;2. Управление Федеральной службы государственной регистрации, кадастра и картографии по Свердловской области - предписаний не выписано; 3. Главное управление Российской Федерации по делам Гражданской обороны, чрезвычайным ситуациям и ликвидации последствий стихийных бедствий по Свердловской области - предписаний не выписано; | R66: Отсутствует. Договор б/н от 24.01.2025 | S66: №Л035-01277-66/00673211 от 25.08.2023 | T66: Объект доступен для детей с ОВЗ и детей-инвалидов по следующим нозологиям: глухие и слабослышащие, слепые и слабовидящие. Паспорт доступности от 22.11.2023 г. | U66: Программа воспитания утверждена МАУ "ДЗОЛ "Искорка" Приказ № 25-п от 30.03.2026 Ссылка: https://iskorka.nasmene.ru/site/pub?id=37
A67: 63 | B67: Березовское муниципальное автономное учреждение «Детский загородный оздоровительный лагерь «Зарница», БМАУ ДЗОЛ «Зарница» (Детский загородный оздоровительный лагерь «Зарница») | C67: Муниципальное автономное учреждение | D67: Дергачев Александр Игоревич | E67: 6604008532 | F67: 623706, Свердловская обл., г. Березовский, ул. Механизаторов, д. 39, д. 40; тел.: 8(343)694-74-59; email: zarnica_bgo@bk.ru | G67: http://www.zarnica.pro | H67: Загородная организация отдыха детей и их оздоровления | I67: Круглогодичный | J67: 28.03.2026-03.04.2026, 28.05.2026-10.06.2026, 13.06.2026-26.06.2026, 29.06.2026-12.07.2026, 15.07.2026-28.07.2026, 31.07.2026-13.08.2026, 16.08.2026-29.08.2026, 26.10.2026-01.11.2026, 14.10.2026-23.10.2026, 04.01.2027-10.01.2027 | K67: 1829.1 | L67: 6,5 - 17 лет | M67: Количество смен в год: 10. Мощность: 364. Проживание: один 2х этажный корпус, по 8 человек в комнате, санузел, душевые на этаже; 7 одноэтажных корпусов, по 8 человек в комнате, санузел, душевые в комнатах. Летняя эстрада, 2 игровые комнаты, карусели, качели, спортивно-гимнастический комплекс; волейбольная и баскетбольная площадки, футбольное поле , беговая дорожка, лыжероллерная трасса, полоса препятствий, верёвочный парк, Зарница - холл (для проведения общелагерных мероприятий и дополнительного образования). Медпункт. Питание: пятиразовое, столовая на 300 мест. | N67: Отсутствует. | O67: Дата ввода: 1973 год (все перечисленные объекты: столовая, медпункт, здание охраны, канализация, ограждение учреждения, общежитие, двухэтажный корпус, магистрали отопления, одноэтажные корпуса, складские помещения, летняя эстрада, дорожное покрытие, фасад и кровля основного склада, 4 вспомогательных склада, жилые корпуса № 6, 7, 8). Дата капитального ремонта: 2014 год (столовая), 2015 год (медпункт, здание охраны, канализация), 2016 год (ограждение учреждения, общежитие, двухэтажный корпус, магистрали отопления), 2017 год (2 одноэтажных корпуса, складские помещения, летняя эстрада, дорожное покрытие), 2018 год (2 одноэтажных корпуса, фасад, кровля основного склада, 4 вспомогательных склада), 2024 год (жилые корпуса № 6, 7), 2025 год (жилой корпус № 8). | P67: №66.01.37.000.М.001225.05.26 от 22.05.2026 | Q67: В 2025 г.: проверки ОНДиПР БГО УНДиПР ГУ МЧС России , Екатеринбургский Северный ТО Управления Роспотребнадзора по Свердловской области, ТО Федеральной службы по надзору в сфере здравоохранения по Свердловской области,Министерство общественной безопасности по Свердловской области, предписаний нет. | R67: №ЛО-66-01-004828 от 31.07.2017. Бессрочно. | S67: №Л035-01277-66/00193949 от 11.11.2019 (бессрочно). | T67: Объект доступен частично избирательно для детей с ОВЗ и детей-инвалидов по следующим нозологиям: дети с нарушением речи, дети с нарушением слуха, дети с нарушением зрения, дети с задержкой психического развития, дети с нарушением опорно-двигательного аппарата, дети с нарушением поведения и общения, дети с соматическими заболеваниями. Паспорт доступности от 28.02.2024. Бессрочно. | U67: Программа воспитания утверждена БМАУ «ДЗОЛ «Зарница» Приказ №17/ВР от 10.04.2026 Ссылка на программу:https://zarnica.pro/content/uploads/files/documents/программы/programma-vospitatelnoj-rabotyi-2026-bmau-dzol-zarnicza-podpisana.pdf
A68: 64 | B68: Государственное бюджетное учреждение Свердловской области «Детский оздоровительный центр «Юность Урала», ГБУ ЦЕНТР «ЮНОСТЬ УРАЛА» (Загородный оздоровительный лагерь «Юность») | C68: Государственное бюджетное учреждение | D68: Скрабневская Юлия Ивановна | E68: 6661004358 | F68: Свердловская обл., Сысертский р-н, п. Верхняя Сысерть; тел.: 8(343)293-00-60; email: yunost@unosturala.ru | G68: http://юностьурала.рф | H68: Загородная организация отдыха детей и их оздоровления | I68: Сезонный | J68: 01.06.2026-21.06.2026, 23.06.2026-06.07.2026, 08.07.2026-14.07.2026, 17.07.2026-23.07.2026, 25.07.2026-31.07.2026, 02.08.2026-08.08.2026, 10.08.2026-19.08.2026, 22.08.2026-28.08.2026 | K68: 2050 | L68: 6,5 - 17 лет | M68: Количество смен в год: 8. Мощность: 100. Проживание: Дети размещаются от 2 до 8 человек (в зависимости от площади помещений) в двух деревянных двухэтажных корпусах с удобствами на этаже и по 3-4 человека в девяти двухкомнатных деревяннных домах с удобствами на территории. Питание: сбалансированное пятиразовое. | N68: Отсутствует. | O68: Дата ввода: 1968 год (двухкомнатные дома, здание клуба, летняя эстрада, медицинский пункт), 1995 год (двухэтажный корпус 2), 1996 год (двухэтажный корпус 1), 2001 год (спальные корпуса), 2019 год (спортивная площадка, спортивная площадка с уличными тренажёрами). | P68: №66.01.37.000.М.001461.05.26 от 28.05.2026 | Q68: В 2026 г.: Проверка Управления Федеральной службы по надзору в сфере защиты прав потребителей и благополучия человека по Свердловской области предписание №66-00-12/09-11-12931-2026 от 21.05.2026 :несоответствие воды питьевого нецентрализованного водоснабжения санитарно‑эпидемиологическим требованиям. Приняты меры: запланирован отбор проб на 21.05.2026г. Ходатайство о продлении срока исполнения до 15.06.2026г. Предписание государственного пожарного инспектора №2505/027-66/45-В/РВП от 13.05.2025г. Приняты меры: ходатайство о продлении срока до 12.04.2027 г. | R68: Отсутствует | S68: Отсутствует | T68: Объект недоступен для детей с ОВЗ и детей-инвалидов. Паспорт доступности от 14.04.2026 г. | U68: Ссылка на программу: https://unosturala.ru/сведения-об-образовательной-организ-2/образование/
A69: 65 | B69: Государственное бюджетное учреждение Свердловской области «Детский оздоровительный центр «Юность Урала», ГБУ ЦЕНТР «ЮНОСТЬ УРАЛА» (Загородный оздоровительный лагерь «Зеленый Бор») | C69: Государственное бюджетное учреждение | D69: Плетнева Лариса Николаевна | E69: 6661004358 | F69: 624140, Свердловская обл., г. Кировград, п. Ежовский, ул. Ежовский рудник, д. 30; тел.: 8(343)293-00-60; email: zelenbor@unosturala.ru | G69: http://юностьурала.рф | H69: Загородная организация отдыха детей и их оздоровления | I69: Сезонный | J69: 01.06.2026-07.06.2026, 09.06.2026-29.06.2026, 01.07.2026-14.07.2026, 16.07.2026-29.07.2026, 01.08.2026-14.08.2026, 16.08.2026-29.08.2026 | K69: 1026 | L69: 6,5 - 17 лет | M69: Количество смен в год: 6. Мощность: 80. Размещение детей в четырехместных номерах, в деревянных одноэтажных домиках с удобствами на улице. Питание: пятиразовое | N69: Отсутствует. | O69: Дата ввода: 1950 год (здание столовой, здание клуба, спальные корпуса, открытый плавательный бассейн), 1998 год (спальные корпуса), 2008 год (спортплощадка). Дата капитального ремонта: 2002 год (здание столовой). | P69: №66.01.37.000.М.001563.05.26 от 29.05.2026 | Q69: В 2026 г.: Проверка Управления Федеральной службы по надзору в сфере защиты прав потребителей и благополучия человека по Свердловской области предписание №66-00-12/09-11-12931-2026 от 21.05.2026: поверхность мебели в жилых помещениях имеет покрытие, не допускающее влажную уборку с моющими и дезинфицирующими средствами. Принятые меры: заключён договор №26141 от 30.04.2026г. на приобретение новой мебели. Предписания государственного пожарного инспектора о устранении нарушений требований пожарной безопасности: №2510/016-66/243-В/ПИВ «13» октября 2025г., №2510/016-66/244-В/ПИВ «13» октября 2025г., №2510/016-66/245-В/ПИВ «13» октября 2025г., №2510/016-66/246-В/ПИВ «13» октября 2025г., №2510/016-66/247-В/ПИВ «13» октября 2025г. Принятые меры: для финансирования работ выделена субсидия от Министерства образования; заключен договор №1/8-5-26 от 08.05.2026г. в части устройства системы оповещения для слабослышащих детей; ходатайство о продлении срока исполнения до 01.06.2027 г. | R69: Отсутствует | S69: №Л035-01277-66/00195110 от 23.06.2016 | T69: Объект доступен для детей с ОВЗ и детей-инвалидов по следующим нозологиям: для детей с нарушениями слуха. Паспорт доступности от 14.04.2026 г. | U69: Ссылка на программу: https://unosturala.ru/сведения-об-образовательной-организ-2/образование/
A70: 66 | B70: Государственное бюджетное учреждение Свердловской области «Детский оздоровительный центр «Юность Урала», ГБУ ЦЕНТР «ЮНОСТЬ УРАЛА» (Загородный оздоровительный лагерь «Леневский») | C70: Государственное бюджетное учреждение | D70: Ильина Элана Исламовна | E70: 6661004358 | F70: 624140, Свердловская обл., г. Кировград, п. Ежовский, ул. Ежовский рудник, д. 30; тел.: 8(343)293-00-60; email: lenevskii@unosturala.ru | G70: http://юностьурала.рф | H70: Загородная организация отдыха детей и их оздоровления | I70: Сезонный | J70: 01.06.2026-07.06.2026, 09.06.2026-22.06.2026, 24.06.2026-14.07.2026, 17.07.2026-30.07.2026, 01.08.2026-14.08.2026, 16.08.2026-29.08.2026 | K70: 2050 | L70: 6,5 - 17 лет | M70: Количество смен в год: 6. Мощность: 100. Проживание: размещение детей в четырехместных номерах, в деревянных одноэтажных домиках с удобствами на улице. Питание: пятиразовое | N70: Отсутствует. | O70: Дата ввода: 1964 год (корпуса № 1, 2, 4, 6, 7, 19, 17), 1965 год (здание столовой), 1967 год (здание шахматного павильона), 1968 год (корпус № 8), 1982 год (уборные, умывальные, эстрада, спортивные площадки — волейбольная и баскетбольная), 1999 год (здание душевой, здание бани), 2008 год (футбольная площадка), 2013 год (футбольная площадка). | P70: №66.01.37.000.М.001577.05.26 от 29.05.2026 | Q70: В 2026 г.: Проверки Управления Федеральной службы по надзору в сфере защиты прав потребителей и благополучия человека по Свердловской области предписание №66-00-12/09-11-12931-2026 от 21.05.2026: территория лагеря не ограждена забором по периметру. Принятые меры: для финансирования работ будет направлена заявка на субсидию в Министерство образования.Ходатайство о продлении срока исполнения до 31.11.2026г. Предписание государственного пожарного инспектора №2506/022-66/254-В/П от 02.06.2025г. о устранении нарушений требований пожарной безопасности исполнено. | R70: Отсутствует | S70: Отсутствует | T70: Объект доступен для детей с ОВЗ и детей-инвалидов по следующим нозологиям: для детей с соматическими заболеваниями. Паспорт доступности от 14.04.2026 г. | U70: Ссылка на программу: https://unosturala.ru/сведения-об-образовательной-организ-2/образование/
A71: 67 | B71: Государственное бюджетное учреждение Свердловской области «Детский оздоровительный центр «Юность Урала», ГБУ ЦЕНТР «Юность Урала» (Оздоровительно-образовательный центр «Уралочка») | C71: Государственное бюджетное учреждение | D71: Зворыгина Елена Владимировна | E71: 6661004358 | F71: 624170, Свердловская обл., Невьянский р-н, п. Верх-Нейвинский, ул. Ленина, д. 59; тел.: 8(343)293-00-60 (доб 121,122), 8 (34370) 5-93-16; email: uralochka@unosturala.ru Юридический адрес: 620144, Свердловская обл., г. Екатеринбург, ул. 8-е Марта, д. 176а | G71: https://unosturala.ru/ooc-uralochka/ | H71: Загородная организация отдыха детей и их оздоровления | I71: Круглогодичный | J71: 19.01.2026-01.02.2026, 04.02.2026-17.02.2026, 20.02.2026-05.03.2026, 08.03.2026-21.03.2026, 24.03.2026-06.04.2026, 09.04.2026-22.04.2026, 18.05.2026-31.05.2026, 03.06.2026-23.06.2026, 28.06.2026-11.07.2026, 28.07.2026-06.08.2026, 10.08.2026-19.08.2026, 22.08.2026-04.09.2026, 09.09.2026-22.09.2026, 25.09.2026-08.10.2026, 11.10.2026-24.10.2026, 26.10.2026-01.11.2026, 03.11.2026-09.11.2026, 12.11.2026-25.11.2026, 28.11.2026-11.12.2026, 14.12.2026-27.12.2026 | K71: 2050 | L71: 6,5 - 14 лет | M71: Количество смен в год: 20. Мощность: 40. Проживание: размещение детей в пятиместных и шестиместных номерах в благоустроенном двухэтажном корпусе с удобствами на этаже. Физиолечение, услуги по организации дополнительного образования, психолого-педагогического сопровождения, экскурсионного обслуживания, досуга и др. Питание: пятиразовое. | N71: Отсутствует. | O71: Дата ввода: 1961 год (здание профилактория), 2009 год (спортивная площадка). Дата капитального ремонта: 2002 год (здание профилактория). | P71: №66.01.37.000.М.001351.05.26 от 27.05.2026 | Q71: В 2026 г.: Управление Федеральной службы по надзору в сфере защиты прав потребителей и благополучия человека по Свердловской области. Предписание №66-00-12/09-11-12931-2026 от 21.05.2026 исполнено. Ревакцинация против клещевого энцефалита у сотрудников проведена 01.07.2026 г. и 03.07.2026 г. | R71: Отсутствует | S71: №Л035-01277-66/00195110 от 23.06.2016 | T71: Объект доступен для детей с ОВЗ и детей-инвалидов по следующим нозологиям: Инвалиды с нарушениями опорно-двигательного аппрата, нарушениями зрения, нарушением слуха, с умственными нарушениями, кроме инвалидов на колясках. Паспорт доступности от 14.04.2026 г. | U71: Ссылка на программу: https://unosturala.ru/сведения-об-образовательной-организ-2/образование/
A72: 68 | B72: Государственное автономное нетиповое образовательное учреждение Свердловской области «Дворец молодежи», ГАНОУ СО «ДВОРЕЦ МОЛОДЁЖИ» (Загородный центр «Дружба») | C72: Государственное автономное учреждение | D72: Семенков Евгений Сергеевич | E72: 6658021258 | F72: 624055, Свердловская обл., Белоярский м.о., территория Загородный центр "Дружба", стр. 1; тел.: 8(343)293-00-60 (доб 121,122); email: semenkov@irc66.ru | G72: https://druzhba.dm-centre.ru/ | H72: Загородная организация отдыха детей и их оздоровления | I72: Круглогодичный | J72: 25.05.2026-07.06.2026, 10.06.2026-23.06.2026, 26.06.2026-09.07.2026, 17.07.2026-30.07.2026, 03.08.2026-16.08.2026, 19.08.2026-28.08.2026, 04.09.2026-17.09.2026, 24.09.2026-07.10.2026, 14.10.2026-20.10.2026, 25.10.2026-31.10.2026, 02.11.2026-08.11.2026 | K72: 2285.7 | L72: 6,5 - 17 лет | M72: Количество смен в год: 11. Мощность: 248. Проживание: в 2-х этажном каменном корпусе, комнаты на 4 человека, санитарно-гигиенические удобства (душ, умывальник, туалет) на этаже. 4 корпуса одноэтажных, комнаты на 4 человека, санитарно-гигиенические удобства (умывальник, туалет) на этаже, душевые в отдельно стоящем блоке. В 9 модульных домиках по 5 человек, санитарно-гигиенические удобства (душ, умывальник, туалет) в отдельно стоящем блоке. Питание: пятиразовое. | N72: Отсутствует. | O72: Дата ввода: 1951 год (спальные корпуса № 1, 2, 3, 4), 1962 год (здание столовой летнего типа), 1982 год (здание спального корпуса № 5), 1985 год (здание клуба), 2019 год (площадка с уличными спортивными тренажёрами), 2020 год (здание медицинского пункта), 2021 год (здание административно-бытового корпуса), 2026 год (модульные домики № 1–10). Дата капитального ремонта: 2019 год (спальные корпуса № 1, 2, 3, 4), 2026 год (здание столовой летнего типа). | P72: № 66.01.37.000.М.001182.05.26 от 22.05.2026 | Q72: В 2026 г.: Проверки Управления Федеральной службы по надзору в сфере защиты прав потребителей: 20.05.2026 г. – акт о выявленных нарушениях. Предписание устраняется. Проверка ОНД и ПРГУ МЧС России по СО – 27.04.2026 г., 29.05.2026 г., нарушения устранены | R72: Отсутствует | S72: №Л035-01277-66/00194025 от 14.06.2018 | T72: Объект доступен для детей с ОВЗ и детей-инвалидов по следующим нозологиям: дети с соматическими заболеваниями. Паспорт доступности от 10.04.2026 г. | U72: Ссылка на программу: https://druzhba.dm-centre.ru/wp-content/uploads/2025/06/programma-vospitaniya-zcz-druzhba.pdf
A73: 69 | B73: Нетиповая образовательная организация «Фонд поддержки талантливых детей и молодежи «Золотое сечение», Фонд «Золотое сечение» (Загородный образовательный центр «Таватуй») | C73: Фонд | D73: Денюш Инна Казимировна | E73: 6670459224 | F73: 624190, Свердловская обл., Невьянский г.о., территория Загородный образовательный центр Таватуй; тел.: 8(343)288-74-63; email: contact@zsfond.ru. | G73: http://zsfond.ru | H73: Загородная организация отдыха детей и их оздоровления | I73: Круглогодичный | J73: 05.01.2026-18.01.2026, 21.01.2026-03.02.2026, 03.03.2026-16.03.2026, 19.03.2026-29.03.2026, 30.05.2026-08.06.2026, 14.06.2026-23.06.2026, 28.06.2026-07.07.2026, 11.07.2026-20.07.2026, 24.07.2026-02.08.2026, 06.08.2026-15.08.2026, 18.08.2026-27.08.2026, 23.10.2026-01.11.2026, 29.11.2026-01.12.2026, 09.12.2026-11.12.2026 | K73: 2700 | L73: 7-17 лет | M73: Количество смен в год: 14. Мощность: 352. Проживание: размещение детей в 4 кирпичных трёхэтажных корпусах, комнаты на 4 человека, санитарно-гигиенические удобства (душ, умывальник, туалет) на этаже. Питание: пятиразовое | N73: Отсутствует. | O73: Дата ввода: 1979 год (котельная, корпуса № 1, 2, 3, 4, клуб-столовая с пристроем, склад тары, трансформаторная подстанция), 1981 год (жилой дом для проживания персонала, административно-приёмный корпус), 1982 год (корпуса 5–6), 1986 год (душевые бассейна), 1987 год (помещения кружковой работы — 3 объекта, стадион с трибуной, беговой дорожкой и футбольным полем), 1992 год (камеры управления), 1999 год (нежилое здание домика сторожа). | P73: №66.01.37.000.М.001230.05.26 от 22.05.2026 | Q73: В 2024 г.: Роспотребнадзор: акт плановой выездной проверки от 11.06.2024, предписание от 11.06.2024 №262/2024-121, ответы на предписание от 11.06.2024 №463/24, от 16.01.2025 №14/25; акт плановой выездной проверки от 23.08.2024, предписание от 23.08.2024 №446/2024-121, ответ на предписание от 30.09.2024 №619/24 МЧС: акт выездной проверки от 16.04.2024 №2404/016-66/41-В/АВП (без нарушений) | R73: №ЛО-66-01-006544 от 25.06.2020 | S73: №20431 от 22.10.2020 | T73: Объект доступен частично избирательно для детей с ОВЗ и детей-инвалидов по следующим нозологиям: с нарушениями слуха, с нарушениями зрения, с умственными нарушениями, с нарушениями опорно-двигательного аппарата, передвигающихся на креслах-колясках. | U73: Утверждено приказом Фонда "Золотое сечение" от 27.05.2025 №290/ОД Ссылка на программу: https://disk.yandex.ru/i/CpXChgys2t6Yng

Sheet на базе санаториев
A1: Организации отдыха детей и их оздоровления сезонного или круглогодичного действия, организованные на базе санаториев и санаториев-профилакториев
A2: =ЗОЛ!A2 -> Номер строки | B2: =ЗОЛ!B2 -> Полное и сокращенное наименование организации отдыха детей и их оздоровления | C2: =ЗОЛ!C2 -> Организационно-правовая форма организации отдыха детей и их оздоровления | D2: =ЗОЛ!D2 -> ФИО руководителя организации отдыха детей и их оздоровления | E2: =ЗОЛ!E2 -> ИНН | F2: =ЗОЛ!F2 -> Адрес (место нахождения) организации отдыха детей и их оздоровления, контактный телефон, адрес электронной почты | G2: =ЗОЛ!G2 -> Официальный сайт организации отдыха детей и их оздоровления в информационно-телекоммуникационной сети "Интернет", ссылка | H2: =ЗОЛ!H2 -> Тип организации отдыха детей и их оздоровления | I2: =ЗОЛ!I2 -> Предоставляемые организацией отдыха детей и их оздоровления услуги в сфере отдыха и оздоровления детей | O2: =ЗОЛ!O2 -> Дата ввода в эксплуатацию объектов (зданий, строений, сооружений), используемых организацией отдыха детей и их оздоровления и дата проведения капитального ремонта (для организаций стационарного типа) | P2: =ЗОЛ!P2 -> Информация о наличии санитарно-эпидемиологического заключения, включая дату и номер заключения | Q2: =ЗОЛ!Q2 -> Информация о результатах проведения органами, осуществляющими государственный контроль (надзор), плановых и внеплановых проверок, профилактических визитов в текущем году (при наличии) и в предыдущем году | R2: =ЗОЛ!R2 -> Информация о наличии лицензии на осуществление медицинской деятельности | S2: =ЗОЛ!S2 -> Информация о наличии лицензии на осуществление образовательной деятельности | T2: =ЗОЛ!T2 -> Обеспечение в организации отдыха детей и их оздоровления доступности услуг для детей инвалидов и детей с ограниченными возможностями здоровья | U2: =ЗОЛ!U2 -> Сведения о наличии программы воспитательной работы и календарного плана воспитательной работы, ссылка
I3: =ЗОЛ!I3 -> Режим работы организации отдыха детей и их оздоровления | J3: =ЗОЛ!J3 -> Даты проведения смен | K3: =ЗОЛ!K3 -> Средняя стоимость 1 дня пребывания в организации отдыха детей и их оздоровления | L3: =ЗОЛ!L3 -> Возрастная категория детей, принимаемых в организацию отдыха детей и их оздоровления | M3: =ЗОЛ!M3 -> Информация о проживании и питании детей в организации отдыха детей и их оздоровления | N3: =ЗОЛ!N3 -> Наличие оборудованного места для купания
A4: 1 | B4: 2 | C4: 3 | D4: 4 | E4: 5 | F4: 6 | G4: 7 | H4: 8 | I4: 9 | J4: 10 | K4: 11 | L4: 12 | M4: 13 | N4: 14 | O4: 15 | P4: 16 | Q4: 17 | R4: 18 | S4: 19 | T4: 20 | U4: 21
A5: 1 | B5: Муниципальное бюджетное учреждение Артемовского муниципального округа «Загородный оздоровительный комплекс имени Павлика Морозова», МБУ «ЗОК им. П. Морозова» (Санаторный лагерь «Талый ключ») | C5: Муниципальное бюджетное учреждение | D5: Киселева Марина Николаевна | E5: 6677019014 | F5: 623771, Свердловская обл., Артемовский р-н, п. Сосновый Бор; тел.: 8(34363)4-53-22, 8(34363)4-52-36; email: pavlik-morozov08@yandex.ru | G5: https://pavlik-morozov.nasmene.ru/ | H5: Загородная организация отдыха детей и их оздоровления на базе санатория | I5: Круглогодичный | J5: 21.03.2026-27.03.2026, 03.06.2026-23.06.2026, 24.06.2026-07.07.2026, 09.07.2026-22.07.2026, 24.07.2026-06.08.2026, 09.08.2026-22.08.2026, 24.08.2026-13.09.2026, 24.10.2026-30.10.2026 | K5: 1797.71 | L5: 6,5 - 17 лет | M5: Количество смен в год: 8. Мощность: 320. Проживание: одно- и двухэтажные спальных корпуса. Питание: пятиразовое. | N5: Имеется. Закрытый бассейн | O5: Дата ввода: 1955 год (скважина № 1 «Родничок большой»), 1958 год (скважина № 2 «Родничок малый»), 1987 год (спальный корпус «Радужный»), 1988 год (спальный корпус «Лесной»), 1996 год (столовая, склад «Овощной»), 1999 год (гаражные боксы 1–6), 2007 год (водолечебное отделение, котельная), 2010 год (контрольно-пропускной пункт), 2012 год (лечебно-профилактический комплекс, киноконцертный зал), 2013 год (спальный корпус «Юбилейный», гаражные боксы 7, хоз. блок), 2014 год (спальные корпуса «Прибрежный А», «Прибрежный Б», «Веселый А», «Веселый Б»; игровые модули), 2016 год (гаражные боксы 8–11, спортивные площадки — баскетбольная, волейбольная, прыжки в длину), 2017 год (прачечная, административное здание, «Бювет» для приёма минеральной воды; игровые модули), 2018 год (мангальная зона, банный комбинат), 2019 год (стадион с искусственным покрытием, «Мэрия» — учебные классы, очистные, комплекс уличных тренажёров под навесом). Дата капитального ремонта: 2010 год (скважина № 2 «Родничок малый»), 2011 год (спальный корпус «Лесной»), 2012 год (столовая), 2015 год (спальный корпус «Радужный», скважина № 1 «Родничок большой»), 2019 год (кабинет баротерапии). | P5: №66.01.37.000.М.001606.06.26 от 02.06.2026 | Q5: Предписаний нет. | R5: №Л041-01021-66/00571351 от 31.01.2017 | S5: Отсутствует | T5: Объект доступен для детей с ОВЗ и детей-инвалидов по следующим нозологиям: Объект доступен частично всем | U5: Ссылка: https://pavlik-morozov.nasmene.ru/?section_id=53
A6: 2 | B6: Муниципальное бюджетное учреждение Артемовского муниципального округа «Загородный оздоровительный комплекс имени Павлика Морозова», МБУ «ЗОК им. П. Морозова» (Санаторный лагерь «Салют») | C6: Муниципальное бюджетное учреждение | D6: Киселева Марина Николаевна | E6: 6677019014 | F6: 623780, Свердловская обл., Артемовский р-н , с. Большое Трифоново; тел.: 8(34363)2-22-33; email: pavlik-morozov08@yandex.ru | G6: https://pavlik-morozov.nasmene.ru/ | H6: Загородная организация отдыха детей и их оздоровления на базе санатория | I6: Круглогодичный | J6: 25.06.2026-08.07.2026, 10.07.2026-23.07.2026, 03.08.2026-23.08.2026 | K6: 1797.71 | L6: 6,5 - 17 лет | M6: Количество смен в год: 5. Мощность: 200. Проживание: Одно- и двухэтажные спальных корпуса. Питание: пятиразовое. | N6: Имеется. Закрытый бассейн | O6: Дата ввода: 1955 год (спальные корпуса «Озерный», «Лесной», «Лунный», «Малахитовый», «Солнечный», «Радужный», «Веселый»; столовая; скважина № 1 «Ближняя»), 2000 год (стадион), 2007 год (котельная, склад «Овощной»), 2008 год (гаражные боксы 3), 2010 год (контрольно-пропускной пункт), 2014–2019 годы (игровые модули), 2016 год (гаражные боксы 4–5, хозяйственный блок, спортивные площадки — баскетбольная, волейбольная, прыжки в длину), 2017 год (прачечная), 2018 год (скважина № 2 «Лесная»), 2019 год (спальные корпуса «Юбилейный», «Уютный»; киноконцертный зал «Радуга»; комплекс уличных тренажёров под навесом). Дата капитального ремонта / реконструкции: 2008 год (спальный корпус «Озерный» — реконструкция), 2009 год (спальный корпус «Лесной» — реконструкция), 2011 год (спальный корпус «Радужный» — капитальный ремонт), 2012 год (спальный корпус «Солнечный» — капитальный ремонт), 2015 год (столовая — реконструкция; скважина № 1 «Ближняя» — капитальный ремонт). | P6: №66.01.37.000.М.001759.06.26 от 22.06.2026 | Q6: Предписаний нет. | R6: №Л0 41-01021-66/00571351 от 31.01.2017 | S6: Отсутствует | T6: Объект доступен для детей с ОВЗ и детей-инвалидов по следующим нозологиям: Объект доступен частично всем | U6: Ссылка: https://pavlik-morozov.nasmene.ru/?section_id=53
A7: 3 | B7: Государственное автономное учреждение здравоохранения Свердловской области «Областной специализированный центр медицинской реабилитации «Санаторий «Обуховский», ГАУЗ СО ОСЦМР «Санаторий «Обуховский» | C7: Государственное автономное учреждение | D7: Зайцева Виктория Эдуардовна | E7: 6633027900 | F7: 624852, Свердловская обл., Камышловский р-н , с. Обуховское; тел.: 8(34375)2-34-90; email: obuhovski@obuhovski.ru | G7: www.obuhovski.com | H7: Загородная организация отдыха детей и их оздоровления на базе санатория | I7: Круглогодичный | J7: В 2026 г. не осуществляет деятельность | K7: 0 | L7: 6,5 - 17 лет | M7: Количество смен в год: 0. Мощность: 0. Проживание: четырехэтажный корпус "Юбилейный" Питание: пятиразовое | N7: Имеется. | O7: Дата ввода: 1998 год. | P7: №66.01.37.000.М.003182.04.25 от 03.04.2025 | Q7: В 2025 г.: Управление Роспотребнадзора Свердловской области. Выездная проверка плановая. Выдано Предписание об устранении выявленных нарушений обязательных требований от 26.06.2025 № 66-14-12/11-2768-2025 | R7: №Л041-01021-66/00348029 от 19.12.2019 | S7: Отсутствует. Договор № б/н от 10.01.2024 | T7: Объект условно доступен для детей с ОВЗ и детей-инвалидов. Паспорт доступности №3 от 20.06.2024 | U7: Отсутствует
A8: 4 | B8: Государственное автономное учреждение здравоохранения Свердловской области «Областной специализированный центр медицинской реабилитации «Санаторий «Обуховский» (филиал санаторий «Курьи»), ГАУЗ СО ОСЦМР «Санаторий «Обуховский» (филиал санаторий «Курьи») | C8: Государственное автономное учреждение | D8: Шорохова Наталья Николаевна | E8: 6633027900 | F8: 624810, Свердловская обл., Сухоложский район, село Курьи, территория Санаторий, строение1; тел.: 8(34373)9-13-41, 8(34373)9-29-82, 8(904)381-24-17; email: kurii@obuhovski.com | G8: https://санаторий-курьи.рф/ | H8: Загородная организация отдыха детей и их оздоровления на базе санатория | I8: Круглогодичный | J8: 13.02.2026-22.02.2026, 18.03.2026-27.03.2026, 30.03.2026-05.04.2026, 08.04.2026-17.04.2026, 20.04.2026-29.04.2026, 02.05.2026-11.05.2026, 14.05.2026-23.05.2026, 01.06.2026-21.06.2026, 24.06.2026-14.07.2026, 17.07.2026-06.08.2026, 09.08.2026-29.08.2026, 05.09.2026-14.09.2026, 17.09.2026-26.09.2026, 29.09.2026-08.10.2026, 11.10.2026-20.10.2026, 26.10.2026-01.11.2026, 06.11.2026-15.11.2026, 18.11.2026-27.11.2026, 01.12.2026-10.12.2026, 15.12.2026-24.12.2026, 29.12.2026-04.01.2027 | K8: 2348.85 | L8: 6,5 - 17 лет | M8: Количество смен в год: 21. Мощность: 155. Проживание: в трехэтажных корпусах. Питание: пятиразовое | N8: Имеется. | O8: Дата ввода: 2 июня 2014 года (корпуса № 1 и № 2). Дата капитального ремонта: апрель 2019 года (корпуса № 1 и № 2). | P8: №66.01.37.000.М.001578.05.26 от 29.05.2026 | Q8: В 2025 г.: ГУ МЧС России по Свердловской области, Федеральный государственный пожарный надзор, Выездная плановая проверка. Выдано Предписание от 22.05.2025 об устранении нарушений обязательных требований Управление Роспотребнадзора Свердловской области. Выездная проверка плановая. Выдано Предписание об устранении выявленных нарушений обязательных требований от 26.06.2025 № 66-14-12/11-2768-2025 | R8: №Л041-01021-66/00348029 от 19.12 2019 | S8: Отсутствует. Договор № 02/25 от 01.02.2025 | T8: Объект условно доступен для детей с ОВЗ и детей-инвалидов | U8: Ссылка: https://cloud.mail.ru/public/RZJA/eXD7mdjdL
A9: 5 | B9: Государственное автономное учреждение здравоохранения Свердловской области «Областной специализированный центр медицинской реабилитации «Санаторий «Обуховский»(филиал санаторий «Маян»), ГАУЗ СО ОСЦМР «Санаторий «Обуховский» (филиал санаторий «Маян») | C9: Государственное автономное учреждение | D9: Харитонова Маргарита Валерьевна | E9: 6633027900 | F9: 623643, Свердловская обл., г. Талица, ул. Вокзальная, д. 53б; тел.: 8(952)743-72-32; email: public@bolnica-mayan.ru, gmc@bolnica-mayan.ru | G9: www.bolnica-mayan.ru | H9: Загородная организация отдыха детей и их оздоровления на базе санатория | I9: Круглогодичный | J9: 21.03.2026-27.03.2026, 30.03.2026-05.04.2026, 08.04.2026-17.04.2026, 20.04.2026-29.04.2026, 02.05.2026-11.05.2026, 14.05.2026-23.05.2026, 01.06.2026-21.06.2026, 24.06.2026-14.07.2026, 17.07.2026-06.08.2026, 09.08.2026-29.08.2026, 05.09.2026-14.09.2026, 17.09.2026-26.09.2026, 29.09.2026-08.10.2026, 11.10.2026-20.10.2026, 26.10.2026-01.11.2026, 04.11.2026-13.11.2026, 16.11.2026-25.11.2026 | K9: 2348.85 | L9: 6,5 - 17 лет | M9: Количество смен в год: 17. Мощность: 55. Проживание: размещение детей в номере не более 4-х человек, в соответствии с нормами СанПиН при наличии удобств, включая возможность соблюдения личной гигиены (туалет, душ, раковина) в комнате (блоке). Питание: пятиразовое | N9: Отсутствует. | O9: Дата ввода: 1989 год (детский корпус). | P9: №66.01.37.000.М.001304.05.26 от 26.05.2026 | Q9: В 2025 г.: ГУ МЧС России по Свердловской области, Федеральный государственный пожарный надзор, Выездная плановая проверка. Предписание об устранении выявленный нарушений требований пожарной безопасности от 23.05.25 №2505/029-66/72-В/ПВП Управление Роспотребнадзора Свердловской области. Выездная проверка плановая. Выдано Предписание об устранении выявленных нарушений обязательных требований от 26.06.2025 № 66-14-12/11-2768-2025 ГУ МВД Росии по Свердловской области Отдел Министерства внутренних дел Российской Федерации "Талицкий". Проверка в целях антитеррористической защищенности, охраны общественного порядка и обеспечения общественной безопасности. Предписание от 06.06.25 № 841 | R9: №Л041-01021-66/00348029 от 19.12.2019 | S9: Отсутствует | T9: Объект условно доступен для детей с ОВЗ и детей-инвалидов. Паспорт доступности № 1 от 01.11.2025 | U9: Ссылка: https://cloud.mail.ru/public/Nj3x/4BMLZbTAR
A10: 6 | B10: Государственное автономное учреждение здравоохранения Свердловской области «Областной специализированный центр медицинской реабилитации «Санаторий «Обуховский» (филиал санаторий «Нижние Серги»), ГАУЗ СО ОСЦМР «Санаторий «Обуховский» (филиал санаторий «Нижние Серги») | C10: Государственное автономное учреждение | D10: Трокова Тамара Игоревна | E10: 6633027900 | F10: 623090, Свердловская обл., г. Нижние Серги, ул. Отдыха, д. 20; тел.: 8(34326)8-91-98; email: info@kurortsergi.ru | G10: https://kurortsergi.ru/about/news/camp/ | H10: Загородная организация отдыха детей и их оздоровления на базе санатория | I10: Круглогодичный | J10: 30.03.2026-05.04.2026, 08.04.2026-17.04.2026, 20.04.2026-29.04.2026, 02.05.2026-11.05.2026, 14.05.2026-23.05.2026, 01.06.2026-21.06.2026, 24.06.2026-14.07.2026, 17.07.2026-06.08.2026, 09.08.2026-29.08.2026, 05.09.2026-14.09.2026, 17.09.2026-26.09.2026, 29.09.2026-08.10.2026, 11.10.2026-20.10.2026, 26.10.2026-01.11.2026, 04.11.2026-13.11.2026, 16.11.2026-25.11.2026 | K10: 2348.85 | L10: 6,5 - 17 лет | M10: Количество смен: 16. Мощность: 107. Проживание: трехэтажный корпус №2, пятиэтажный корпус №4. Питание: пятиразовое | N10: Отсутствует. | O10: Дата ввода: 1967 год (корпус № 2), 1975 год (спальный корпус № 4). Дата капитального ремонта: 2004 год (спальный корпус № 4), 2007 год (корпус № 2). | P10: №66.01.37.000.М.000423.03.26 от 26.03.2026 | R10: №Л041-01021-66/00348029 от 19.12.2019 | S10: Отсутствует. Договор № 01/24 от 07.10.2024 | T10: Объект условно доступен для детей с ОВЗ и детей-инвалидов. | U10: Ссылка: https://cloud.mail.ru/public/h9BK/K5CZHGjtb
A11: 7 | B11: Государственное автономное учреждение здравоохранения Свердловской области «Областной специализированный центр медицинской реабилитации «Санаторий «Обуховский» (филиал санаторий «Самоцвет»), ГАУЗ СО «ОСЦМР «Санаторий «Обуховский» (филиал санаторий «Самоцвет») | C11: Государственное автономное учреждение | D11: Ибнеева Ольга Васильевна | E11: 6633027900 | F11: 624640, Свердловская обл., Алапаевский р-н , п. Курорт-Самоцвет, ул. Курортная, д. 30; тел.: 8(34346)7-13-12; email: info@kurortsamocvet.ru | G11: https://kurortsamocvet.ru/about/ | H11: Загородная организация отдыха детей и их оздоровления на базе санатория | I11: Круглогодичный | J11: 21.03.2026-27.03.2026, 30.03.2026-05.04.2026, 08.04.2026-17.04.2026, 20.04.2026-29.04.2026, 02.05.2026-11.05.2026, 14.05.2026-23.05.2026, 01.06.2026-21.06.2026, 24.06.2026-14.07.2026, 17.07.2026-06.08.2026, 09.08.2026-29.08.2026, 05.09.2026-14.09.2026, 17.09.2026-26.09.2026, 29.09.2026-08.10.2026, 11.10.2026-20.10.2026, 26.10.2026-01.11.2026, 04.11.2026-13.11.2026, 16.11.2026-25.11.2026 | K11: 2348.85 | L11: 6,5 - 17 лет | M11: Количество смен в год: 17. Мощность: 220. Проживание: пятиэтажный корпус. Питание: пятиразовое. | N11: Отсутствует. | O11: Дата ввода: 1965 год. Дата капитального ремонта: 2005 год. | P11: №66.01.37.000.М.000338.03.26 от 16.03.2026 | Q11: В 2025 г.: Управление Роспотребнадзора Свердловской области. Выездная проверка плановая. Выдано Предписание об устранении выявленных нарушений обязательных требований от 26.06.2025 № 66-14-12/11-2768-2025 | R11: №Л041-01021-66/00348029 от 19.12.2019 | S11: Отсутствует. Договор № 53/25 от 01.10.2025 | T11: Объект условно доступен для детей с ОВЗ и детей-инвалидов. Паспорт доступности от 20.06.2024 | U11: Ссылка: https://cloud.mail.ru/public/CYmP/qLJ2pwTYs
A12: 8 | B12: Муниципальное бюджетное учреждение Оздоровительный Центр (санаторий-профилакторий) «Сосновый бор», МБУ ОЦ «Сосновый бор» | C12: Муниципальное бюджетное учреждение | D12: Логунова Наталья Владимировна | E12: 6668019466 | F12: 622001, Свердловская обл., г. Нижний Тагил, территория Сосновый бор, здание 1; тел.: 8(3435)96-37-35; email: bor-nt@mail.ru | G12: http://бор-нт.рф | H12: Загородная организация отдыха детей и их оздоровления на базе санатория | I12: Сезонный | J12: 08.06.2026-28.06.2026, 06.07.2026-26.07.2026, 03.08.2026-23.08.2026 | K12: 3330.8 | L12: 6,5 - 17 лет | M12: Количество смен в год: 3. Мощность: 90. Проживание: один корпус, по 2-3 человека в комнате, удобства на 4-5 человек. Питание: шестиразовое. Лечебные процедуры согласно назначению врача, в строгом соответствии с диагнозом заболеваний указанных в санаторно-курортной карте | N12: Отсутствует. | O12: Дата ввода: 1981 г. | P12: №66.01.37.000.М.001315.05.26 от 26.05.2026 | Q12: В 2025 г.: Управление Роспотребнадзора по Свердловской области. 26.05.-12.06. Предписание о проведении экспертизы от 14.05.2025 г. № 66-09-12/02-5265. Выдача экспертного заключения. Управление Роспотребнадзора по Свердловской области. 10.06.-25.06.25. Решение о проведении внеплановой выездной проверки от 05.06.2025 № 01-01-01-03-09/6403-2025. Выдано предписание об устранении выявленных нарушений обязательных требований от 25.06.25 № 66-09-12/16-6841-2025. Срок исполнения 16.07.25. По пищеблоку выявлено 8 нарушений и 3 других нарушения. Предписание выполнено. Управление Роспотребнадзора по Свердловской области.08.07.-21.07.25. Решение о проведении обязательного профилактического визита от 30.06.2025 № 66-09-12/18-7356-2025. Выдано предписание об устранении выявленных нарушений обязательных требований от 21.07.2025 № 66-09-12/16-7872-2025. Выявлено 1 нарушение. Срок исполнения до 01.08.2025. Нарушение устранено. Министерство Российской Федерации по делам гражданской обороны, чрезвычайным ситуациям и ликвидации последствий стихийных бедствий отдел надзорной деятельности и профилактической работы города Нижний Тагил и Горноуральского городского округа. 5.09-26.09. Решение о проведении выездной проверки от 03.09.2025 № 2509/022-66/181-ВО/Р. Составлен акт по результатам проверки от 25.09.25 № 2509/022-66/181-ВО/А. Нарушения не выявлены. | R12: №ЛО-66-01-005220 от 01.02.2018 | S12: Отсутствует | T12: Объект доступен условно для детей с ОВЗ и детей-инвалидов, в том числе по следующим нозологиям: с нарушениями зрения, с нарушениями слуха, с умственными нарушениями. Паспорт доступности от 05.12.2023 № 2879 | U12: Программа воспитательной работы утверждена директором МБУ ОЦ «Сосновый бор». Приказ № 39-у от 20.04.2026 Ссылка: http://бор-нт.рф/view/page/programma_raboty_detskogo_sanatorija
A13: 9 | B13: Муниципальное бюджетное учреждение «Детский оздоровительно-образовательный центр «Солнышко», МБУ «ДООЦ «Солнышко» (Санаторный оздоровительный лагерь на базе МБУ «ДООЦ «Солнышко») | C13: Муниципальное бюджетное учреждение | D13: Федоркова Ксения Викторовна | E13: 6630004943 | F13: 624200, Свердловская обл., г. Лесной, проезд Тенистый, д. 5; тел.: 8(902)877-84-71; email: spsolnce@mail.ru | G13: www.solnceleto.ru | H13: Загородная организация отдыха детей и их оздоровления на базе санатория | I13: Круглогодичный | J13: 04.01.2026-10.01.2026, 29.03.2026-04.04.2026, 23.05.2026-05.06.2026, 08.06.2026-28.06.2026, 01.07.2026-14.07.2026, 17.07.2026-30.07.2026, 02.08.2026-15.08.2026, 18.08.2026-31.08.2026, 13.01.2026-02.02.2026, 05.02.2026-25.02.2026, 28.02.2026-20.03.2026, 07.04.2026-27.04.2026, 01.10.2026-21.10.2026, 09.11.2026-29.11.2026, 04.12.2026-24.12.2026, 13.01.2026-22.01.2026, 05.02.2026-14.02.2026, 28.02.2026-09.03.2026, 07.04.2026-16.04.2026, 01.10.2026-10.10.2026, 09.11.2026-18.11.2026, 04.12.2026-13.12.2026 | K13: 2046,03 руб. (в каникулярнное время); 1797,71 руб. (в учебное время). | L13: 6,6 - 17 лет | M13: Количество смен в год: 9. Мощность: 460. Проживание: в благоустроенных трехэтажных корпусах по 3 (с удобствами в номере) или 4 человека в комнате (с удобствами на этаже) . Питание: пятиразовое. Имеется комната для стирки и сушки белья, гладильная комната на этаже. Крытый плавательный бассейн с сауной, тренажерным залом. | N13: Имеется. Крытый плавательный бассейн | O13: Дата ввода: 1984 год (клуб-столовая), 1985 год (жилой корпус № 1, жилые корпуса № 2 и 3, приёмно-медицинский корпус), 1989 год (плавательный бассейн). Дата капитального ремонта: 2015 год (жилые корпуса № 2 и 3, плавательный бассейн), 2016 год (жилой корпус № 1, клуб-столовая), 2018–2019, 2020 годы (приёмно-медицинский корпус). | P13: №66.91.04.000.М.000022.05.26, №66.91.04.000.М.000021.05.26, №66.91.04.000.М.000020.05.26, №66.91.04.000.М.000019.05.26 от 13.05.2026 | Q13: В 2025 г.: Отдел ФГПИ ФГКУ СУ ФПС №6 МЧС России по соблюдению обязательных требований противопожарного режима: с 12.05 по 21.05.2025 Распоряжение о проведении плановой выездной проверки №2505/002-66/72-В//РВП от 29.04.2025, с 23.05 по 29.05.2025 Распоряжение о проведении плановой выездной проверки№2505/002-66/92-В//РВП от 16.05.2025, с 28.05.2025 по 29.05.2025 №2505/002-66/90-В//РВП от 16.05.2025, с 23.05.2025 по 30.05.2025 №2505/002-66/91-В//РВП от 16.05.2025, с 23.05.2025 по 30.05.2025 №2505/002-66/89-В//РВП от 16.05.2025, с 23.05.2025 по 30.05.2025 №2505/002-66/88-В//РВП от 16.05.2025, с 23.05.2025 по 30.05.2025 №2505/002-66/93-В//РВП от 16.05.2025 . Нарушений не выявлено. Межрегиональное управление №91 ФМБА России: «Уведомление о проведении профилактического визита» от 30.06.2025 №66250041000018473416, Акт обязательного профилактического визита от 30.07.2025 №01-38/20. Нарушений не выявлено. | R13: №ЛО-66-01-005875 от 22.03.2019 | S13: № 19981 от 29.03.2019 | T13: Объект условно доступен для детей с ОВЗ и детей инвалидов по следующим нозологиям: с нарушением зрения: с нарушением слуха, с нарушением опорно-двигательного аппарата, с задержкой психического развития. | U13: Программа воспитательной работы», утверждена приказом №102-ОД от 30.04.2025. Ссылка на программу: https://solnceleto.ru/dokumenty/programma-vospitatelnoj-raboty-2025
A14: 10 | B14: Муниципальное автономное учреждение Социально-оздоровительный центр «Солнечный», МАУ СОЦ «Солнечный» (Санаторный оздоровительный лагерь «Солнечный») | C14: Муниципальное автономное учреждение | D14: Тарасов Евгений Анатольевич | E14: 6620010560 | F14: 624343, Свердловская обл., г. Красноуральск, п. Дачный, ул. Пионерская, д. 18; тел.: 8(34343)2-99-34; email: spsunny@mail.ru | G14: https://sunny-krur.ru | H14: Загородная организация отдыха детей и их оздоровления на базе санатория | I14: Круглогодичный | J14: В 2026 г. не осуществляет деятельность | K14: 1582.86 | L14: 7 - 17 лет | M14: Количество смен в год: 0. Мощность: 115. Проживание: один кирпичный двухэтажный корпус и три одноэтажных деревянных домика, размещение по 4 - 5 человек в комнате. Питание: пятиразовое. | N14: Отсутствует. | O14: Дата ввода: 1957 год (здание изолятора), 1971 год (здание бани-прачечной), 1982 год (здания административных корпусов № 1, 2, 3 — спальные), 2001 год (здание спального корпуса), 2002 год (здание клуба-столовой), 2009 год (здание медицинского корпуса). Дата капитального ремонта: 2013 год (здание изолятора), 2014 год (здания административных корпусов № 1, 2, 3), 2016 год (здание медицинского корпуса), 2019 год (здание бани-прачечной, здание клуба-столовой, здание спального корпуса). | P14: №66.01.37.000.М.001670.06.26 от 09.06.2026 | Q14: В 2025 г.: Проверка Роспотребнадзора 24.06.2025г.. Замечания устранены. 08.07.2025г. проф.визит МЧС. Замечаний нет. | R14: №ЛО-66-01-003638 от 15.10.2015 | S14: № 20163 от 21.11.2019 | T14: Объект условно доступен для детей с ОВЗ и детей-инвалидов по следующим нозологиям: с нарушениями опорно-двигательного аппарата, с нарушениями зрения, с нарушениями слуха, с умственными нарушениями. Паспорт доступности от 25.01.2024 | U14: Программа воспитания утверждена МАУ СОЦ "Солнечный" Приказ №178/1 от 25.09.2025 Ссылка: http://sunny-krur.ru/
A15: 11 | B15: «Юбилейный» - филиал Акционерного общества «Санаторий-профилакторий «Лукоморье», «Юбилейный» - филиал АО «Санаторий-профилакторий «Лукоморье» (Детский оздоровительный лагерь «Солнышко») | C15: Акционерное общество | D15: Бабкина Ольга Валерьевна | E15: 5635008080 | F15: 624162, Свердловская обл., г. Верхний Тагил, ул. Ленина, д. 83; тел.: 8(34357)2-34-52; email: babkina-ov@mail.ru | G15: https://ubileiny96.ru/ | H15: Загородная организация отдыха детей и их оздоровления на базе санатория | I15: Круглогодичный | J15: 03.01.2026-10.01.2026, 16.02.2026-22.02.2026, 20.03.2026-26.03.2026, 29.03.2026-04.04.2026, 01.06.2026-21.06.2026, 24.06.2026-14.07.2026, 17.07.2026-06.08.2026, 09.08.2026-29.08.2026 | K15: 2850 | L15: 6,5 - 16 лет | M15: Количество смен в год: 8. Мощность: 115. Проживание: дети размещены в жилых стационарных капитальных корпусах лагеря, соответствующих государственным санитарно-эпидемиологическим правилам и нормативам, требованиям пожарной безопасности и профилактики травматизма. Размещение по 2 - 4 ребенка в спальной комнате. Питание: осуществляется не менее 5 раз (завтрак, обед, полдник, ужин, второй ужин). Дети обеспечены сбалансированным питанием с соблюдением всех необходимых санитарно-эпидемиологических требований к оборудованию столовой, инвентарю, посуде, к условиям хранения, приготовления и реализации пищевых продуктов и кулинарных изделий и достаточным количеством питьевой воды. В наличии утвержденное руководителем Лагеря примерное меню, обязательно ежедневное составление меню - раскладки с указанием выхода блюд для детей разных возрастных групп (7-10 лет, 11-ти и старше лет) | N15: Имеется. Крытый бассейн | O15: Дата ввода: 1981 год (здания А, А1, А2), 1996 год (пристрой Литер А3). Дата капитального ремонта: 2016 год (пристрой Литер А3). | P15: №66.01.37.000.М.001533.05.26 от 28.05.2026 | Q15: В 2025 г.: Территориальный отдел Управление Федеральной службы по надзору в сфере защиты прав потребителей и благополучия человека по Свердловской области, Решение от 05.06.2025 № 01-01-01-03-09/6400-2025, Внеплановая / выездная, Федеральный государственный санитарно-эпидемиологический контроль (надзор), дата проведения с 09.06.2025 по 26.04.2025, Акт проверки от 24.06.2025 г № 101/2025-15, до 07.07.2025, Исполнено 07.07.2025 Министерство РФ по делам гражданской обороны, чрезвычайным ситуациям и ликвидации последствий стихийных бедствий, Решение от 25.06.2025 № 2506/016-66/8-ВО/Р, Обязательный профилактический визит, Осуществление федерального государственного пожарного надзора, дата проведения с 02.07.2025 по 15.07.2025, Акт обязательного профилактического визита от 10.07.2025 № 2506/016-66/8-ВО/А, , до 04.08.2025, Исполнено 16.07.2025 | R15: №ЛО-66-01-006532 от 11.06.2020 | S15: №3429 от 27.04.2020 | T15: Объект частично доступен для детей с ОВЗ и детей-инвалидов. Паспорт доступности №1 от 24.03.2024 | U15: Программа воспитания организации отдыха детей и их оздоровления "Юбилейный" - филиал АО "Санаторий-профилакторий Лукоморье" ДОЛ "Солнышко" на 2025 - 2027 годы Ссылка: https://disk.yandex.ru/d/RrLFMtof6QNHcg
A16: 12 | B16: Непубличное акционерное общество «Орденов трудового красного знамени и дружбы народов первоуральский динасовый завод имени Ефима Моисеевича Гришпуна», АО «ДИНУР» (Санаторий -профилакторий «Лесная сказка») | C16: Непубличное акционерное общество | D16: Манин Иван Андреевич | E16: 6625004698 | F16: 623103, Свердловская обл., г. Первоуральск, ул. Сантехизделий, д. 36; тел.: 8(3439)27-87-07; email: AKazyritskaya@dinur.ru | G16: http://skazka-dinur.ru/ | H16: Загородная организация отдыха детей и их оздоровления на базе санатория | I16: Круглогодичный | J16: 01.06.2026-21.06.2026 | K16: 3571.42 | L16: 6,5 - 17 лет | M16: Количество смен в год: 1. Мощность: 60. Проживание: четырехэтажное благоустроенное здание, размещение по 2 человека, в номере санузел, душевая кабина. Питание: четырехразовое | N16: Имеется. | O16: Дата ввода: 1967 год. Дата капитального ремонта: 2019 год. | P16: №66.01.37.000.М.004308.06.25 от 05.06.2025 | Q16: В 2025 г.: МЧС г.Екатеринбурга, Госпожнадзор по г. Первоуральск | R16: №ЛО-66-01-005088 от 30.11.2017 | S16: Отсутствует | T16: Объект недоступен для детей с ОВЗ и детей-инвалидов | U16: Имеется
A17: 13 | B17: Открытое акционерное общество «Российские железные дороги», ОАО «РЖД» (Санаторий-профилакторий «Талица») | C17: Открытое акционерное общество | D17: Орехова Елена Анатольевна | E17: 7708503727 | F17: 623643, Свердловская обл., г. Талица, ул. Заозерная, 76; тел.: 8(34371)2-56-72, 8(34371)2-15-11; email: talitsa.sanatory@yandex.ru | G17: www.Sptalitsa.ru | H17: Загородная организация отдыха детей и их оздоровления на базе санатория | I17: Сезонный | J17: 02.06.2026-19.06.2026, 23.06.2026-10.07.2026, 14.07.2026-31.07.2026, 04.08.2026-21.08.2026 | K17: 3158.278 | L17: 7 - 15 лет | M17: Количество смен в год: 4. Мощность: 283. Проживание: 1-комнатные 2-х местные номера, с собственным санузлом. Питание: шестиразовое. | N17: Отсутствует. | O17: Дата ввода: декабрь 1977 года (корпус № 1, левое крыло; корпус № 2, правое крыло), декабрь 1989 года (корпус № 1, правое крыло; корпус № 2, левое крыло). Дата капитального ремонта: апрель 2009 года (корпус № 2, правое крыло - 2-й этаж), апрель 2014 года (корпус № 1, правое крыло - 3-й этаж), май 2015 года (корпус № 2, левое крыло - 3-й этаж), апрель 2017 года (корпус № 2, правое крыло - 3-й этаж), апрель 2018 года (корпус № 1, правое крыло - 2-й этаж), май 2019 года (корпус № 1, левое крыло - 2-й и 3-й этажи). | P17: №66.ТС.14.000.М.000008.05.26 от 25.05.2026 | Q17: В 2025 г.: Акт №2505/029-66/73-В/АВП от 26.05.2025 Предписание №2505/029-66/73-В/ПВП от 26.05.2025 (МЧС внеплановая, соблюдение требований пожарной безопасности); Экспертное заключение №66-20-014-17/17-1497-2025 от 21.05.2025 (Роспотребнадзор. соблюдение правил санитарно-эпидемиологического законодательства); Акт проверки от15.07.2024г. №442/09 Предписание 15.07.2024г. №13 (Роспотребнадзор, соблюдение правил санитарно-эпидемиологического законодательства); Представление №Пдрп-20009813-27-24/371-20009813 от 28.06.2024 (Прокуратура, соблюдение законодательства в сфере пожарной безопасности, санитарно-эпидемиологического благополучия и антитеррористической защищенности). | R17: №ЛО41-01151-22/00368518 от 17.03.2017 | S17: Отсутствует | T17: Объект недоступен для детей с ОВЗ и детей-инвалидов | U17: Ссылка: https://disk.yandex.ru/d/cgNmYILWmg2eEg
A18: 14 | B18: Акционерное общество «Научно- производственная корпорация» «Уралвагонзавод» имени Ф.Э. Дзержинского, АО «Научно- производственная корпорация» «Уралвагонзавод» (Санаторий-профилакторий «Пихтовые горы») | C18: Акционерное общество | D18: Овсянникова Ольга Александровна | E18: 6623029538 | F18: 622052, Свердловская обл., г. Нижний Тагил, ул. Максарева, д. 1; тел.: 8(3435)31-53-29, 8(3435)31-40-65; email: 96otd@npk.uvz.ru | G18: http://www.med.uvz.ru | H18: Загородная организация отдыха детей и их оздоровления на базе санатория | I18: Сезонный | J18: 03.06.2026 -16.06.2026, 19.06.2026-02.07.2026, 06.07.2026-19.07.2026, 22.07.2026-04.08.2026, 07.08.2026-20.08.2026 | K18: 1930 | L18: 7-12 лет | M18: Количество смен в год: 5. Мощность: 180. Проживание: размещение по 2-4 ребенка в 2-х жилых благоустроенных корпусах., соединенных теплым переходом. Санузел и душевая имеются в каждом номере. Питание: шестиразовое. | N18: Отсутствует. | O18: Дата ввода: 1977 год (корпус 1), 1996 год (корпус 2). Дата капитального ремонта: 2004 год (корпус 1), 2005 год (корпус 2). | P18: №66.01.37.000.М.001196.05.26 от 22.05.2026 | Q18: В 2025 г.: Плановая проверка территориального отдела Управления Роспотребнадзора по Свердловской области: предписание от 26.08.2025 № 66-09-12/11-9490-2025 - нарушения устранены частично. Срок устранения 01.06.2026; Плановая проверка территориального отдела Управления Роспотребнадзора по Свердловской области: предписание от 26.08.2025 № 66-09-12/11-9491-2025 - нарушения устранены; Плановая проверка территориального отдела Управления Роспотребнадзора по Свердловской области: предписание от 26.08.2025 № 66-09-12/11-9492-2025 - нарушения устранены. | R18: №ЛО41-01021-66/00361860 от 06.03.2020 | S18: Отсутствует | T18: Объект доступен для детей с ОВЗ и детей инвалидов по следующим нозологиям: дети не нуждающиеся в сопровождении | U18: Программа утверждена Приказом от 17.02.2026 № 97 Ссылка: http://www.med.uvz.ru/dlol_dokumenty
A19: 15 | B19: Общество с ограниченной ответственностью «ЮНИВЕР», ООО «ЮНИВЕР» (Санаторий-профилакторий «Ключики») | C19: Общество с ограниченной ответственностью | D19: Красновская Елена Михайловна | E19: 6648681569 | F19: 622000, Свердловская обл., г. Нижний Тагил, территория Ключики, зд. 1, стр. 1, оф. 1; тел.: 8(3435)37-75-69, 8(3435)37-70-69, 8(912)662-896; email: kluchiki@list.ru, lybov8850@mail.ru | G19: kluchiki-nt.ru | H19: Загородная организация отдыха детей и их оздоровления на базе санатория | I19: Круглогодичный | J19: В 2026 г. не осуществляет деятельность | K19: 1350 | L19: 6,5 - 17 лет | M19: Количество смен в год: 0. Мощность: 0. Проживание: дети размещаются в четырехэтажном благоустроенном здании спального корпуса, в одно, двух, четырех местных номерах повышенной комфортности со всеми удобствами. Все номера оснащены санузлами с ваннами, прикроватными ковриками. На каждом этаже располагаются просторные уютные холлы, в которых проводится отрядная работа. Площадки для волейбола, баскетбола, теннисный корт, футбольное поле, игровые комнаты. Актовый зал на 100 мест. Питание пятиразовое | N19: Отсутствует. | O19: Дата ввода: 1995 год. Дата капитального ремонта: 2015 год. | P19: №66.01.37.000.М.001676.06.24 от 19.06.2024 | Q19: В 2022 г.: Проверки не проводились. | R19: №ЛО-66-01-002454 от 04.03.2014 | S19: № ЛО-66-01-006532 от 11.06.2020 | T19: Объект недоступен для детей с ОВЗ и детей-инвалидов | U19: Отсутствует
A20: 16 | B20: Санаторий-профилакторий «Родничок» - филиал общества с ограниченной отвественностью «Уральская здравница «Нижние Серги», Санаторий-профилакторий «Родничок» - филиал ООО УЗ «НСЕРГИ» (Санаторий-профилакторий «Родничок») | C20: Филиал юридического лица | D20: Хмелева Ольга Григорьевна | E20: 6646009104 | F20: 623280, Свердловская обл., г. Ревда, ул. Чехова, д. 55; тел.: 8(34397)2-60-19, 8(34397)2-60-71, 8(34397)2-60-85; email: rodnik-sp@mail.ru | G20: https://revdarodnik.ru/ | H20: Загородная организация отдыха детей и их оздоровления на базе санатория | I20: Круглогодичный | J20: 01.06.2026-21.06.2026, 24.06.2026-14.07.2026, 17.07.2026-06.08.2026, 09.08.2026-29.08 2026 | K20: 1950 | L20: 6,5 - 17 лет | M20: Количество смен в год: 4. Мощность: 100. Проживание: размещение детей в номерах блочного типа (2х2). Санузел и душ в номере. Питание: шестиразовое, диетическое. | N20: Отсутствует. | O20: Дата ввода: 1983 г. Дата капитального ремонта: ремонт кровли, замена оконных конструкций в 2019 г., замена труб ХВС, замена канализации, установка вентиляции пищеблока, установка дверных блоков номеров, реконструкция полового покрытия пищеблока. | P20: №66.01.37.000.М.000563.04.26 от 16.04.2026 | Q20: В 2025 г.: проверка Управлением Федеральной службы по надзору в сфере защиты прав потребителей и благополучия человека по Свердловской области: нарушения устранены. ГУ МЧС России по Свердловской области: без замечаний. | R20: №ЛО-66-01-005882 от 27.03.2019 | S20: Отсутствует | T20: Обеспечено | U20: В разработке
A21: 17 | B21: Общество с ограниченной ответственностью Санаторий-профилакторий «Чистые ключи», ООО СП «Чистые ключи» (Санаторий-профилакторий «Чистые ключи») | C21: Общество с ограниченной ответственностью | D21: Ашихмин Дмитрий Геннадьевич | E21: 6632028876 | F21: 624992, Свердловская обл., г. Серов, Загородный проезд, 6; тел.: 8(34385)3-83-15; email: chictyie.kluchi@mail.ru | G21: www. kluchi66.ru | H21: Загородная организация отдыха детей и их оздоровления на базе санатория | I21: Круглогодичный | J21: 07.07.2026-27.07.2026, 31.07.2026-19.08.2026 | K21: 2100 | L21: 7 - 14 лет | M21: Количество смен в год: 2. Мощность: 88. Проживание: в жилых стационарных капитальных корпусах санатория - профилактория, соответствующих государственным санитарно-эпидемиологическим правилам и нормативам, требованиям пожарной безопасности и профилактики травматизма; размещение по 2 - 3 ребенка в спальной комнате. Питание: пятиразовое (завтрак, обед, полдник, ужин, второй ужин); дети обеспечены сбалансированным питанием с соблюдением всех необходимых санитарно-эпидемиологических требований к оборудованию столовой, инвентарю, посуде, к условиям хранения, приготовления и реализации пищевых продуктов и кулинарных изделий, соответствующих действующим государственным стандартам, и достаточным количеством питьевой воды. В наличии утвержденное директором СП примерное меню, обязательно ежедневное составление меню - раскладки с указанием выхода блюд для детей разных возрастных групп (7-10 лет, 11-ти и старше лет) | N21: Отсутствует. | O21: Дата ввода: 1991 год (здания А, А1, А2). Дата капитального ремонта: 2023 год (здания А, А1, А2). | P21: №66.01.37.000.М.001694.06.26 от 09.06.2026 | Q21: В 2025 г.: Предписание об устранении нарушений о проведении мероприятий по предотвращению причинения вреда (ущерба) охраняемым законом ценностям № 66-13-08/248 от 12.08.2025 Срок устранения 22.06.2026. Предписание об устранении нарушений о проведении мероприятий по предотвращению причинения вреда (ущерба) охраняемым законом ценностям № 66-13-08/219 от 14.07.2025. Срок устранения 22.06.2026. | R21: №ЛО41-01021-6/00318746 от 30.01.2018 | S21: Отсутствует | T21: Объект недоступен для детей с ОВЗ и детей-инвалидов | U21: Ссылка: https://cloud.mail.ru/public/XA1Y/8NB7zzyus
A22: 18 | B22: Общество с ограниченной ответственностью «Инглиш Драйв», ООО «Инглиш Драйв» (специализированный лагерь на базе санатория) | C22: Общество с ограниченной ответственностью | D22: Столбовский Евгений Анатольевич | E22: 6686071035 | F22: Зимние смены: 624162, Свердловская обл., г. Верхний Тагил, ул. Ленина, д. 83. Санаторий-профилакторий "Юбилейный" - филиал АО "Санаторий-профилакторий "Лукоморье" (зимние смены). Весенние, летние, осеннии смены: Свердловская обл., г. Нижний Тагил, ж/д Старатель. Санаторий профилакторий "Ключики"; тел.: 8(3433)82-10-98, 8(922)209-01-47; email: info@englishdrive.ru | G22: englishdrive.ru | H22: Загородная организация отдыха детей и их оздоровления на базе санатория | I22: Круглогодичный | J22: 03.01.2026-10.01.2026, 29.03.2026-04.04.2026, 24.10.2026-01.11.2026 | K22: 6 875,00 | L22: 6,5 - 17 лет | M22: Количество смен в год: 3. Мощность: 80. Проживание: комнаты по 2 чел с удобствами в номере. В номерах холодильник, кондиционер. Санаторное лечение в полном объеме Питание: шестиразовое. | N22: Имеется. Крытый бассейн с артезианскойй водой | O22: Дата ввода: 1981 год, 1996 год. Дата капитального ремонта: 2016 год. | P22: №66.01.37.000.М.004321.06.25 от 06.06.2025 | Q22: В 2025 г.: Министерство общественной безопасности СО - 03.06.2019 г. - 01.07.2019 г., плановая выездная. Акт проверки № 22 от 01.07.2019 г., отсутствие нарушений. ГУ МЧС России по СО - 12.08.2019 г. - 06.09.2019 г. Акт проверки № 137 от 06.09.2019 г., отсутствие нарушений. Управление Роспотребнадзора по СО - 25.06.2019 г. -22.07.2019 г., плановая выездная. Акт проверки от 22.07.2019 г. Предписание от 18.06.2018 г. № 01-09-12/4993, от 31.08.2018 г. № 66-09-12/02-7145-2018, выполнены | R22: №ЛО-66-01-006532 от 11.06.2020 | S22: Отсутствует | T22: Объект доступен для детей с ОВЗ и детей-инвалидов по следующим нозологиям: для лиц с ограниченными возможностями, входная группа оборудована пандусом, есть возможности для хранения лекарственных препаратов и продуктов лечебного питания, доступен 1 этаж здания. Паспорт доступности объекта №1 от 24.03.2024 | U22: Ссылка: https://disk.yandex.ru/d/RrLFMtof6QNHcg
A23: 19 | B23: Общество с ограниченной ответственностью Санаторий «Соколиный камень», ООО «Санаторий «Соколиный камень» ( Санаторий «Соколиный камень») | C23: Общество с ограниченной ответственностью | D23: Агафонов Анатолий Алексеевич | E23: 6625026349 | F23: 623104, Свердловская обл., г. Первоуральск, ул. Папанинцев, д. 36; тел.: 8(3439)64-84-50, 8(3439)64-98-76; email: gosti@sokolkamen.ru | G23: www.sokolkamen.ru | H23: Загородная организация отдыха детей и их оздоровления на базе санатория | I23: Круглогодичный | J23: 05.02.2026-14.02.2026, 15.02.2026-24.02.2026, 25.02.2026-06.03.2026, 07.03.2026-16.03.2026, 21.03.2026-27.03.2026, 28.03.2026-06.04.2026, 08.04.2026-17.04.2026, 18.04.2026-27.04.2026, 28.04.2026-07.05.2026, 08.05.2026-17.05.2026, 18.05.2026-27.05.2026, 01.06.2026-21.06.2026, 23.06.2026-13.07.2026, 15.07.2026-04.08.2026, 06.08.2026-26.08.2026, 14.09.2026-23.09.2026, 24.09.2026-03.10.2026, 05.10.2026-14.10.2026, 15.10.2026-24.10.2026, 26.10.2026-08.11.2026 | K23: 2950 | L23: 6,5-17 | M23: Количество смен в год: 20. Мощность: 100. Проживание: санаторно-оздоровительное лечение, проживание в благоустроенных номерах со всеми удобствами (душевая, санузел, раковина) в номере. Культурно-досуговые развлекательные и развивающие программы Питание: пятиразовое диетическое. | N23: Имеется. Плавательный бассейн | O23: Дата ввода: 1987 год. Дата капитального ремонта: 2021 год. | P23: №66.01.37.000.М.001016.05.26 от 15.05.2026 | Q23: В 2025 г.: 26 мая 2025г проведена внеплановая выездная проверка Министерства РФ по делам гражданской обороны, ЧС и ликвидации последствий стихийных бедствий Отдел надзорной деятельности и профилактической работы ГО Первоуральск, Шалинского ГО, ГО Староуткинск Управления надзорной деятельности и профилактической работы ГУ МЧС России по Свердловской области №2505/023-66/83-В/АВП в соответствии с решением о проведении выездной проверки от 12 мая 2025г. №2505/023-66/83-В/РВП Министерства . По результатам выездной проверки нарушения не выявлены. Проведена выездная плановая проверка в соответствии с решением начальника Территориального отдела Управления Роспотребнадзора по Свердловской области в городе Шалинском, Нижнесергинском районах и городе Ревда от 19.05.25 г. №66-11-01/03-3515-2025. В ходе проверки выписано предписание об устранении выявленных нарушений № 66-11-01/04-4150-2025. Все нарушения устранены. Проведена выездная плановая проверка в соответствии с решением начальника Территориального отдела Управления Роспотребнадзора по Свердловской области в городе Первоуральск, Шалинском, Нижнесергинском районах и городе Ревда от 05.08.25 г. №66-11-01/03-5879-2025. В ходе проверки выписано предписание об устранении выявленных нарушений № 66-11-01/04-5880-2025. Все нарушения устранены. | R23: №ЛО-66-01-004861 от 04.08.2017 | S23: Отсутствует. Договор №74 от 26.03. 2018г. с МАОУ "СОШ № 7 с углубленным изучением отдельных предметов« | T23: Наличие пандусов, полос с сигнальной окраской на лестничных ступенях, условий для хранения лекарственных препаратов для медицинского применения и специализированных продуктов лечебного питания, передаваемых родителями или иными законными представителями ребенка, нуждающегося в соблюдении предписанного лечащим врачом режима лечения | U23: Ссылка: https://sokolkamen.ru/kids/2025
